Workbook

Sheet Gini - INE
B1: Fonte: INE
B2: Coeficiente de GINI y quintiles del ingreso percápita de los hogares, 1997-2015
B4: Coeficiente Gini y Quintiles | C4: 1997 | D4: 1998 | E4: 1999 | F4: 2000 | G4: 2001 | H4: 2002 | I4: 2003 | J4: 2004 | K4: 2005 | L4: 2006 | M4: 2007 | N4: 2008 | O4: 2009 | P4: 2010 | Q4: 2011 | R4: 2012 | S4: 2013 | T4: 2014 | U4: 2015
B6: Coeficiente de Gini | C6: 0.4873821 | D6: 0.4864825 | E6: 0.4692812 | F6: 0.4771588 | G6: 0.4572604 | H6: 0.4938404 | I6: 0.4811 | J6: 0.45589 | K6: 0.47483 | L6: 0.44223 | M6: 0.42365 | N6: 0.40986 | O6: 0.41827 | P6: 0.38978 | Q6: 0.39024 | R6: 0.40397 | S6: 0.4085 | T6: 0.38049 | U6: 0.38057
B8: Quintiles del Ingreso Percápita de los hogares
B9: 20% Más Pobre | C9: 4.1 | D9: 4.06 | E9: 4.36 | F9: 3.95 | G9: 4.45 | H9: 4.4 | I9: 4.01 | J9: 3.5316707 | K9: 4.63 | L9: 4.73 | M9: 5.09 | N9: 5.41 | O9: 5.81 | P9: 5.7 | Q9: 5.65 | R9: 5.358 | S9: 4.8 | T9: 5.893 | U9: 5.73
B10: Quintil 2 | C10: 8.2 | D10: 8.49 | E10: 9.1 | F10: 8.62 | G10: 9.93 | H10: 7.94 | I10: 8.83 | J10: 7.5994184 | K10: 8.35 | L10: 9.35 | M10: 10.4 | N10: 10.54 | O10: 9.86 | P10: 11.59 | Q10: 10.6 | R10: 10.343 | S10: 10.5 | T10: 11.043 | U10: 11.07
B11: Quintil Intermedio | C11: 13.24 | D11: 13.02 | E11: 13.22 | F11: 13.53 | G11: 13.07 | H11: 12.64 | I11: 12.96 | J11: 12.94132 | K11: 15.87 | L11: 14.45 | M11: 14.24 | N11: 15.06 | O11: 14.83 | P11: 14.92 | Q11: 15.93 | R11: 15.687 | S11: 15.7 | T11: 15.998 | U11: 16.08
B12: Quintil 4 | C12: 20.88 | D12: 21.07 | E12: 21.41 | F12: 21.63 | G12: 23 | H12: 20.88 | I12: 21.37 | J12: 21.154508 | K12: 18.78 | L12: 22.09 | M12: 22.56 | N12: 22.26 | O12: 21.97 | P12: 22.97 | Q12: 23.03 | R12: 23.838 | S12: 23.1 | T12: 23.001 | U12: 23.08
B13: 20% Más Rico | C13: 53.58 | D13: 53.36 | E13: 51.9 | F13: 52.28 | G13: 49.55 | H13: 54.13 | I13: 52.83 | J13: 54.773083 | K13: 52.36 | L13: 49.37 | M13: 47.71 | N13: 46.73 | O13: 47.53 | P13: 44.81 | Q13: 44.8 | R13: 44.774 | S13: 45.9 | T13: 44.066 | U13: 44.04
B15: Nota: 1eros semestres de cada año. No se incluyen hogares con ingresos iguales a cero Fuente: - Encuesta de Hogares por Muestreo - Instituto Nacional de Estadística, INE
C17: 1997 | D17: =1+C17 -> 1998 | E17: =1+D17 -> 1999 | F17: =1+E17 -> 2000 | G17: =1+F17 -> 2001 | H17: =1+G17 -> 2002 | I17: =1+H17 -> 2003 | J17: =1+I17 -> 2004 | K17: =1+J17 -> 2005 | ... U17: =1+T17 -> 2015
B18: Renda apropriada pelos lares 20% mais ricos | C18: =C13/100 -> 0.5358 | D18: =D13/100 -> 0.5336 | E18: =E13/100 -> 0.519 | F18: =F13/100 -> 0.5228 | G18: =G13/100 -> 0.4955 | H18: =H13/100 -> 0.5413 | I18: =I13/100 -> 0.5283 | J18: =J13/100 -> 0.54773083 | ... U18: =U13/100 -> 0.4404
B19: Gini | C19: =C6 -> 0.4873821 | D19: =D6 -> 0.4864825 | E19: =E6 -> 0.4692812 | F19: =F6 -> 0.4771588 | G19: =G6 -> 0.4572604 | H19: =H6 -> 0.4938404 | I19: =I6 -> 0.4811 | J19: =J6 -> 0.45589 | ... U19: =U6 -> 0.38057

Sheet Pobreza - INE
B1: Fonte: INE
B2: Hogares pobres por ingreso, 1er semestre 1997-1er semestre 2015
B4: Situación de Pobreza | C4: 1997 | E4: 1998 | G4: 1999 | I4: 2000 | K4: 2001 | M4: 2002 | O4: 2003 | Q4: 2004 | S4: 2005 | U4: 2006 | W4: 2007 | Y4: 2008 | AA4: 2009 | AC4: 2010 | AE4: 2011 | AG4: 2012 | AI4: 2013 | AK4: 2014 | AM4: 2015
C5: 1er Semestre | D5: 2do Semestre | E5: 1er Semestre | F5: 2do Semestre | G5: 1er Semestre | H5: 2do Semestre | I5: 1er Semestre | J5: 2do Semestre | K5: 1er Semestre | L5: 2do Semestre | M5: 1er Semestre | N5: 2do Semestre | O5: 1er Semestre | P5: 2do Semestre | Q5: 1er Semestre | R5: 2do Semestre | S5: 1er Semestre | T5: 2do Semestre | U5: 1er Semestre | V5: 2do Semestre | W5: 1er Semestre | X5: 2do Semestre | Y5: 1er Semestre | Z5: 2do Semestre | AA5: 1er Semestre | AB5: 2do Semestre | AC5: 1er Semestre | AD5: 2do Semestre | AE5: 1er Semestre | AF5: 2do Semestre | AG5: 1er Semestre | AH5: 2do Semestre | AI5: 1er Semestre | AJ5: 2do Semestre | AK5: 1er Semestre | AL5: 2do Semestre | AM5: 1er Semestre
B7: Total | C7: 4581418 | D7: 4790520 | E7: 4871926 | F7: 4900784 | G7: 4981692 | H7: 4953821 | I7: 5000526 | J7: 5116560 | K7: 5221970 | L7: 5412497 | M7: 5769181 | N7: 5808057 | O7: 5858918 | P7: 5901012 | Q7: 6004141 | R7: 6075452 | S7: 6135361 | T7: 6221917 | U7: 6319445 | V7: 6373848 | W7: 6411077 | X7: 6488505 | Y7: 6565279 | Z7: 6631697 | AA7: 6680125 | AB7: 6751959 | AC7: 6828602 | AD7: 6956611 | AE7: 6963602 | AF7: 7040837 | AG7: 7076893 | AH7: 7126561 | AI7: 7187291 | AJ7: 7268692 | AK7: 7308554 | AL7: 7426679 | AM7: 7519342
B9: Total Declarado | C9: 4415368 | D9: 4626926 | E9: 4689391 | F9: 4710765 | G9: 4846197 | H9: 4836058 | I9: 4899702 | J9: 4999633 | K9: 5081645 | L9: 5286079 | M9: 5596809 | N9: 5588741 | O9: 5528902 | P9: 5575633 | Q9: 5624147 | R9: 5725236 | S9: 5561732 | T9: 5941102 | U9: 6058468 | V9: 6152781 | W9: 6226013 | X9: 6327141 | Y9: 6390194 | Z9: 6447386 | AA9: 6513094 | AB9: 6597048 | AC9: 6661729 | AD9: 6787390 | AE9: 6787394 | AF9: 6879230 | AG9: 6908775 | AH9: 6995444 | AI9: 6988584 | AJ9: 6948982 | AK9: 7175306 | AL9: 7310921 | AM9: 7364701
B10: No Pobres | C10: 1962410 | D10: 2403507 | E10: 2392445 | F10: 2642029 | G10: 2771936 | H10: 2806986 | I10: 2861841 | J10: 2981522 | K10: 3094913 | L10: 3222415 | M10: 3276246 | N10: 2873362 | O10: 2543570 | P10: 2501332 | Q10: 2639159 | R10: 3035230 | S10: 3201325 | T10: 3689799 | U10: 4052123 | V10: 4268125 | W10: 4516256 | X10: 4522513 | Y10: 4620389 | Z10: 4672317 | AA10: 4792777 | AB10: 4836736 | AC10: 4878907 | AD10: 4959361 | AE10: 4927873 | AF10: 5056429 | AG10: 5032132 | AH10: 5512180 | AI10: 4937410 | AJ10: 5049392 | AK10: 5059509 | AL10: 4930640 | AM10: 4930666
B11: No Pobres (%) | C11: 44.444993 | D11: 51.946087 | E11: 51.018245 | F11: 56.084925 | G11: 57.19817 | H11: 58.042852 | I11: 58.408471 | J11: 59.634817 | K11: 60.903762 | L11: 60.960402 | M11: 58.537749 | N11: 51.413404 | O11: 46.004975 | P11: 44.861848 | Q11: 46.925498 | R11: 53.014932 | S11: 57.559857 | T11: 62.106306 | U11: 66.883625 | V11: 69.369038 | W11: 72.538493 | X11: 71.477987 | Y11: 72.304362 | Z11: 72.468393 | AA11: 73.586793 | AB11: 73.316671 | AC11: 73.237849 | AD11: 73.067276 | AE11: 72.603314 | AF11: 73.502834 | AG11: 72.83682 | AH11: 78.796714 | AI11: 70.649648 | AJ11: 72.663766 | AK11: 70.512798 | AL11: 67.44 | AM11: 66.949982
B12: Pobres | C12: 2452958 | D12: 2223419 | E12: 2296946 | F12: 2068736 | G12: 2074261 | H12: 2029072 | I12: 2037861 | J12: 2018111 | K12: 1986732 | L12: 2063664 | M12: 2320563 | N12: 2715379 | O12: 2985332 | P12: 3074301 | Q12: 2984988 | R12: 2690006 | S12: 2360407 | T12: 2251303 | U12: 2006345 | V12: 1884656 | W12: 1709757 | X12: 1804628 | Y12: 1769805 | Z12: 1775069 | AA12: 1720317 | AB12: 1760312 | AC12: 1782822 | AD12: 1828029 | AE12: 1859521 | AF12: 1822801 | AG12: 1876643 | AH12: 1483264 | AI12: 2051174 | AJ12: 1899590 | AK12: 2115797 | AL12: 2380281 | AM12: 2434035
B13: Pobres (%) | C13: 55.555007 | D13: 48.053913 | E13: 48.981755 | F13: 43.915075 | G13: 42.80183 | H13: 41.957148 | I13: 41.591529 | J13: 40.365183 | K13: 39.096238 | L13: 39.039598 | M13: 41.462251 | N13: 48.586596 | O13: 53.995025 | P13: 55.138152 | Q13: 53.074502 | R13: 46.985068 | S13: 42.440143 | T13: 37.893694 | U13: 33.116375 | V13: 30.630962 | W13: 27.461507 | X13: 28.522013 | Y13: 27.695638 | Z13: 27.531607 | AA13: 26.413207 | AB13: 26.683329 | AC13: 26.762151 | AD13: 26.932724 | AE13: 27.396686 | AF13: 26.497166 | AG13: 27.16 | AH13: 21.203286 | AI13: 29.350352 | AJ13: 27.336234 | AK13: 29.487202 | AL13: 32.557882 | AM13: 33.050018
B14: Pobres No Extremos | C14: 1328548 | D14: 1329287 | E14: 1311676 | F14: 1265260 | G14: 1269780 | H14: 1212227 | I14: 1221994 | J14: 1273789 | K14: 1266718 | L14: 1321459 | M14: 1392417 | N14: 1539750 | O14: 1598375 | P14: 1678924 | Q14: 1665380 | R14: 1623676 | S14: 1416093 | T14: 1341236 | U14: 1387664 | V14: 1326399 | W14: 1234438 | X14: 1307201 | Y14: 1292594 | Z14: 1287584 | AA14: 1246589 | AB14: 1264449 | AC14: 1306965 | AD14: 1360303 | AE14: 1367406 | AF14: 1341840 | AG14: 1345523 | AH14: 1060299 | AI14: 1224139 | AJ14: 1287539 | AK14: 1511102 | AL14: 1688258 | AM14: 1750665
B15: Pobres No Extremos (%) | C15: 30.089179 | D15: 28.729377 | E15: 27.971137 | F15: 26.858907 | G15: 26.201576 | H15: 25.066428 | I15: 24.94017 | J15: 25.47765 | K15: 24.927322 | L15: 24.998851 | M15: 24.878766 | N15: 27.550928 | O15: 28.909447 | P15: 30.11181 | Q15: 29.611246 | R15: 28.359984 | S15: 25.461367 | T15: 22.575542 | U15: 22.904536 | V15: 21.557715 | W15: 19.827103 | X15: 20.660216 | Y15: 20.227774 | Z15: 19.970636 | AA15: 19.139736 | AB15: 19.166891 | AC15: 19.619006 | AD15: 20.041621 | AE15: 20.146259 | AF15: 19.505671 | AG15: 19.475565 | AH15: 15.156994 | AI15: 17.516267 | AJ15: 18.528455 | AK15: 21.059757 | AL15: 23.092275 | AM15: 23.771026
B16: Pobres Extremos | C16: 1124410 | D16: 894132 | E16: 985270 | F16: 803476 | G16: 804481 | H16: 816845 | I16: 815867 | J16: 744322 | K16: 720014 | L16: 742205 | M16: 928146 | N16: 1175629 | O16: 1386957 | P16: 1395377 | Q16: 1319608 | R16: 1066330 | S16: 944314 | T16: 910067 | U16: 618681 | V16: 558257 | W16: 475319 | X16: 497427 | Y16: 477211 | Z16: 487485 | AA16: 473728 | AB16: 495863 | AC16: 475857 | AD16: 467726 | AE16: 492115 | AF16: 480961 | AG16: 531120 | AH16: 422965 | AI16: 827035 | AJ16: 612051 | AK16: 604695 | AL16: 692023 | AM16: 683370
B17: Pobres Extremos (%) | C17: 25.465828 | D17: 19.324536 | E17: 21.010617 | F17: 17.056168 | G17: 16.600254 | H17: 16.89072 | I17: 16.65136 | J17: 14.887533 | K17: 14.168916 | L17: 14.040747 | M17: 16.583485 | N17: 21.035668 | O17: 25.085578 | P17: 25.026342 | Q17: 23.463256 | R17: 18.625084 | S17: 16.978776 | T17: 15.318151 | U17: 10.211839 | V17: 9.0732467 | W17: 7.6344042 | X17: 7.8617973 | Y17: 7.467864 | Z17: 7.5609712 | AA17: 7.2734709 | AB17: 7.5164377 | AC17: 7.1431456 | AD17: 6.8911025 | AE17: 7.2504263 | AF17: 6.9914947 | AG17: 7.6876147 | AH17: 6.0462924 | AI17: 11.834085 | AJ17: 8.8077793 | AK17: 8.4274455 | AL17: 9.4656063 | AM17: 9.2789918
B19: Fuente: Encuesta de Hogares por Muestreo Instituto Nacional de Estadística, INE
C20: 1997.I | D20: 1997.II | E20: 1998.I | F20: 1998.II | G20: 1999.I | H20: 1999.II | I20: 2000.I | J20: 2000.II | K20: 2001.I | L20: 2001.II | M20: 2002.I | N20: 2002.II | O20: 2003.1 | P20: 2003.II | Q20: 2004.I | R20: 2004.II | S20: 2005.I | T20: 2005.II | U20: 2006.I | V20: 2006.II | W20: 2007.I | X20: 2007.II | Y20: 2008.I | Z20: 2008.II | AA20: 2009.I | AB20: 2009.II | AC20: 2010.I | AD20: 2010.II | AE20: 2011.I | AF20: 2011.II | AG20: 2012.I | AH20: 2012.II | AI20: 2013.I | AJ20: 2013.II | AK20: 2014.I | AL20: 2014.II | AM20: 2015.I
B21: Pobreza | C21: =C13/100 -> 0.55555007 | D21: =D13/100 -> 0.48053913 | E21: =E13/100 -> 0.48981755 | F21: =F13/100 -> 0.43915075 | G21: =G13/100 -> 0.4280183 | H21: =H13/100 -> 0.41957148 | I21: =I13/100 -> 0.41591529 | J21: =J13/100 -> 0.40365183 | ... AM21: =AM13/100 -> 0.33050018
B22: Pobreza extrema | C22: =C17/100 -> 0.25465828 | D22: =D17/100 -> 0.19324536 | E22: =E17/100 -> 0.21010617 | F22: =F17/100 -> 0.17056168 | G22: =G17/100 -> 0.16600254 | H22: =H17/100 -> 0.1689072 | I22: =I17/100 -> 0.1665136 | J22: =J17/100 -> 0.14887533 | ... AM22: =AM17/100 -> 0.092789918

Sheet Colheitas - BM
A1: Data Source | B1: World Development Indicators
A2: Last Updated Date | B2: 42949 | D2: (2004-2006 = 100)
A4: Country Name | B4: Country Code | C4: Indicator Name | D4: Indicator Code | E4: 1960 | F4: 1961 | G4: 1962 | H4: 1963 | I4: 1964 | J4: 1965 | K4: 1966 | L4: 1967 | M4: 1968 | N4: 1969 | O4: 1970 | P4: 1971 | Q4: 1972 | R4: 1973 | S4: 1974 | T4: 1975 | U4: 1976 | V4: 1977 | W4: 1978 | X4: 1979 | Y4: 1980 | Z4: 1981 | AA4: 1982 | AB4: 1983 | AC4: 1984 | AD4: 1985 | AE4: 1986 | AF4: 1987 | AG4: 1988 | AH4: 1989 | AI4: 1990 | AJ4: 1991 | AK4: 1992 | AL4: 1993 | AM4: 1994 | AN4: 1995 | AO4: 1996 | AP4: 1997 | AQ4: 1998 | AR4: 1999 | AS4: 2000 | AT4: 2001 | AU4: 2002 | AV4: 2003 | AW4: 2004 | AX4: 2005 | AY4: 2006 | AZ4: 2007 | BA4: 2008 | BB4: 2009 | BC4: 2010 | BD4: 2011 | BE4: 2012 | BF4: 2013 | BG4: 2014 | BH4: 2015 | BI4: 2016
A5: Aruba | B5: ABW | C5: Crop production index (2004-2006 = 100) | D5: AG.PRD.CROP.XD
A6: Afghanistan | B6: AFG | C6: Crop production index (2004-2006 = 100) | D6: AG.PRD.CROP.XD | F6: 67.72 | G6: 69.25 | H6: 67.6 | I6: 73.52 | J6: 76.1 | K6: 74.83 | L6: 83.47 | M6: 85.48 | N6: 87.84 | O6: 79.57 | P6: 71.59 | Q6: 84.36 | R6: 91.71 | S6: 95.4 | T6: 98.18 | U6: 103.45 | V6: 86.7 | W6: 96.66 | X6: 93.48 | Y6: 91.23 | Z6: 88.72 | AA6: 86.12 | AB6: 83.77 | AC6: 81.98 | AD6: 78.54 | AE6: 75.05 | AF6: 75.58 | AG6: 71.94 | AH6: 68.93 | AI6: 68.7 | AJ6: 75.36 | AK6: 70.9 | AL6: 75.92 | AM6: 78.42 | AN6: 80.03 | AO6: 81.19 | AP6: 85.17 | AQ6: 89.59 | AR6: 82.79 | AS6: 68.48 | AT6: 71.16 | AU6: 87.11 | AV6: 97.46 | AW6: 86.59 | AX6: 109.39 | AY6: 104.02 | AZ6: 122.09 | BA6: 103.3 | BB6: 132.08 | BC6: 126.61 | BD6: 114.58 | BE6: 135.37 | BF6: 135.07 | BG6: 147.22
A7: Angola | B7: AGO | C7: Crop production index (2004-2006 = 100) | D7: AG.PRD.CROP.XD | F7: 40.61 | G7: 43.32 | H7: 42.12 | I7: 45.36 | J7: 46.88 | K7: 48.79 | L7: 50.02 | M7: 48.73 | N7: 52.41 | O7: 53.39 | P7: 54.74 | Q7: 52.31 | R7: 53.62 | S7: 54.25 | T7: 45.61 | U7: 37.94 | V7: 35.74 | W7: 34 | X7: 30.94 | Y7: 31.1 | Z7: 28.33 | AA7: 28.35 | AB7: 28.47 | AC7: 28.75 | AD7: 28.71 | AE7: 30.03 | AF7: 30.42 | AG7: 30.38 | AH7: 30.08 | AI7: 29.27 | AJ7: 31.27 | AK7: 33.26 | AL7: 32.38 | AM7: 39.91 | AN7: 39.26 | AO7: 39.77 | AP7: 38.16 | AQ7: 46.56 | AR7: 43.13 | AS7: 52.53 | AT7: 62.98 | AU7: 74.35 | AV7: 81.78 | AW7: 93.29 | AX7: 101.68 | AY7: 105.03 | AZ7: 120.64 | BA7: 129.78 | BB7: 171.56 | BC7: 181.5 | BD7: 201.1 | BE7: 158.44 | BF7: 227.3 | BG7: 193.96
A8: Albania | B8: ALB | C8: Crop production index (2004-2006 = 100) | D8: AG.PRD.CROP.XD | F8: 37.59 | G8: 41.48 | H8: 40.21 | I8: 48.35 | J8: 43.41 | K8: 51.76 | L8: 51.31 | M8: 53.29 | N8: 54.55 | O8: 56.46 | P8: 57.9 | Q8: 61.16 | R8: 66.75 | S8: 68.07 | T8: 69.45 | U8: 77.04 | V8: 81.53 | W8: 82.68 | X8: 85.29 | Y8: 80.19 | Z8: 83.86 | AA8: 88.13 | AB8: 98.63 | AC8: 90.14 | AD8: 90.08 | AE8: 91.03 | AF8: 92.58 | AG8: 79.01 | AH8: 93.87 | AI8: 84.28 | AJ8: 61.36 | AK8: 67.47 | AL8: 79.4 | AM8: 79.37 | AN8: 81.57 | AO8: 80.31 | AP8: 82.74 | AQ8: 89.27 | AR8: 81.89 | AS8: 86.03 | AT8: 88.82 | AU8: 86.34 | AV8: 91.21 | AW8: 97.85 | AX8: 97.35 | AY8: 104.8 | AZ8: 102.13 | BA8: 119.13 | BB8: 127.63 | BC8: 140.25 | BD8: 148.94 | BE8: 160.71 | BF8: 159.38 | BG8: 164.67
A9: Andorra | B9: AND | C9: Crop production index (2004-2006 = 100) | D9: AG.PRD.CROP.XD
A10: Arab World | B10: ARB | C10: Crop production index (2004-2006 = 100) | D10: AG.PRD.CROP.XD | F10: 25.153763 | G10: 29.462016 | H10: 30.213974 | I10: 30.375789 | J10: 31.795426 | K10: 28.146562 | L10: 30.361695 | M10: 33.241427 | N10: 32.581464 | O10: 32.840735 | P10: 36.610814 | Q10: 36.904329 | R10: 34.586635 | S10: 38.83316 | T10: 39.7615 | U10: 40.177497 | V10: 38.225049 | W10: 40.873984 | X10: 40.672767 | Y10: 44.319333 | Z10: 43.529392 | AA10: 45.139866 | AB10: 45.854434 | AC10: 45.852186 | AD10: 52.69255 | AE10: 55.691658 | AF10: 54.519282 | AG10: 57.940648 | AH10: 57.089411 | AI10: 60.442891 | AJ10: 64.639011 | AK10: 66.442764 | AL10: 66.925064 | AM10: 68.47312 | AN10: 67.843522 | AO10: 82.452691 | AP10: 74.821994 | AQ10: 81.231431 | AR10: 80.692196 | AS10: 81.087585 | AT10: 82.746819 | AU10: 88.621936 | AV10: 94.302105 | AW10: 96.317575 | AX10: 98.445178 | AY10: 105.23725 | AZ10: 99.277966 | BA10: 101.39615 | BB10: 109.09543 | BC10: 105.59714 | BD10: 110.93826 | BE10: 111.35249 | BF10: 115.90237
A11: United Arab Emirates | B11: ARE | C11: Crop production index (2004-2006 = 100) | D11: AG.PRD.CROP.XD | F11: 0.85 | G11: 0.91 | H11: 0.97 | I11: 1.03 | J11: 1.04 | K11: 1.4 | L11: 1.52 | M11: 1.68 | N11: 1.95 | O11: 2.26 | P11: 2.56 | Q11: 2.25 | R11: 2.67 | S11: 4.34 | T11: 4.56 | U11: 5.3 | V11: 6.31 | W11: 8.77 | X11: 10.68 | Y11: 12.32 | Z11: 14.06 | AA11: 18.29 | AB11: 20.76 | AC11: 18.57 | AD11: 18.98 | AE11: 18.91 | AF11: 18.08 | AG11: 23.92 | AH11: 28.8 | AI11: 29.8 | AJ11: 38.62 | AK11: 51.14 | AL11: 54.41 | AM11: 57.81 | AN11: 70.4 | AO11: 75.85 | AP11: 97.93 | AQ11: 98.77 | AR11: 163.44 | AS11: 200.86 | AT11: 113.26 | AU11: 105.68 | AV11: 94.67 | AW11: 105.81 | AX11: 103.55 | AY11: 90.64 | AZ11: 90.36 | BA11: 97.34 | BB11: 92.94 | BC11: 99.12 | BD11: 39.28 | BE11: 34.55 | BF11: 36.42 | BG11: 40.07
A12: Argentina | B12: ARG | C12: Crop production index (2004-2006 = 100) | D12: AG.PRD.CROP.XD | F12: 25.69 | G12: 26.33 | H12: 29.12 | I12: 30.93 | J12: 28.09 | K12: 29.65 | L12: 33.64 | M12: 28.81 | N12: 30.75 | O12: 33.61 | P12: 35.14 | Q12: 31.64 | R12: 35.9 | S12: 40.89 | T12: 38.91 | U12: 41.76 | V12: 41.62 | W12: 44.96 | X12: 46.9 | Y12: 41.43 | Z12: 46.83 | AA12: 53.75 | AB12: 52.19 | AC12: 54.19 | AD12: 51.75 | AE12: 51.61 | AF12: 50.79 | AG12: 55.88 | AH12: 46.3 | AI12: 53.11 | AJ12: 57 | AK12: 57.98 | AL12: 54.54 | AM12: 58.55 | AN12: 65.92 | AO12: 63.27 | AP12: 71.35 | AQ12: 82.93 | AR12: 80.11 | AS12: 81.24 | AT12: 86.83 | AU12: 88.19 | AV12: 92.19 | AW12: 90.73 | AX12: 106.03 | AY12: 103.24 | AZ12: 117.75 | BA12: 119.3 | BB12: 84.55 | BC12: 119.29 | BD12: 127.17 | BE12: 110.37 | BF12: 123.93 | BG12: 132.01
A13: Armenia | B13: ARM | C13: Crop production index (2004-2006 = 100) | D13: AG.PRD.CROP.XD | AK13: 66.29 | AL13: 57.81 | AM13: 71.3 | AN13: 69.64 | AO13: 72.5 | AP13: 56.23 | AQ13: 63.21 | AR13: 61.59 | AS13: 58.11 | AT13: 62.45 | AU13: 61.83 | AV13: 67.46 | AW13: 84.19 | AX13: 107.88 | AY13: 107.93 | AZ13: 122.31 | BA13: 116.65 | BB13: 117.82 | BC13: 95.15 | BD13: 118.58 | BE13: 134.62 | BF13: 139.77 | BG13: 148.31
A14: American Samoa | B14: ASM | C14: Crop production index (2004-2006 = 100) | D14: AG.PRD.CROP.XD | F14: 60.21 | G14: 63.41 | H14: 67.99 | I14: 65.44 | J14: 62.51 | K14: 64.3 | L14: 70.04 | M14: 71.35 | N14: 78.41 | O14: 74.73 | P14: 68.65 | Q14: 67.48 | R14: 66.47 | S14: 62.4 | T14: 61.17 | U14: 57.49 | V14: 55.97 | W14: 52.63 | X14: 44.11 | Y14: 49.11 | Z14: 48.8 | AA14: 48.9 | AB14: 47.47 | AC14: 45.05 | AD14: 43.51 | AE14: 44.58 | AF14: 41.07 | AG14: 41.01 | AH14: 40.8 | AI14: 44.96 | AJ14: 42.03 | AK14: 44.64 | AL14: 49.75 | AM14: 53.63 | AN14: 56.7 | AO14: 61.02 | AP14: 64.21 | AQ14: 84.88 | AR14: 66.25 | AS14: 74.87 | AT14: 86.05 | AU14: 90.68 | AV14: 100.83 | AW14: 97.05 | AX14: 100.56 | AY14: 102.39 | AZ14: 104.25 | BA14: 106.59 | BB14: 109.46 | BC14: 111.33 | BD14: 109.8 | BE14: 105.91 | BF14: 114.61 | BG14: 113.59
A15: Antigua and Barbuda | B15: ATG | C15: Crop production index (2004-2006 = 100) | D15: AG.PRD.CROP.XD | F15: 195.53 | G15: 204.79 | H15: 251.07 | I15: 250.95 | J15: 160.03 | K15: 123.17 | L15: 102.16 | M15: 74.64 | N15: 97.65 | O15: 101.64 | P15: 173.75 | Q15: 77.68 | R15: 75.02 | S15: 71.67 | T15: 77.5 | U15: 77.06 | V15: 78.08 | W15: 81.28 | X15: 85.69 | Y15: 89.35 | Z15: 101.3 | AA15: 96.67 | AB15: 88.62 | AC15: 87.61 | AD15: 100.88 | AE15: 101.79 | AF15: 106.12 | AG15: 111.59 | AH15: 92.2 | AI15: 97.86 | AJ15: 105.13 | AK15: 105.76 | AL15: 104.76 | AM15: 104.31 | AN15: 102 | AO15: 104.37 | AP15: 106.38 | AQ15: 105.37 | AR15: 108.05 | AS15: 107.91 | AT15: 107.23 | AU15: 111.66 | AV15: 113.1 | AW15: 116.28 | AX15: 88.8 | AY15: 94.91 | AZ15: 101.82 | BA15: 106.09 | BB15: 108.15 | BC15: 109.81 | BD15: 110.57 | BE15: 107 | BF15: 109.01 | BG15: 111.06
A16: Australia | B16: AUS | C16: Crop production index (2004-2006 = 100) | D16: AG.PRD.CROP.XD | F16: 24.96 | G16: 29.85 | H16: 30.23 | I16: 34.23 | J16: 28.92 | K16: 40.14 | L16: 31.14 | M16: 44.97 | N16: 37.61 | O16: 36.83 | P16: 39.64 | Q16: 35.74 | R16: 43.71 | S16: 42.34 | T16: 45.85 | U16: 44.77 | V16: 40.71 | W16: 56.76 | X16: 54.56 | Y16: 46.62 | Z16: 57.96 | AA16: 45.18 | AB16: 67.72 | AC16: 67.11 | AD16: 65.79 | AE16: 65.51 | AF16: 58.26 | AG16: 64.5 | AH16: 65.84 | AI16: 66.69 | AJ16: 62.97 | AK16: 75.5 | AL16: 77.45 | AM16: 60.91 | AN16: 81.34 | AO16: 97.72 | AP16: 95.9 | AQ16: 104.23 | AR16: 113.06 | AS16: 108.12 | AT16: 116.62 | AU16: 81.2 | AV16: 110.17 | AW16: 101.14 | AX16: 116.81 | AY16: 82.05 | AZ16: 82.66 | BA16: 99.4 | BB16: 101.93 | BC16: 102.37 | BD16: 122.19 | BE16: 137.69 | BF16: 127.49 | BG16: 126.06
A17: Austria | B17: AUT | C17: Crop production index (2004-2006 = 100) | D17: AG.PRD.CROP.XD | F17: 86.38 | G17: 76.5 | H17: 87.87 | I17: 93.3 | J17: 65.42 | K17: 83.96 | L17: 88.38 | M17: 95.8 | N17: 90.21 | O17: 89.09 | P17: 82.75 | Q17: 78.48 | R17: 86.81 | S17: 85.84 | T17: 86.07 | U17: 88.09 | V17: 81.54 | W17: 88.76 | X17: 84.89 | Y17: 93.2 | Z17: 82.09 | AA17: 107.96 | AB17: 91.77 | AC17: 93.04 | AD17: 84.57 | AE17: 86.79 | AF17: 82.04 | AG17: 98.09 | AH17: 88.85 | AI17: 89.96 | AJ17: 87.23 | AK17: 79.95 | AL17: 82.68 | AM17: 83.85 | AN17: 86.64 | AO17: 86.42 | AP17: 93.5 | AQ17: 95.68 | AR17: 98.37 | AS17: 93.89 | AT17: 97.07 | AU17: 95.21 | AV17: 92.37 | AW17: 106.05 | AX17: 99.46 | AY17: 94.49 | AZ17: 98.88 | BA17: 110.05 | BB17: 103.49 | BC17: 101.47 | BD17: 118.94 | BE17: 98.74 | BF17: 99.1 | BG17: 115.45
A18: Azerbaijan | B18: AZE | C18: Crop production index (2004-2006 = 100) | D18: AG.PRD.CROP.XD | AK18: 95.64 | AL18: 78 | AM18: 68 | AN18: 62.49 | AO18: 64.35 | AP18: 53.71 | AQ18: 55.68 | AR18: 62.16 | AS18: 71.74 | AT18: 80.74 | AU18: 84.5 | AV18: 89.84 | AW18: 88.74 | AX18: 106.59 | AY18: 104.67 | AZ18: 102.83 | BA18: 108.78 | BB18: 111.62 | BC18: 101.42 | BD18: 112.05 | BE18: 117.49 | BF18: 120.08 | BG18: 115.48
A19: Burundi | B19: BDI | C19: Crop production index (2004-2006 = 100) | D19: AG.PRD.CROP.XD | F19: 54.84 | G19: 54.68 | H19: 54.67 | I19: 60.44 | J19: 60.02 | K19: 60.23 | L19: 62.92 | M19: 64.41 | N19: 63.39 | O19: 64.82 | P19: 66.8 | Q19: 59.7 | R19: 67.76 | S19: 63.19 | T19: 68.03 | U19: 69.11 | V19: 71.25 | W19: 66.41 | X19: 67.53 | Y19: 65.86 | Z19: 73.58 | AA19: 69.91 | AB19: 69.98 | AC19: 68.81 | AD19: 79.34 | AE19: 82.71 | AF19: 85.61 | AG19: 87.52 | AH19: 82.02 | AI19: 89.05 | AJ19: 91.72 | AK19: 94.17 | AL19: 91.11 | AM19: 79.59 | AN19: 82.82 | AO19: 84.56 | AP19: 84.75 | AQ19: 78.91 | AR19: 82.02 | AS19: 85.82 | AT19: 93.84 | AU19: 106.23 | AV19: 94.92 | AW19: 107.37 | AX19: 91.14 | AY19: 101.49 | AZ19: 93.05 | BA19: 101.09 | BB19: 98.73 | BC19: 107.39 | BD19: 100.36 | BE19: 86.26 | BF19: 128.08 | BG19: 108.35
A20: Belgium | B20: BEL | C20: Crop production index (2004-2006 = 100) | D20: AG.PRD.CROP.XD | AS20: 102.26 | AT20: 88.98 | AU20: 97.75 | AV20: 97.98 | AW20: 108.73 | AX20: 100.9 | AY20: 90.37 | AZ20: 95.43 | BA20: 92.62 | BB20: 100.15 | BC20: 98.8 | BD20: 100.17 | BE20: 88.28 | BF20: 94.8 | BG20: 107.39
A21: Benin | B21: BEN | C21: Crop production index (2004-2006 = 100) | D21: AG.PRD.CROP.XD | F21: 19.98 | G21: 18.11 | H21: 17.96 | I21: 18.89 | J21: 19.73 | K21: 18.6 | L21: 20.87 | M21: 23.08 | N21: 22.03 | O21: 23.44 | P21: 24 | Q21: 24.19 | R21: 24.61 | S21: 22.01 | T21: 21.15 | U21: 25.23 | V21: 24.11 | W21: 26.96 | X21: 28.68 | Y21: 26.17 | Z21: 25.24 | AA21: 25.71 | AB21: 25.69 | AC21: 35.24 | AD21: 34.76 | AE21: 39.35 | AF21: 32.58 | AG21: 41.74 | AH21: 43.59 | AI21: 46.31 | AJ21: 51.6 | AK21: 51.23 | AL21: 58.11 | AM21: 59.37 | AN21: 65.57 | AO21: 74.26 | AP21: 78.52 | AQ21: 80.41 | AR21: 83.58 | AS21: 90.49 | AT21: 89.81 | AU21: 98.75 | AV21: 101.71 | AW21: 106.85 | AX21: 101.75 | AY21: 91.4 | AZ21: 95.3 | BA21: 114.55 | BB21: 112.94 | BC21: 116.98 | BD21: 129.06 | BE21: 135.93 | BF21: 146.35 | BG21: 169.8
A22: Burkina Faso | B22: BFA | C22: Crop production index (2004-2006 = 100) | D22: AG.PRD.CROP.XD | F22: 16.99 | G22: 19.41 | H22: 19.4 | I22: 21.74 | J22: 20.83 | K22: 22.11 | L22: 22.93 | M22: 25.04 | N22: 24.18 | O22: 24.09 | P22: 21.77 | Q22: 21.72 | R22: 20.55 | S22: 25.35 | T22: 29.2 | U22: 26.12 | V22: 26.35 | W22: 29.2 | X22: 30.96 | Y22: 28.05 | Z22: 32.18 | AA22: 32.39 | AB22: 32.1 | AC22: 32.46 | AD22: 42.51 | AE22: 50.77 | AF22: 44.65 | AG22: 53.01 | AH22: 50.08 | AI22: 45.85 | AJ22: 57.38 | AK22: 59.46 | AL22: 59.72 | AM22: 56.55 | AN22: 56.57 | AO22: 64.32 | AP22: 61.78 | AQ22: 74.94 | AR22: 74.11 | AS22: 59.02 | AT22: 83.5 | AU22: 86.3 | AV22: 97.12 | AW22: 85.39 | AX22: 105.57 | AY22: 109.04 | AZ22: 79.74 | BA22: 122.7 | BB22: 102.88 | BC22: 123.91 | BD22: 105.33 | BE22: 131.92 | BF22: 145.61 | BG22: 148.47
A23: Bangladesh | B23: BGD | C23: Crop production index (2004-2006 = 100) | D23: AG.PRD.CROP.XD | F23: 39.19 | G23: 36.83 | H23: 41.89 | I23: 41.76 | J23: 42.58 | K23: 40.32 | L23: 46.18 | M23: 46.63 | N23: 49.14 | O23: 46.12 | P23: 41.53 | Q23: 41.45 | R23: 46.36 | S23: 43.83 | T23: 48.96 | U23: 46.43 | V23: 50.29 | W23: 51.31 | X23: 50.26 | Y23: 53.47 | Z23: 53 | AA23: 55.21 | AB23: 56.48 | AC23: 56.73 | AD23: 59.15 | AE23: 59.95 | AF23: 59.1 | AG23: 59.16 | AH23: 65.44 | AI23: 65.77 | AJ23: 67.33 | AK23: 67.95 | AL23: 67.19 | AM23: 63.92 | AN23: 66.2 | AO23: 70.03 | AP23: 70.67 | AQ23: 73.25 | AR23: 84.16 | AS23: 90.6 | AT23: 88.29 | AU23: 90.56 | AV23: 92.86 | AW23: 90.29 | AX23: 103.06 | AY23: 106.65 | AZ23: 113 | BA23: 122.16 | BB23: 123.08 | BC23: 131.37 | BD23: 135.07 | BE23: 135.41 | BF23: 138.18 | BG23: 145.57
A24: Bulgaria | B24: BGR | C24: Crop production index (2004-2006 = 100) | D24: AG.PRD.CROP.XD | F24: 115.85 | G24: 129.72 | H24: 136.58 | I24: 141.5 | J24: 145.54 | K24: 169.53 | L24: 159.47 | M24: 159.86 | N24: 168.13 | O24: 163.64 | P24: 163.4 | Q24: 173.09 | R24: 171.16 | S24: 159.8 | T24: 162.21 | U24: 176.84 | V24: 155.75 | W24: 166.51 | X24: 170.21 | Y24: 157.63 | Z24: 177.01 | AA24: 190.49 | AB24: 159.81 | AC24: 181.34 | AD24: 137.32 | AE24: 166.13 | AF24: 152.47 | AG24: 154.24 | AH24: 167.3 | AI24: 149.71 | AJ24: 145.05 | AK24: 126.58 | AL24: 92.8 | AM24: 109.96 | AN24: 126.12 | AO24: 90.07 | AP24: 109.22 | AQ24: 101.87 | AR24: 101.02 | AS24: 87.32 | AT24: 99.08 | AU24: 105.59 | AV24: 92.37 | AW24: 118.25 | AX24: 87.44 | AY24: 94.31 | AZ24: 64.98 | BA24: 105.29 | BB24: 98.11 | BC24: 112.45 | BD24: 114.68 | BE24: 103.12 | BF24: 134.44 | BG24: 133.96
A25: Bahrain | B25: BHR | C25: Crop production index (2004-2006 = 100) | D25: AG.PRD.CROP.XD | F25: 73.48 | G25: 73.65 | H25: 74.8 | I25: 74.8 | J25: 75.02 | K25: 73.78 | L25: 74.49 | M25: 75.07 | N25: 75.58 | O25: 76.53 | P25: 77.22 | Q25: 78.8 | R25: 78.8 | S25: 85.69 | T25: 121.05 | U25: 158.88 | V25: 200.17 | W25: 201.38 | X25: 201.83 | Y25: 204.47 | Z25: 91.82 | AA25: 73.85 | AB25: 75.31 | AC25: 76.41 | AD25: 84.61 | AE25: 89.39 | AF25: 98.84 | AG25: 98.8 | AH25: 98.62 | AI25: 61.6 | AJ25: 65.49 | AK25: 74.61 | AL25: 80.02 | AM25: 92.51 | AN25: 110.23 | AO25: 110.45 | AP25: 109.46 | AQ25: 128.04 | AR25: 112 | AS25: 110.2 | AT25: 106.98 | AU25: 95.06 | AV25: 97.93 | AW25: 94.43 | AX25: 85.75 | AY25: 119.82 | AZ25: 111.02 | BA25: 109.38 | BB25: 109.16 | BC25: 108.31 | BD25: 105.34 | BE25: 105.31 | BF25: 104.51 | BG25: 104.09
A26: Bahamas, The | B26: BHS | C26: Crop production index (2004-2006 = 100) | D26: AG.PRD.CROP.XD | F26: 38.56 | G26: 40.4 | H26: 42.7 | I26: 44.14 | J26: 45.61 | K26: 49.08 | L26: 52.35 | M26: 52.79 | N26: 53.11 | O26: 58 | P26: 54.89 | Q26: 63.13 | R26: 63.86 | S26: 65.62 | T26: 68.38 | U26: 75.66 | V26: 75.14 | W26: 73.76 | X26: 74.03 | Y26: 73.83 | Z26: 79.94 | AA26: 77.81 | AB26: 74.38 | AC26: 78.21 | AD26: 75.46 | AE26: 73.35 | AF26: 73.87 | AG26: 75.25 | AH26: 78.82 | AI26: 78.06 | AJ26: 72.23 | AK26: 67.78 | AL26: 68.32 | AM26: 69.28 | AN26: 74.01 | AO26: 73.95 | AP26: 78.05 | AQ26: 81.51 | AR26: 88.29 | AS26: 87.2 | AT26: 91.28 | AU26: 87.95 | AV26: 92.57 | AW26: 98.98 | AX26: 97.77 | AY26: 103.25 | AZ26: 109.07 | BA26: 109.7 | BB26: 102.09 | BC26: 132.16 | BD26: 136.4 | BE26: 136.64 | BF26: 137.47 | BG26: 140.8
A27: Bosnia and Herzegovina | B27: BIH | C27: Crop production index (2004-2006 = 100) | D27: AG.PRD.CROP.XD | AK27: 78.94 | AL27: 71.38 | AM27: 61.38 | AN27: 61.05 | AO27: 64.68 | AP27: 79.73 | AQ27: 85.99 | AR27: 83.61 | AS27: 64.75 | AT27: 73.43 | AU27: 79.48 | AV27: 72.81 | AW27: 103.54 | AX27: 96.4 | AY27: 100.06 | AZ27: 93.97 | BA27: 102.35 | BB27: 106.6 | BC27: 97.85 | BD27: 99.46 | BE27: 83 | BF27: 110.02 | BG27: 85.02
A28: Belarus | B28: BLR | C28: Crop production index (2004-2006 = 100) | D28: AG.PRD.CROP.XD | AK28: 77.87 | AL28: 102.43 | AM28: 70.58 | AN28: 76.48 | AO28: 87.86 | AP28: 69.23 | AQ28: 66.12 | AR28: 59.36 | AS28: 75.91 | AT28: 74.81 | AU28: 79.38 | AV28: 85.38 | AW28: 105.59 | AX28: 94.44 | AY28: 99.97 | AZ28: 104.65 | BA28: 119.93 | BB28: 112.07 | BC28: 109.11 | BD28: 102.22 | BE28: 113.69 | BF28: 96.92 | BG28: 125.04
A29: Belize | B29: BLZ | C29: Crop production index (2004-2006 = 100) | D29: AG.PRD.CROP.XD | F29: 12.99 | G29: 10.59 | H29: 11.67 | I29: 14.73 | J29: 15.7 | K29: 18.54 | L29: 21.02 | M29: 23.99 | N29: 21.94 | O29: 24.02 | P29: 25.08 | Q29: 26.17 | R29: 27.92 | S29: 30.94 | T29: 28.54 | U29: 26.41 | V29: 33.3 | W29: 38.09 | X29: 34.31 | Y29: 39.98 | Z29: 39.47 | AA29: 42.33 | AB29: 38.16 | AC29: 38.11 | AD29: 37.53 | AE29: 38.39 | AF29: 43.92 | AG29: 41.81 | AH29: 46.74 | AI29: 50.52 | AJ29: 49.14 | AK29: 59.78 | AL29: 68.7 | AM29: 61.5 | AN29: 67.03 | AO29: 76.15 | AP29: 78.49 | AQ29: 75.85 | AR29: 81.76 | AS29: 90.74 | AT29: 90.19 | AU29: 79.55 | AV29: 83.38 | AW29: 98.76 | AX29: 96.53 | AY29: 104.71 | AZ29: 95.93 | BA29: 95.34 | BB29: 93.7 | BC29: 92.29 | BD29: 85.06 | BE29: 101.93 | BF29: 92.79 | BG29: 95.91
A30: Bermuda | B30: BMU | C30: Crop production index (2004-2006 = 100) | D30: AG.PRD.CROP.XD | F30: 74.07 | G30: 64.56 | H30: 76.8 | I30: 81.29 | J30: 86.43 | K30: 83.45 | L30: 74.34 | M30: 72.47 | N30: 57.02 | O30: 88.39 | P30: 59.31 | Q30: 52.92 | R30: 68.27 | S30: 74.64 | T30: 74.32 | U30: 76.54 | V30: 72.66 | W30: 75.56 | X30: 76.24 | Y30: 68.31 | Z30: 71.57 | AA30: 75.04 | AB30: 74.71 | AC30: 71.02 | AD30: 74.45 | AE30: 73.65 | AF30: 73.08 | AG30: 81.03 | AH30: 95.28 | AI30: 92.84 | AJ30: 94.47 | AK30: 94.26 | AL30: 94.49 | AM30: 94.93 | AN30: 99.34 | AO30: 88.74 | AP30: 95.79 | AQ30: 100.67 | AR30: 103.4 | AS30: 105.03 | AT30: 106.61 | AU30: 94.54 | AV30: 101.56 | AW30: 100.52 | AX30: 98.52 | AY30: 100.96 | AZ30: 105.72 | BA30: 107.35 | BB30: 113.6 | BC30: 112.67 | BD30: 114.08 | BE30: 119.92 | BF30: 115.66 | BG30: 115.74
A31: Bolivia | B31: BOL | C31: Crop production index (2004-2006 = 100) | D31: AG.PRD.CROP.XD | F31: 20.8 | G31: 21.6 | H31: 23.54 | I31: 24.42 | J31: 25.76 | K31: 26.83 | L31: 27.83 | M31: 30.76 | N31: 30.35 | O31: 31.67 | P31: 33.24 | Q31: 35.62 | R31: 40.18 | S31: 40.64 | T31: 43.18 | U31: 43.34 | V31: 41.24 | W31: 40.65 | X31: 39.64 | Y31: 41.06 | Z31: 42.57 | AA31: 44.12 | AB31: 30.49 | AC31: 42.13 | AD31: 48.15 | AE31: 50.15 | AF31: 51.14 | AG31: 52.12 | AH31: 52.89 | AI31: 53.3 | AJ31: 58.38 | AK31: 55.87 | AL31: 60.42 | AM31: 64.39 | AN31: 71.4 | AO31: 74.68 | AP31: 75.97 | AQ31: 77.82 | AR31: 78.6 | AS31: 84.54 | AT31: 87.46 | AU31: 91.08 | AV31: 97.78 | AW31: 95.02 | AX31: 101.67 | AY31: 103.31 | AZ31: 103.15 | BA31: 102.2 | BB31: 121.81 | BC31: 114.02 | BD31: 116.8 | BE31: 134.41 | BF31: 141.91 | BG31: 153.6
A32: Brazil | B32: BRA | C32: Crop production index (2004-2006 = 100) | D32: AG.PRD.CROP.XD | F32: 23.31 | G32: 24.67 | H32: 24.82 | I32: 24.47 | J32: 29.29 | K32: 26.84 | L32: 29.56 | M32: 29.61 | N32: 30.41 | O32: 31.12 | P32: 33.58 | Q32: 34.71 | R32: 32.74 | S32: 36.25 | T32: 36.6 | U32: 37.55 | V32: 41.21 | W32: 39.4 | X32: 41.1 | Y32: 45.45 | Z32: 47.54 | AA32: 48.78 | AB32: 47.47 | AC32: 52.21 | AD32: 58.64 | AE32: 53.92 | AF32: 59.99 | AG32: 60.94 | AH32: 63.55 | AI32: 59.02 | AJ32: 59.91 | AK32: 63.87 | AL32: 62.73 | AM32: 68.08 | AN32: 69.97 | AO32: 66.05 | AP32: 70.38 | AQ32: 71.15 | AR32: 75.73 | AS32: 77.46 | AT32: 82.78 | AU32: 87.51 | AV32: 95.49 | AW32: 98.99 | AX32: 97.95 | AY32: 103.06 | AZ32: 112.28 | BA32: 121.77 | BB32: 118.93 | BC32: 126.72 | BD32: 135.22 | BE32: 130.58 | BF32: 140.32 | BG32: 143.48
A33: Barbados | B33: BRB | C33: Crop production index (2004-2006 = 100) | D33: AG.PRD.CROP.XD | F33: 271.57 | G33: 283.53 | H33: 326.17 | I33: 289.42 | J33: 329.93 | K33: 298.01 | L33: 347.76 | M33: 272.62 | N33: 251.37 | O33: 286.89 | P33: 249.33 | Q33: 217.89 | R33: 207.69 | S33: 188.8 | T33: 173.05 | U33: 183.67 | V33: 208.15 | W33: 185.73 | X33: 211.75 | Y33: 242.11 | Z33: 197.96 | AA33: 171.94 | AB33: 156.94 | AC33: 167.49 | AD33: 160.79 | AE33: 181.27 | AF33: 146.38 | AG33: 145.6 | AH33: 123.38 | AI33: 131.38 | AJ33: 129.7 | AK33: 119.42 | AL33: 106.87 | AM33: 106.15 | AN33: 109.25 | AO33: 136.33 | AP33: 132.35 | AQ33: 113.62 | AR33: 124.92 | AS33: 128.67 | AT33: 107.22 | AU33: 106.33 | AV33: 104.33 | AW33: 95.51 | AX33: 109.53 | AY33: 94.95 | AZ33: 96.01 | BA33: 83.11 | BB33: 93.06 | BC33: 74.66 | BD33: 79.9 | BE33: 75.45 | BF33: 61.44 | BG33: 62.4
A34: Brunei Darussalam | B34: BRN | C34: Crop production index (2004-2006 = 100) | D34: AG.PRD.CROP.XD | F34: 90.53 | G34: 88.14 | H34: 78.36 | I34: 76.87 | J34: 66.68 | K34: 65.52 | L34: 71.63 | M34: 67.31 | N34: 78.16 | O34: 76.98 | P34: 64.93 | Q34: 63.66 | R34: 81.82 | S34: 101.12 | T34: 101.19 | U34: 86.87 | V34: 72.65 | W34: 72.21 | X34: 74.16 | Y34: 70.61 | Z34: 70.19 | AA34: 72.41 | AB34: 77.49 | AC34: 69.63 | AD34: 53.45 | AE34: 56.58 | AF34: 55.07 | AG34: 59.62 | AH34: 56.68 | AI34: 60.93 | AJ34: 60.25 | AK34: 57.81 | AL34: 63.82 | AM34: 66.04 | AN34: 72.07 | AO34: 75.8 | AP34: 73.18 | AQ34: 69.84 | AR34: 81.62 | AS34: 90.97 | AT34: 93.3 | AU34: 95.17 | AV34: 99.39 | AW34: 111.13 | AX34: 99.33 | AY34: 89.55 | AZ34: 89.51 | BA34: 91.5 | BB34: 93.75 | BC34: 96.72 | BD34: 99.87 | BE34: 101.83 | BF34: 102.22 | BG34: 100.58
A35: Bhutan | B35: BTN | C35: Crop production index (2004-2006 = 100) | D35: AG.PRD.CROP.XD | F35: 28.96 | G35: 29.88 | H35: 30.78 | I35: 31.6 | J35: 32.42 | K35: 33.19 | L35: 34.05 | M35: 34.9 | N35: 35.74 | O35: 36.49 | P35: 37.38 | Q35: 38.19 | R35: 39.05 | S35: 39.88 | T35: 40.77 | U35: 41.62 | V35: 42.55 | W35: 43.71 | X35: 44.82 | Y35: 47.95 | Z35: 52.27 | AA35: 52.43 | AB35: 53.48 | AC35: 59.42 | AD35: 54.94 | AE35: 56.23 | AF35: 63.95 | AG35: 51.36 | AH35: 51.82 | AI35: 61.97 | AJ35: 63.67 | AK35: 63.59 | AL35: 63.07 | AM35: 64.26 | AN35: 66.16 | AO35: 65.59 | AP35: 64.26 | AQ35: 62.33 | AR35: 72.5 | AS35: 63.25 | AT35: 64.94 | AU35: 64.42 | AV35: 68.61 | AW35: 78.8 | AX35: 107.31 | AY35: 113.89 | AZ35: 114.47 | BA35: 89.44 | BB35: 87.47 | BC35: 94.13 | BD35: 113.94 | BE35: 103.74 | BF35: 95.52 | BG35: 99.19
A36: Botswana | B36: BWA | C36: Crop production index (2004-2006 = 100) | D36: AG.PRD.CROP.XD | F36: 74.96 | G36: 47.5 | H36: 50.5 | I36: 55.16 | J36: 53.48 | K36: 57.51 | L36: 71.52 | M36: 58.49 | N36: 69.85 | O36: 52.19 | P36: 93.79 | Q36: 81.4 | R36: 65.76 | S36: 97.55 | T36: 85.11 | U36: 108.42 | V36: 94.82 | W36: 82.87 | X36: 71.4 | Y36: 83.67 | Z36: 88.19 | AA36: 75.2 | AB36: 70.95 | AC36: 66.08 | AD36: 72.24 | AE36: 73.39 | AF36: 72.08 | AG36: 103.81 | AH36: 99.7 | AI36: 94.91 | AJ36: 95.31 | AK36: 75.93 | AL36: 89.28 | AM36: 97.35 | AN36: 92.92 | AO36: 110.69 | AP36: 94.18 | AQ36: 82.76 | AR36: 88.49 | AS36: 94.84 | AT36: 101.08 | AU36: 105.65 | AV36: 110.56 | AW36: 108.82 | AX36: 99.98 | AY36: 91.19 | AZ36: 77.68 | BA36: 85.7 | BB36: 87.13 | BC36: 94.92 | BD36: 110.82 | BE36: 88.67 | BF36: 80.8 | BG36: 94.93
A37: Central African Republic | B37: CAF | C37: Crop production index (2004-2006 = 100) | D37: AG.PRD.CROP.XD | F37: 51.26 | G37: 51.78 | H37: 53.35 | I37: 51.98 | J37: 55.66 | K37: 55.15 | L37: 59.52 | M37: 62.34 | N37: 64.91 | O37: 64.58 | P37: 63.75 | Q37: 67.53 | R37: 69.08 | S37: 74.92 | T37: 74.07 | U37: 76.03 | V37: 75.46 | W37: 72.78 | X37: 76.78 | Y37: 76.25 | Z37: 76.63 | AA37: 79.35 | AB37: 75.92 | AC37: 73.63 | AD37: 69.65 | AE37: 77.87 | AF37: 71.18 | AG37: 76.84 | AH37: 76.9 | AI37: 76.59 | AJ37: 76.1 | AK37: 76.63 | AL37: 77 | AM37: 81.98 | AN37: 86.45 | AO37: 94.96 | AP37: 100.39 | AQ37: 101.7 | AR37: 97.71 | AS37: 100.04 | AT37: 102.43 | AU37: 100.2 | AV37: 94.81 | AW37: 98.26 | AX37: 100 | AY37: 101.74 | AZ37: 106.29 | BA37: 108.5 | BB37: 112.87 | BC37: 111.25 | BD37: 115.66 | BE37: 117.79 | BF37: 120.76 | BG37: 126.17
A38: Canada | B38: CAN | C38: Crop production index (2004-2006 = 100) | D38: AG.PRD.CROP.XD | F38: 24.7 | G38: 37.67 | H38: 43.39 | I38: 38.19 | J38: 42.57 | K38: 50.31 | L38: 40.03 | M38: 45.26 | N38: 47.84 | O38: 42.26 | P38: 51.97 | Q38: 46.32 | R38: 48.83 | S38: 42.9 | T38: 51.21 | U38: 56.39 | V38: 57.83 | W38: 61.56 | X38: 56.18 | Y38: 58.99 | Z38: 67.57 | AA38: 72.34 | AB38: 66.87 | AC38: 64.3 | AD38: 70.97 | AE38: 80.43 | AF38: 76.92 | AG38: 58.3 | AH38: 70.46 | AI38: 82.3 | AJ38: 80.97 | AK38: 76.12 | AL38: 82.51 | AM38: 85.24 | AN38: 87.15 | AO38: 92.04 | AP38: 87.57 | AQ38: 93.71 | AR38: 101.51 | AS38: 96.08 | AT38: 79.27 | AU38: 70.78 | AV38: 90.53 | AW38: 97.8 | AX38: 102.48 | AY38: 99.73 | AZ38: 97.35 | BA38: 114.44 | BB38: 110.38 | BC38: 107.28 | BD38: 108.94 | BE38: 121 | BF38: 144.51 | BG38: 129.46
A39: Central Europe and the Baltics | B39: CEB | C39: Crop production index (2004-2006 = 100) | D39: AG.PRD.CROP.XD | AK39: 88.759474 | AL39: 105.35266 | AM39: 92.672617 | AN39: 101.23396 | AO39: 101.58064 | AP39: 102.4093 | AQ39: 101.72327 | AR39: 97.761258 | AS39: 91.367625 | AT39: 102.7163 | AU39: 93.974626 | AV39: 89.167018 | AW39: 112.466 | AX39: 96.407909 | AY39: 91.126092 | AZ39: 82.143316 | BA39: 102.13419 | BB39: 99.36096 | BC39: 92.41674 | BD39: 101.23163 | BE39: 92.560319 | BF39: 104.31943
A40: Switzerland | B40: CHE | C40: Crop production index (2004-2006 = 100) | D40: AG.PRD.CROP.XD | F40: 112.42 | G40: 122.21 | H40: 113.4 | I40: 119.19 | J40: 92.06 | K40: 110.17 | L40: 133.59 | M40: 113.34 | N40: 121.16 | O40: 109.96 | P40: 116.64 | Q40: 96.44 | R40: 117.16 | S40: 98.79 | T40: 118.38 | U40: 105.82 | V40: 97.06 | W40: 109.8 | X40: 129.06 | Y40: 107.46 | Z40: 107.84 | AA40: 147.66 | AB40: 112.59 | AC40: 129.07 | AD40: 115.99 | AE40: 120.56 | AF40: 98.19 | AG40: 134.54 | AH40: 124.58 | AI40: 118.68 | AJ40: 103.25 | AK40: 131 | AL40: 115.52 | AM40: 105.73 | AN40: 105.31 | AO40: 123.57 | AP40: 103.61 | AQ40: 123.09 | AR40: 97.48 | AS40: 118.73 | AT40: 95.01 | AU40: 102.32 | AV40: 89.33 | AW40: 108.59 | AX40: 97.23 | AY40: 94.18 | AZ40: 104.04 | BA40: 101.81 | BB40: 107.67 | BC40: 93.06 | BD40: 115.33 | BE40: 99.1 | BF40: 89.76 | BG40: 108.58
A41: Channel Islands | B41: CHI | C41: Crop production index (2004-2006 = 100) | D41: AG.PRD.CROP.XD
A42: Chile | B42: CHL | C42: Crop production index (2004-2006 = 100) | D42: AG.PRD.CROP.XD | F42: 29.61 | G42: 30.71 | H42: 30.15 | I42: 31.07 | J42: 28.44 | K42: 32.65 | L42: 32.87 | M42: 34.01 | N42: 29 | O42: 30.86 | P42: 34.58 | Q42: 34.93 | R42: 30.52 | S42: 32.17 | T42: 32.34 | U42: 32.47 | V42: 38.22 | W42: 37.27 | X42: 41.53 | Y42: 40.87 | Z42: 43.21 | AA42: 43.8 | AB42: 40.78 | AC42: 45.12 | AD42: 45.25 | AE42: 47.03 | AF42: 49.53 | AG42: 53.19 | AH42: 57.6 | AI42: 60.51 | AJ42: 63 | AK42: 66.41 | AL42: 69.1 | AM42: 74.08 | AN42: 78.1 | AO42: 81.12 | AP42: 78.78 | AQ42: 80.58 | AR42: 79.41 | AS42: 81.62 | AT42: 88.58 | AU42: 90.21 | AV42: 93.89 | AW42: 95.34 | AX42: 100.9 | AY42: 103.76 | AZ42: 96.98 | BA42: 99.32 | BB42: 101.62 | BC42: 107.38 | BD42: 112.24 | BE42: 107.65 | BF42: 111.86 | BG42: 111.67
A43: China | B43: CHN | C43: Crop production index (2004-2006 = 100) | D43: AG.PRD.CROP.XD | F43: 18.02 | G43: 18.92 | H43: 19.68 | I43: 21.08 | J43: 22.81 | K43: 24.59 | L43: 24.86 | M43: 24.68 | N43: 24.82 | O43: 26.62 | P43: 27.53 | Q43: 26.66 | R43: 30.06 | S43: 30.22 | T43: 30.83 | U43: 30.47 | V43: 31.07 | W43: 34.41 | X43: 35.37 | Y43: 35 | Z43: 36.98 | AA43: 40.76 | AB43: 44.07 | AC43: 47.98 | AD43: 46.14 | AE43: 47.06 | AF43: 49.54 | AG43: 49.82 | AH43: 50.91 | AI43: 55.08 | AJ43: 55.87 | AK43: 57.83 | AL43: 61.78 | AM43: 63.39 | AN43: 67.96 | AO43: 73.51 | AP43: 75.88 | AQ43: 78.22 | AR43: 80.76 | AS43: 84.76 | AT43: 86.89 | AU43: 90.76 | AV43: 90.52 | AW43: 97.34 | AX43: 100.11 | AY43: 102.54 | AZ43: 108.04 | BA43: 114.72 | BB43: 116.77 | BC43: 120.51 | BD43: 126.75 | BE43: 131.28 | BF43: 133.6 | BG43: 137.6
A44: Cote d'Ivoire | B44: CIV | C44: Crop production index (2004-2006 = 100) | D44: AG.PRD.CROP.XD | F44: 17.98 | G44: 18.73 | H44: 20.87 | I44: 23.36 | J44: 22.25 | K44: 25.11 | L44: 23.11 | M44: 27.28 | N44: 27.33 | O44: 29.25 | P44: 30.58 | Q44: 30.56 | R44: 33.26 | S44: 34.42 | T44: 39.87 | U44: 39.99 | V44: 40.37 | W44: 40.9 | X44: 45.32 | Y44: 47.1 | Z44: 51.07 | AA44: 47.78 | AB44: 47.58 | AC44: 50.67 | AD44: 55.35 | AE44: 56.97 | AF44: 59.38 | AG44: 62.18 | AH44: 63.51 | AI44: 68.1 | AJ44: 66.23 | AK44: 69.01 | AL44: 67.29 | AM44: 69.44 | AN44: 77.11 | AO44: 80.73 | AP44: 85.03 | AQ44: 89.82 | AR44: 91.59 | AS44: 98.91 | AT44: 93.46 | AU44: 94.67 | AV44: 94.38 | AW44: 95.83 | AX44: 99.85 | AY44: 104.32 | AZ44: 99.24 | BA44: 105.6 | BB44: 98.88 | BC44: 106 | BD44: 109.65 | BE44: 119.5 | BF44: 123.37 | BG44: 135.29
A45: Cameroon | B45: CMR | C45: Crop production index (2004-2006 = 100) | D45: AG.PRD.CROP.XD | F45: 26.06 | G45: 28.11 | H45: 31.16 | I45: 31.93 | J45: 29.82 | K45: 30.9 | L45: 34.64 | M45: 36.32 | N45: 36.03 | O45: 39.27 | P45: 39.98 | Q45: 41.88 | R45: 42.85 | S45: 46.9 | T45: 46.84 | U45: 44.05 | V45: 44.84 | W45: 44.28 | X45: 45.36 | Y45: 46.51 | Z45: 47.51 | AA45: 49.41 | AB45: 48.79 | AC45: 49.26 | AD45: 52.41 | AE45: 56.85 | AF45: 48.78 | AG45: 51.85 | AH45: 52.74 | AI45: 54.79 | AJ45: 56.37 | AK45: 56.18 | AL45: 59.39 | AM45: 62.87 | AN45: 67.56 | AO45: 71.75 | AP45: 67.77 | AQ45: 72.46 | AR45: 75.8 | AS45: 77.82 | AT45: 78.58 | AU45: 80.61 | AV45: 83.34 | AW45: 85.96 | AX45: 103.61 | AY45: 110.43 | AZ45: 117.2 | BA45: 121.03 | BB45: 131.44 | BC45: 145.34 | BD45: 149.17 | BE45: 158.81 | BF45: 162.67 | BG45: 170.12
A46: Congo, Dem. Rep. | B46: COD | C46: Crop production index (2004-2006 = 100) | D46: AG.PRD.CROP.XD | F46: 61.45 | G46: 62.15 | H46: 62.71 | I46: 62.76 | J46: 62.91 | K46: 63.72 | L46: 66.21 | M46: 70.2 | N46: 71.82 | O46: 74.32 | P46: 74.95 | Q46: 76.6 | R46: 78.45 | S46: 80.38 | T46: 82.51 | U46: 83.7 | V46: 84.29 | W46: 81.49 | X46: 85.6 | Y46: 89.51 | Z46: 90.81 | AA46: 95.97 | AB46: 98.54 | AC46: 101.26 | AD46: 104.79 | AE46: 107.17 | AF46: 109.72 | AG46: 112.99 | AH46: 116.32 | AI46: 122.11 | AJ46: 126.78 | AK46: 129.83 | AL46: 130.46 | AM46: 133.81 | AN46: 109.42 | AO46: 108.42 | AP46: 105.19 | AQ46: 107.23 | AR46: 104.56 | AS46: 102.47 | AT46: 100.06 | AU46: 98.08 | AV46: 98.77 | AW46: 99.47 | AX46: 100.04 | AY46: 100.49 | AZ46: 101.53 | BA46: 102.34 | BB46: 103.16 | BC46: 104.33 | BD46: 109.08 | BE46: 110.27 | BF46: 108.84 | BG46: 111.7
A47: Congo, Rep. | B47: COG | C47: Crop production index (2004-2006 = 100) | D47: AG.PRD.CROP.XD | F47: 42.45 | G47: 43.67 | H47: 44.33 | I47: 46.22 | J47: 48.41 | K47: 49.65 | L47: 54.41 | M47: 53.97 | N47: 53.07 | O47: 52.58 | P47: 53.75 | Q47: 51.26 | R47: 53.13 | S47: 51.06 | T47: 52.52 | U47: 53.4 | V47: 54.88 | W47: 53 | X47: 54.25 | Y47: 55.77 | Z47: 58.13 | AA47: 61.45 | AB47: 60.15 | AC47: 62.97 | AD47: 65.77 | AE47: 63.62 | AF47: 65.13 | AG47: 67.57 | AH47: 66.25 | AI47: 65.83 | AJ47: 63.01 | AK47: 64.15 | AL47: 65.25 | AM47: 70.19 | AN47: 76.95 | AO47: 80.13 | AP47: 80.17 | AQ47: 78.12 | AR47: 84.32 | AS47: 86.3 | AT47: 88.07 | AU47: 89.44 | AV47: 91.15 | AW47: 95.71 | AX47: 100.25 | AY47: 104.05 | AZ47: 107.32 | BA47: 112.58 | BB47: 116.77 | BC47: 114.45 | BD47: 116.33 | BE47: 120.98 | BF47: 123.91 | BG47: 124.87
A48: Colombia | B48: COL | C48: Crop production index (2004-2006 = 100) | D48: AG.PRD.CROP.XD | F48: 31.77 | G48: 34.77 | H48: 32.73 | I48: 34.9 | J48: 35.27 | K48: 36.68 | L48: 37.61 | M48: 40.03 | N48: 40.1 | O48: 41.49 | P48: 42.35 | Q48: 44.27 | R48: 46.83 | S48: 50.05 | T48: 54.72 | U48: 55.71 | V48: 58.2 | W48: 63.06 | X48: 64.16 | Y48: 65.43 | Z48: 66.7 | AA48: 63.19 | AB48: 63.56 | AC48: 65.76 | AD48: 63.56 | AE48: 66.63 | AF48: 67.43 | AG48: 70.44 | AH48: 74.17 | AI48: 78.88 | AJ48: 81.1 | AK48: 84.25 | AL48: 80.49 | AM48: 79.88 | AN48: 83.14 | AO48: 82.52 | AP48: 83.45 | AQ48: 80.15 | AR48: 87.61 | AS48: 88.24 | AT48: 89.36 | AU48: 92.25 | AV48: 97.61 | AW48: 100.21 | AX48: 99.18 | AY48: 100.61 | AZ48: 104.43 | BA48: 102.52 | BB48: 99.81 | BC48: 96.03 | BD48: 96.39 | BE48: 102.13 | BF48: 107.98 | BG48: 111.49
A49: Comoros | B49: COM | C49: Crop production index (2004-2006 = 100) | D49: AG.PRD.CROP.XD | F49: 42.52 | G49: 42.13 | H49: 47.15 | I49: 47.16 | J49: 47.71 | K49: 48.35 | L49: 49.07 | M49: 49.32 | N49: 51.94 | O49: 50.01 | P49: 51.4 | Q49: 49.99 | R49: 49.27 | S49: 53.18 | T49: 53 | U49: 52.38 | V49: 55.91 | W49: 56.04 | X49: 57.67 | Y49: 59.26 | Z49: 54.86 | AA49: 60.09 | AB49: 61.7 | AC49: 57.83 | AD49: 61.01 | AE49: 64.71 | AF49: 70.27 | AG49: 72.79 | AH49: 72.85 | AI49: 79.97 | AJ49: 82.08 | AK49: 84 | AL49: 87.4 | AM49: 87.23 | AN49: 87.81 | AO49: 90.51 | AP49: 89.5 | AQ49: 93.82 | AR49: 95.18 | AS49: 96.13 | AT49: 97.98 | AU49: 97.67 | AV49: 99.36 | AW49: 100.21 | AX49: 95.63 | AY49: 104.15 | AZ49: 107.87 | BA49: 107.98 | BB49: 105.95 | BC49: 105.39 | BD49: 104.97 | BE49: 100.27 | BF49: 105.83 | BG49: 108.4
A50: Cabo Verde | B50: CPV | C50: Crop production index (2004-2006 = 100) | D50: AG.PRD.CROP.XD | F50: 44.7 | G50: 49 | H50: 50.89 | I50: 54.88 | J50: 60.51 | K50: 62.62 | L50: 62.9 | M50: 43.96 | N50: 44.63 | O50: 36.34 | P50: 30.81 | Q50: 29.53 | R50: 28.23 | S50: 29.14 | T50: 29.89 | U50: 35.75 | V50: 35.11 | W50: 38.93 | X50: 42.82 | Y50: 60.72 | Z50: 37.11 | AA50: 35.61 | AB50: 32.27 | AC50: 44.93 | AD50: 38.78 | AE50: 49.57 | AF50: 83.56 | AG50: 77.46 | AH50: 77.02 | AI50: 67.45 | AJ50: 55.21 | AK50: 51.81 | AL50: 52.39 | AM50: 47.87 | AN50: 49.03 | AO50: 57.62 | AP50: 54.26 | AQ50: 57.51 | AR50: 82.69 | AS50: 108.26 | AT50: 106.67 | AU50: 98.02 | AV50: 103.18 | AW50: 102.43 | AX50: 98.73 | AY50: 98.84 | AZ50: 105.17 | BA50: 102.79 | BB50: 94.74 | BC50: 86.58 | BD50: 106.6 | BE50: 112.46 | BF50: 117.92 | BG50: 123.24
A51: Costa Rica | B51: CRI | C51: Crop production index (2004-2006 = 100) | D51: AG.PRD.CROP.XD | F51: 16.34 | G51: 17.5 | H51: 18.11 | I51: 18.24 | J51: 19.99 | K51: 22.17 | L51: 23.13 | M51: 26.39 | N51: 29.46 | O51: 31.77 | P51: 34.64 | Q51: 34.77 | R51: 37.39 | S51: 34.62 | T51: 36.99 | U51: 36.44 | V51: 37.3 | W51: 39.22 | X51: 39.28 | Y51: 39.01 | Z51: 40.18 | AA51: 38.85 | AB51: 41.57 | AC51: 43.31 | AD51: 40.59 | AE51: 42.68 | AF51: 43.97 | AG51: 46.64 | AH51: 56.86 | AI51: 61.94 | AJ51: 63.49 | AK51: 69.05 | AL51: 69.39 | AM51: 70.76 | AN51: 74.19 | AO51: 79.72 | AP51: 80.98 | AQ51: 86.28 | AR51: 88.7 | AS51: 89.29 | AT51: 89.9 | AU51: 85.38 | AV51: 89.54 | AW51: 91.83 | AX51: 96.63 | AY51: 111.54 | AZ51: 107 | BA51: 103.23 | BB51: 103.94 | BC51: 111.07 | BD51: 116.89 | BE51: 119.26 | BF51: 120.92 | BG51: 127.41
A52: Caribbean small states | B52: CSS | C52: Crop production index (2004-2006 = 100) | D52: AG.PRD.CROP.XD | F52: 89.660566 | G52: 89.83607 | H52: 92.121611 | I52: 96.107542 | J52: 101.37931 | K52: 101.27951 | L52: 101.19083 | M52: 96.836018 | N52: 95.566829 | O52: 96.815893 | P52: 99.277245 | Q52: 96.029495 | R52: 89.075823 | S52: 94.596652 | T52: 91.431239 | U52: 93.349835 | V52: 95.667351 | W52: 101.15437 | X52: 95.801788 | Y52: 96.106827 | Z52: 96.328914 | AA52: 95.037456 | AB52: 89.116482 | AC52: 94.460273 | AD52: 94.076268 | AE52: 97.491554 | AF52: 94.673371 | AG52: 97.053508 | AH52: 91.838025 | AI52: 92.27178 | AJ52: 95.938473 | AK52: 104.37617 | AL52: 107.89678 | AM52: 108.96043 | AN52: 116.36236 | AO52: 120.58979 | AP52: 115.73022 | AQ52: 106.15062 | AR52: 110.31992 | AS52: 103.94895 | AT52: 105.74016 | AU52: 102.06968 | AV52: 104.13069 | AW52: 104.11026 | AX52: 93.240221 | AY52: 102.64952 | AZ52: 101.28666 | BA52: 94.831509 | BB52: 99.995607 | BC52: 100.7863 | BD52: 104.19607 | BE52: 107.31449 | BF52: 113.41127
A53: Cuba | B53: CUB | C53: Crop production index (2004-2006 = 100) | D53: AG.PRD.CROP.XD | F53: 87.17 | G53: 64.83 | H53: 57.31 | I53: 62.87 | J53: 78.98 | K53: 64.04 | L53: 80.92 | M53: 74.03 | N53: 69.51 | O53: 117.77 | P53: 83.7 | Q53: 75.36 | R53: 81.67 | S53: 90.31 | T53: 87.63 | U53: 90.52 | V53: 99.5 | W53: 113.42 | X53: 122.71 | Y53: 106.73 | Z53: 114.31 | AA53: 120.97 | AB53: 115.18 | AC53: 128 | AD53: 118.27 | AE53: 119.2 | AF53: 120.83 | AG53: 128.98 | AH53: 134.95 | AI53: 134.51 | AJ53: 130.95 | AK53: 116.4 | AL53: 79.2 | AM53: 78.37 | AN53: 71.59 | AO53: 87.36 | AP53: 84.35 | AQ53: 77.2 | AR53: 94.42 | AS53: 112.12 | AT53: 110.94 | AU53: 118.68 | AV53: 116.34 | AW53: 123.08 | AX53: 96.79 | AY53: 80.14 | AZ53: 83.28 | BA53: 83.63 | BB53: 87.46 | BC53: 76.95 | BD53: 81.34 | BE53: 86.73 | BF53: 90.47 | BG53: 91.54
A54: Curacao | B54: CUW | C54: Crop production index (2004-2006 = 100) | D54: AG.PRD.CROP.XD
A55: Cayman Islands | B55: CYM | C55: Crop production index (2004-2006 = 100) | D55: AG.PRD.CROP.XD | K55: 217.03 | L55: 221.44 | M55: 221.52 | N55: 226.21 | O55: 226.72 | P55: 226.76 | Q55: 228.99 | R55: 230.27 | S55: 219.34 | T55: 229.56 | U55: 231.18 | V55: 231.82 | W55: 225.44 | X55: 230.67 | Y55: 250.22 | Z55: 231.56 | AA55: 242.7 | AB55: 289.19 | AC55: 242.44 | AD55: 243.96 | AE55: 168.06 | AF55: 214.92 | AG55: 94.31 | AH55: 197.84 | AI55: 107.67 | AJ55: 99.42 | AK55: 118.24 | AL55: 111.77 | AM55: 105.66 | AN55: 105.4 | AO55: 96.46 | AP55: 92.87 | AQ55: 101.53 | AR55: 99.27 | AS55: 99.01 | AT55: 100.07 | AU55: 100.21 | AV55: 100.28 | AW55: 98.27 | AX55: 100.35 | AY55: 101.38 | AZ55: 102.42 | BA55: 103.5 | BB55: 103.43 | BC55: 99.36 | BD55: 103.26 | BE55: 105.87 | BF55: 106.66 | BG55: 105.57
A56: Cyprus | B56: CYP | C56: Crop production index (2004-2006 = 100) | D56: AG.PRD.CROP.XD | F56: 102.09 | G56: 102.3 | H56: 91.45 | I56: 90.47 | J56: 126.57 | K56: 123.83 | L56: 148.7 | M56: 148.47 | N56: 162.42 | O56: 149.06 | P56: 170.2 | Q56: 161.71 | R56: 114.06 | S56: 135.53 | T56: 115 | U56: 124.22 | V56: 123 | W56: 125.16 | X56: 133.9 | Y56: 137.68 | Z56: 139.25 | AA56: 135.88 | AB56: 137.13 | AC56: 141.11 | AD56: 135.79 | AE56: 123.1 | AF56: 128.67 | AG56: 143.85 | AH56: 152.74 | AI56: 136.38 | AJ56: 104.43 | AK56: 131.86 | AL56: 138.49 | AM56: 108.12 | AN56: 136.38 | AO56: 126.6 | AP56: 99.39 | AQ56: 116.03 | AR56: 119.93 | AS56: 110.99 | AT56: 105.9 | AU56: 109.29 | AV56: 104.33 | AW56: 114.53 | AX56: 93.6 | AY56: 91.87 | AZ56: 85.12 | BA56: 71.04 | BB56: 67.45 | BC56: 67.7 | BD56: 73.7 | BE56: 63.55 | BF56: 61.11 | BG56: 63.93
A57: Czech Republic | B57: CZE | C57: Crop production index (2004-2006 = 100) | D57: AG.PRD.CROP.XD | AL57: 108.86 | AM57: 97.06 | AN57: 100.53 | AO57: 104.79 | AP57: 100.53 | AQ57: 101.79 | AR57: 106.8 | AS57: 102.26 | AT57: 105.94 | AU57: 94.18 | AV57: 76.52 | AW57: 110.85 | AX57: 100.15 | AY57: 89 | AZ57: 96.05 | BA57: 106.43 | BB57: 101.44 | BC57: 89.67 | BD57: 105.7 | BE57: 89.82 | BF57: 101.65 | BG57: 120.02
A58: Germany | B58: DEU | C58: Crop production index (2004-2006 = 100) | D58: AG.PRD.CROP.XD | F58: 73.34 | G58: 89.52 | H58: 95.93 | I58: 87.73 | J58: 79.73 | K58: 85.71 | L58: 97.42 | M58: 95.35 | N58: 84.96 | O58: 90.46 | P58: 87.9 | Q58: 87.75 | R58: 91.89 | S58: 92.77 | T58: 82.98 | U58: 75.73 | V58: 86.23 | W58: 90.33 | X58: 92.26 | Y58: 84.08 | Z58: 81.92 | AA58: 98.76 | AB58: 83.77 | AC58: 98.08 | AD58: 98.07 | AE58: 100.2 | AF58: 94.42 | AG58: 101.89 | AH58: 99.09 | AI58: 93.3 | AJ58: 83.99 | AK58: 85.2 | AL58: 85.42 | AM58: 82.41 | AN58: 86.41 | AO58: 90.88 | AP58: 91.62 | AQ58: 95.46 | AR58: 100.21 | AS58: 107.46 | AT58: 104.55 | AU58: 96.28 | AV58: 84.83 | AW58: 107.11 | AX58: 99.36 | AY58: 93.53 | AZ58: 94.55 | BA58: 102.62 | BB58: 105.96 | BC58: 94.4 | BD58: 94.48 | BE58: 97.69 | BF58: 97.86 | BG58: 112.67
A59: Djibouti | B59: DJI | C59: Crop production index (2004-2006 = 100) | D59: AG.PRD.CROP.XD | F59: 2.61 | G59: 2.61 | H59: 2.61 | I59: 2.88 | J59: 3.56 | K59: 3.74 | L59: 3.97 | M59: 4.2 | N59: 4.2 | O59: 4.47 | P59: 4.47 | Q59: 4.93 | R59: 5.24 | S59: 5.83 | T59: 5.96 | U59: 6.58 | V59: 7.12 | W59: 7.82 | X59: 11.14 | Y59: 38.72 | Z59: 39.83 | AA59: 42.97 | AB59: 43.18 | AC59: 49.14 | AD59: 52.02 | AE59: 56.61 | AF59: 56.07 | AG59: 51.04 | AH59: 56.33 | AI59: 77.11 | AJ59: 77.22 | AK59: 80.19 | AL59: 80.95 | AM59: 83.29 | AN59: 85.41 | AO59: 86.44 | AP59: 89.04 | AQ59: 90.41 | AR59: 93.54 | AS59: 96.19 | AT59: 99.44 | AU59: 103.41 | AV59: 96.5 | AW59: 100.8 | AX59: 102.08 | AY59: 97.12 | AZ59: 103.22 | BA59: 106.83 | BB59: 111.95 | BC59: 112.76 | BD59: 118.56 | BE59: 133.28 | BF59: 127.36 | BG59: 125.91
A60: Dominica | B60: DMA | C60: Crop production index (2004-2006 = 100) | D60: AG.PRD.CROP.XD | F60: 87.97 | G60: 85.18 | H60: 85.7 | I60: 103.24 | J60: 116.54 | K60: 113.55 | L60: 112.9 | M60: 122.85 | N60: 128.34 | O60: 110.36 | P60: 105.69 | Q60: 105.29 | R60: 96.86 | S60: 106.57 | T60: 111.24 | U60: 124.46 | V60: 123.46 | W60: 138.41 | X60: 100.73 | Y60: 87.95 | Z60: 113.29 | AA60: 117.74 | AB60: 118.1 | AC60: 123.67 | AD60: 125.02 | AE60: 152.98 | AF60: 165.37 | AG60: 185.25 | AH60: 159.6 | AI60: 162.89 | AJ60: 152.82 | AK60: 144.86 | AL60: 150.29 | AM60: 128.39 | AN60: 114.79 | AO60: 136.27 | AP60: 132.27 | AQ60: 121.38 | AR60: 118.58 | AS60: 119.22 | AT60: 107.59 | AU60: 105.43 | AV60: 95.31 | AW60: 99.08 | AX60: 98.46 | AY60: 102.46 | AZ60: 106.62 | BA60: 105.05 | BB60: 109.89 | BC60: 108.24 | BD60: 107.01 | BE60: 110.88 | BF60: 111.17 | BG60: 115.03
A61: Denmark | B61: DNK | C61: Crop production index (2004-2006 = 100) | D61: AG.PRD.CROP.XD | F61: 58.72 | G61: 59.94 | H61: 62.08 | I61: 67.96 | J61: 61.53 | K61: 60.3 | L61: 61.21 | M61: 66.17 | N61: 63.48 | O61: 64.35 | P61: 66.25 | Q61: 65.4 | R61: 64.37 | S61: 71.06 | T61: 62.72 | U61: 58.45 | V61: 73.89 | W61: 72.89 | X61: 74.96 | Y61: 71.1 | Z61: 75.23 | AA61: 85.73 | AB61: 69.48 | AC61: 100.62 | AD61: 94.59 | AE61: 95.29 | AF61: 85.33 | AG61: 94.51 | AH61: 103.75 | AI61: 115.66 | AJ61: 108.61 | AK61: 90.19 | AL61: 103.35 | AM61: 92.14 | AN61: 101.4 | AO61: 101.56 | AP61: 105.8 | AQ61: 104.85 | AR61: 100.71 | AS61: 103.51 | AT61: 100.33 | AU61: 95.71 | AV61: 99.4 | AW61: 102.53 | AX61: 101.97 | AY61: 95.49 | AZ61: 96.71 | BA61: 104.76 | BB61: 112.92 | BC61: 100.51 | BD61: 102.53 | BE61: 105.1 | BF61: 104.23 | BG61: 115.81
A62: Dominican Republic | B62: DOM | C62: Crop production index (2004-2006 = 100) | D62: AG.PRD.CROP.XD | F62: 70.65 | G62: 72.21 | H62: 70.73 | I62: 72.88 | J62: 64.4 | K62: 68.84 | L62: 67.85 | M62: 65.26 | N62: 76.86 | O62: 80.37 | P62: 84.99 | Q62: 86.31 | R62: 92.65 | S62: 93.06 | T62: 88.77 | U62: 98.49 | V62: 97.26 | W62: 100.38 | X62: 95.8 | Y62: 94.23 | Z62: 96.24 | AA62: 102.78 | AB62: 105.96 | AC62: 104.5 | AD62: 98.76 | AE62: 99.04 | AF62: 102.99 | AG62: 100.45 | AH62: 103.22 | AI62: 82 | AJ62: 86.13 | AK62: 84.98 | AL62: 84.96 | AM62: 81.74 | AN62: 82.64 | AO62: 86.62 | AP62: 90.17 | AQ62: 88.03 | AR62: 83.5 | AS62: 88.18 | AT62: 100.4 | AU62: 102.88 | AV62: 109.76 | AW62: 101.08 | AX62: 96.03 | AY62: 102.89 | AZ62: 103.91 | BA62: 96.29 | BB62: 114.07 | BC62: 129.72 | BD62: 129.17 | BE62: 137.37 | BF62: 148.89 | BG62: 154.73
A63: Algeria | B63: DZA | C63: Crop production index (2004-2006 = 100) | D63: AG.PRD.CROP.XD | F63: 50.06 | G63: 53.26 | H63: 54.07 | I63: 46.42 | J63: 54.01 | K63: 32.47 | L63: 36.02 | M63: 48.3 | N63: 43.06 | O63: 45.02 | P63: 46.16 | Q63: 39.74 | R63: 36.57 | S63: 39.75 | T63: 44.69 | U63: 40.16 | V63: 29.51 | W63: 29.36 | X63: 34.73 | Y63: 38.21 | Z63: 39.22 | AA63: 30.73 | AB63: 32.04 | AC63: 35.13 | AD63: 48.55 | AE63: 49.26 | AF63: 46.44 | AG63: 40.31 | AH63: 46.75 | AI63: 41.09 | AJ63: 54.72 | AK63: 60.58 | AL63: 54.32 | AM63: 45.48 | AN63: 55.26 | AO63: 73.04 | AP63: 51.98 | AQ63: 60.77 | AR63: 66.87 | AS63: 56.93 | AT63: 65.94 | AU63: 67.39 | AV63: 86.45 | AW63: 98.82 | AX63: 98.92 | AY63: 102.26 | AZ63: 85.91 | BA63: 89.19 | BB63: 123.23 | BC63: 126.86 | BD63: 137.88 | BE63: 147.34 | BF63: 167.66 | BG63: 163.03
A64: East Asia & Pacific (excluding high income) | B64: EAP | C64: Crop production index (2004-2006 = 100) | D64: AG.PRD.CROP.XD | F64: 19.458435 | G64: 20.514499 | H64: 21.190207 | I64: 22.359897 | J64: 23.570321 | K64: 25.004971 | L64: 25.072743 | M64: 25.509553 | N64: 25.916766 | O64: 27.686143 | P64: 28.492843 | Q64: 27.710703 | R64: 30.86107 | S64: 31.221407 | T64: 32.063267 | U64: 32.366935 | V64: 33.01853 | W64: 36.083029 | X64: 37.061337 | Y64: 37.788489 | Z64: 39.773709 | AA64: 42.683008 | AB64: 45.330499 | AC64: 48.785985 | AD64: 48.023411 | AE64: 49.080467 | AF64: 50.753852 | AG64: 51.879625 | AH64: 53.444233 | AI64: 56.542167 | AJ64: 57.545922 | AK64: 59.957878 | AL64: 63.156938 | AM64: 64.62551 | AN64: 68.832317 | AO64: 73.28254 | AP64: 74.949497 | AQ64: 76.423609 | AR64: 79.6035 | AS64: 83.670119 | AT64: 86.07698 | AU64: 89.791193 | AV64: 91.203986 | AW64: 97.016658 | AX64: 99.789125 | AY64: 103.19422 | AZ64: 108.40045 | BA64: 114.45442 | BB64: 116.63353 | BC64: 119.70157 | BD64: 125.46964 | BE64: 130.35972 | BF64: 132.40071
A65: Early-demographic dividend | B65: EAR | C65: Crop production index (2004-2006 = 100) | D65: AG.PRD.CROP.XD | F65: 29.640279 | G65: 30.431055 | H65: 31.493833 | I65: 32.727992 | J65: 32.204225 | K65: 32.33095 | L65: 34.427519 | M65: 35.629728 | N65: 36.572569 | O65: 38.234141 | P65: 39.225019 | Q65: 38.472105 | R65: 39.877053 | S65: 41.047695 | T65: 43.086669 | U65: 43.359584 | V65: 45.49976 | W65: 47.57216 | X65: 46.743795 | Y65: 48.758294 | Z65: 51.659308 | AA65: 52.02262 | AB65: 53.999038 | AC65: 55.849317 | AD65: 57.551618 | AE65: 58.961158 | AF65: 58.867774 | AG65: 62.606397 | AH65: 64.116072 | AI65: 66.714378 | AJ65: 68.020092 | AK65: 70.292671 | AL65: 71.95776 | AM65: 73.60176 | AN65: 76.676367 | AO65: 80.495656 | AP65: 80.197593 | AQ65: 82.977578 | AR65: 86.050149 | AS65: 86.821641 | AT65: 88.507167 | AU65: 87.42377 | AV65: 93.85297 | AW65: 94.893896 | AX65: 100.42185 | AY65: 104.68425 | AZ65: 110.15071 | BA65: 112.75634 | BB65: 111.58553 | BC65: 118.99087 | BD65: 124.19672 | BE65: 126.31401 | BF65: 130.71365
A66: East Asia & Pacific | B66: EAS | C66: Crop production index (2004-2006 = 100) | D66: AG.PRD.CROP.XD | F66: 22.072102 | G66: 23.224701 | H66: 23.935336 | I66: 25.280442 | J66: 26.37116 | K66: 28.107065 | L66: 28.135241 | M66: 29.004303 | N66: 29.163418 | O66: 30.68736 | P66: 31.383993 | Q66: 30.756802 | R66: 33.917158 | S66: 34.230266 | T66: 35.286908 | U66: 35.589917 | V66: 36.408097 | W66: 39.621303 | X66: 40.523766 | Y66: 40.569754 | Z66: 42.805686 | AA66: 45.380728 | AB66: 48.342031 | AC66: 51.672997 | AD66: 50.972852 | AE66: 51.990068 | AF66: 53.33256 | AG66: 54.484845 | AH66: 56.029109 | AI66: 58.867482 | AJ66: 59.534181 | AK66: 62.235984 | AL66: 64.984635 | AM66: 66.288653 | AN66: 70.697546 | AO66: 75.214037 | AP66: 76.76363 | AQ66: 78.046469 | AR66: 81.396415 | AS66: 85.144656 | AT66: 87.553809 | AU66: 90.127576 | AV66: 91.888448 | AW66: 97.273585 | AX66: 100.20793 | AY66: 102.51848 | AZ66: 107.42684 | BA66: 113.58149 | BB66: 115.62858 | BC66: 118.28428 | BD66: 124.17717 | BE66: 129.19372 | BF66: 130.86104
A67: Europe & Central Asia (excluding high income) | B67: ECA | C67: Crop production index (2004-2006 = 100) | D67: AG.PRD.CROP.XD | AK67: 91.478049 | AL67: 91.856524 | AM67: 80.180679 | AN67: 81.865209 | AO67: 80.651105 | AP67: 84.522274 | AQ67: 75.721654 | AR67: 77.745171 | AS67: 82.816199 | AT67: 88.475773 | AU67: 91.465377 | AV67: 88.034027 | AW67: 98.656699 | AX67: 99.969993 | AY67: 101.32641 | AZ67: 95.200712 | BA67: 108.80905 | BB67: 107.39502 | BC67: 97.705852 | BD67: 119.42441 | BE67: 108.19867 | BF67: 122.38698
A68: Europe & Central Asia | B68: ECS | C68: Crop production index (2004-2006 = 100) | D68: AG.PRD.CROP.XD | AK68: 93.429149 | AL68: 93.216652 | AM68: 85.577822 | AN68: 86.444392 | AO68: 91.184745 | AP68: 92.79403 | AQ68: 88.740288 | AR68: 91.03301 | AS68: 94.071436 | AT68: 94.97254 | AU68: 95.410733 | AV68: 91.422612 | AW68: 102.90643 | AX68: 99.12736 | AY68: 97.996131 | AZ68: 94.731576 | BA68: 103.49451 | BB68: 104.005 | BC68: 96.6137 | BD68: 107.9537 | BE68: 99.26954 | BF68: 108.75043
A69: Ecuador | B69: ECU | C69: Crop production index (2004-2006 = 100) | D69: AG.PRD.CROP.XD | F69: 43.03 | G69: 43.65 | H69: 43.96 | I69: 53.21 | J69: 56.41 | K69: 51.37 | L69: 49.24 | M69: 52.18 | N69: 51.24 | O69: 50.6 | P69: 49.58 | Q69: 46.57 | R69: 46.69 | S69: 52.03 | T69: 52.29 | U69: 52.04 | V69: 53.74 | W69: 48.68 | X69: 47.82 | Y69: 52.03 | Z69: 51.48 | AA69: 50.22 | AB69: 41.59 | AC69: 46.58 | AD69: 52.31 | AE69: 54.17 | AF69: 56.05 | AG69: 61.54 | AH69: 62.44 | AI69: 66.28 | AJ69: 69.53 | AK69: 76.43 | AL69: 79.94 | AM69: 89.98 | AN69: 87.17 | AO69: 94.39 | AP69: 104.72 | AQ69: 82.47 | AR69: 99.43 | AS69: 96.33 | AT69: 95.37 | AU69: 92.38 | AV69: 97.11 | AW69: 101.48 | AX69: 100.47 | AY69: 98.05 | AZ69: 101.72 | BA69: 105.72 | BB69: 114.87 | BC69: 120.94 | BD69: 115.75 | BE69: 110.42 | BF69: 100.93 | BG69: 113.38
A70: Egypt, Arab Rep. | B70: EGY | C70: Crop production index (2004-2006 = 100) | D70: AG.PRD.CROP.XD | F70: 21.54 | G70: 26.83 | H70: 27.67 | I70: 28.22 | J70: 28.64 | K70: 28.74 | L70: 27.77 | M70: 30.11 | N70: 32.43 | O70: 32.06 | P70: 32.94 | Q70: 33.69 | R70: 33.72 | S70: 34 | T70: 34.99 | U70: 36.12 | V70: 35.11 | W70: 36.77 | X70: 39.28 | Y70: 40.24 | Z70: 39.92 | AA70: 41.69 | AB70: 42.2 | AC70: 42.11 | AD70: 45.52 | AE70: 49.39 | AF70: 51.63 | AG70: 50.02 | AH70: 51.67 | AI70: 56.08 | AJ70: 56.54 | AK70: 61.6 | AL70: 64 | AM70: 62.99 | AN70: 68.8 | AO70: 75.52 | AP70: 76.87 | AQ70: 76.07 | AR70: 82.45 | AS70: 86.77 | AT70: 85.17 | AU70: 89.29 | AV70: 90.83 | AW70: 95.92 | AX70: 98.64 | AY70: 105.45 | AZ70: 108.12 | BA70: 112.09 | BB70: 114.35 | BC70: 103.69 | BD70: 108.62 | BE70: 115 | BF70: 111.19 | BG70: 117.78
A71: Euro area | B71: EMU | C71: Crop production index (2004-2006 = 100) | D71: AG.PRD.CROP.XD | F71: 64.959494 | G71: 70.640383 | H71: 73.139866 | I71: 71.241505 | J71: 71.991434 | K71: 71.911557 | L71: 76.828811 | M71: 76.779522 | N71: 73.74947 | O71: 78.179879 | P71: 76.86153 | Q71: 75.725915 | R71: 83.448024 | S71: 82.906032 | T71: 79.92244 | U71: 76.190041 | V71: 75.538874 | W71: 82.620763 | X71: 87.565789 | Y71: 88.124467 | Z71: 82.287376 | AA71: 90.406254 | AB71: 85.836348 | AC71: 91.990203 | AD71: 91.114753 | AE71: 90.513928 | AF71: 94.364198 | AG71: 89.977059 | AH71: 93.789194 | AI71: 90.694876 | AJ71: 90.93893 | AK71: 94.202014 | AL71: 90.093293 | AM71: 88.028522 | AN71: 86.76515 | AO71: 96.562041 | AP71: 97.63116 | AQ71: 95.984445 | AR71: 100.78521 | AS71: 102.54285 | AT71: 98.88955 | AU71: 98.39822 | AV71: 94.483515 | AW71: 105.42819 | AX71: 98.3897 | AY71: 96.182114 | AZ71: 94.889283 | BA71: 97.943716 | BB71: 100.82775 | BC71: 96.297213 | BD71: 99.151369 | BE71: 91.662455 | BF71: 98.434155
A72: Eritrea | B72: ERI | C72: Crop production index (2004-2006 = 100) | D72: AG.PRD.CROP.XD | AL72: 59.92 | AM72: 99.38 | AN72: 85.07 | AO72: 67.52 | AP72: 70.39 | AQ72: 133.46 | AR72: 107.46 | AS72: 70.49 | AT72: 90.01 | AU72: 56.55 | AV72: 66.89 | AW72: 68.62 | AX72: 119.14 | AY72: 112.25 | AZ72: 129.5 | BA72: 59.44 | BB72: 82.52 | BC72: 86.18 | BD72: 93.25 | BE72: 92.64 | BF72: 98.07 | BG72: 95.71
A73: Spain | B73: ESP | C73: Crop production index (2004-2006 = 100) | D73: AG.PRD.CROP.XD | F73: 47.08 | G73: 46.08 | H73: 55.29 | I73: 47.39 | J73: 49.01 | K73: 53.25 | L73: 48.35 | M73: 52.86 | N73: 50.47 | O73: 53.52 | P73: 54.84 | Q73: 60.79 | R73: 67.49 | S73: 66.6 | T73: 66.79 | U73: 64 | V73: 58.47 | W73: 71.19 | X73: 74.59 | Y73: 75.7 | Z73: 65.34 | AA73: 76.28 | AB73: 65.5 | AC73: 82.15 | AD73: 77.85 | AE73: 77 | AF73: 89.53 | AG73: 76.85 | AH73: 84.89 | AI73: 88.91 | AJ73: 81.54 | AK73: 85.38 | AL73: 79.36 | AM73: 73.93 | AN73: 63.37 | AO73: 91.72 | AP73: 101.8 | AQ73: 92.74 | AR73: 91.91 | AS73: 102.51 | AT73: 102.72 | AU73: 99.8 | AV73: 114.31 | AW73: 104.92 | AX73: 91.66 | AY73: 103.43 | AZ73: 102.2 | BA73: 99.91 | BB73: 102.25 | BC73: 105.5 | BD73: 109.42 | BE73: 87.7 | BF73: 121.32 | BG73: 103.06
A74: Estonia | B74: EST | C74: Crop production index (2004-2006 = 100) | D74: AG.PRD.CROP.XD | AK74: 130.53 | AL74: 136.17 | AM74: 106.61 | AN74: 107.18 | AO74: 105.56 | AP74: 107.51 | AQ74: 89.98 | AR74: 85.3 | AS74: 126.47 | AT74: 105.83 | AU74: 92.79 | AV74: 90.06 | AW74: 90.79 | AX74: 116.64 | AY74: 92.57 | AZ74: 131.52 | BA74: 118.28 | BB74: 128.46 | BC74: 113.91 | BD74: 128.44 | BE74: 144.66 | BF74: 148.22 | BG74: 179.93
A75: Ethiopia | B75: ETH | C75: Crop production index (2004-2006 = 100) | D75: AG.PRD.CROP.XD | AL75: 52.42 | AM75: 53.1 | AN75: 61.5 | AO75: 73.26 | AP75: 73.86 | AQ75: 65.69 | AR75: 71.44 | AS75: 74.92 | AT75: 80.7 | AU75: 78.95 | AV75: 81.86 | AW75: 89.11 | AX75: 105.2 | AY75: 105.69 | AZ75: 107.5 | BA75: 112.65 | BB75: 126.77 | BC75: 136.76 | BD75: 144.86 | BE75: 157.38 | BF75: 168.34 | BG75: 185.49
A76: European Union | B76: EUU | C76: Crop production index (2004-2006 = 100) | D76: AG.PRD.CROP.XD | F76: 68.442755 | G76: 71.494459 | H76: 75.488131 | I76: 75.145424 | J76: 75.121315 | K76: 76.919431 | L76: 81.068611 | M76: 81.537183 | N76: 78.62291 | O76: 81.812178 | P76: 81.089081 | Q76: 82.112629 | R76: 88.568231 | S76: 87.965496 | T76: 84.405072 | U76: 83.843167 | V76: 82.682818 | W76: 89.426134 | X76: 93.166438 | Y76: 90.240985 | Z76: 88.747839 | AA76: 96.680986 | AB76: 91.769655 | AC76: 100.19319 | AD76: 96.715203 | AE76: 97.979002 | AF76: 98.130498 | AG76: 95.883684 | AH76: 99.321654 | AI76: 96.244117 | AJ76: 95.372424 | AK76: 93.871874 | AL76: 93.90279 | AM76: 89.493684 | AN76: 90.426586 | AO76: 98.183877 | AP76: 99.040352 | AQ76: 97.66166 | AR76: 100.55313 | AS76: 100.52986 | AT76: 99.552742 | AU76: 97.731926 | AV76: 93.735441 | AW76: 106.68344 | AX76: 98.029088 | AY76: 95.287469 | AZ76: 92.141374 | BA76: 99.079394 | BB76: 100.6504 | BC76: 95.792588 | BD76: 99.72242 | BE76: 91.597181 | BF76: 99.17468
A77: Fragile and conflict affected situations | B77: FCS | C77: Crop production index (2004-2006 = 100) | D77: AG.PRD.CROP.XD | F77: 31.460642 | G77: 34.090676 | H77: 34.039772 | I77: 35.579103 | J77: 35.653962 | K77: 34.802272 | L77: 37.794522 | M77: 38.525285 | N77: 40.063534 | O77: 39.820504 | P77: 41.457893 | Q77: 43.470572 | R77: 42.764517 | S77: 46.328242 | T77: 47.61482 | U77: 48.870485 | V77: 48.254207 | W77: 50.356157 | X77: 49.334429 | Y77: 53.801414 | Z77: 56.209469 | AA77: 56.714733 | AB77: 56.687761 | AC77: 56.883442 | AD77: 61.850602 | AE77: 62.7319 | AF77: 60.580528 | AG77: 65.303635 | AH77: 61.766378 | AI77: 64.126697 | AJ77: 64.565592 | AK77: 67.391466 | AL77: 69.452074 | AM77: 72.897048 | AN77: 72.935809 | AO77: 78.94926 | AP77: 78.326413 | AQ77: 82.545695 | AR77: 81.875075 | AS77: 83.732947 | AT77: 87.986793 | AU77: 91.138823 | AV77: 93.267793 | AW77: 95.116011 | AX77: 99.611556 | AY77: 105.27243 | AZ77: 104.69322 | BA77: 106.32769 | BB77: 110.89355 | BC77: 113.74596 | BD77: 115.72793 | BE77: 115.70084 | BF77: 119.22754
A78: Finland | B78: FIN | C78: Crop production index (2004-2006 = 100) | D78: AG.PRD.CROP.XD | F78: 62.28 | G78: 48.94 | H78: 64.05 | I78: 55.13 | J78: 70.28 | K78: 61.29 | L78: 65.28 | M78: 66.18 | N78: 66.26 | O78: 79.39 | P78: 76.07 | Q78: 73.33 | R78: 68.16 | S78: 70.34 | T78: 84.35 | U78: 99.5 | V78: 74.98 | W78: 81.29 | X78: 82.99 | Y78: 88.6 | Z78: 65.44 | AA78: 88.87 | AB78: 103.88 | AC78: 95.21 | AD78: 90.24 | AE78: 92.13 | AF78: 56.12 | AG78: 82.52 | AH78: 103.57 | AI78: 110.84 | AJ78: 89.98 | AK78: 77.27 | AL78: 92.59 | AM78: 93.83 | AN78: 93.71 | AO78: 97.43 | AP78: 102.61 | AQ78: 75.31 | AR78: 85.32 | AS78: 105.07 | AT78: 97.2 | AU78: 103.12 | AV78: 95.48 | AW78: 94.04 | AX78: 107.46 | AY78: 98.5 | AZ78: 104.45 | BA78: 103.16 | BB78: 108.01 | BC78: 85.97 | BD78: 98.96 | BE78: 88.59 | BF78: 100.02 | BG78: 110.02
A79: Fiji | B79: FJI | C79: Crop production index (2004-2006 = 100) | D79: AG.PRD.CROP.XD | F79: 63.55 | G79: 77.46 | H79: 89.55 | I79: 87.67 | J79: 79.57 | K79: 77.31 | L79: 75.53 | M79: 93.75 | N79: 85.49 | O79: 93.07 | P79: 83.31 | Q79: 74.83 | R79: 77.09 | S79: 69.54 | T79: 69.28 | U79: 72.02 | V79: 81.84 | W79: 83.1 | X79: 106.35 | Y79: 93.64 | Z79: 104.58 | AA79: 109.08 | AB79: 73.08 | AC79: 119.82 | AD79: 94.21 | AE79: 117.39 | AF79: 88.76 | AG79: 92.74 | AH79: 113.68 | AI79: 116.17 | AJ79: 98.06 | AK79: 102.26 | AL79: 103.27 | AM79: 109.35 | AN79: 112.63 | AO79: 109.25 | AP79: 102.26 | AQ79: 77.12 | AR79: 105.35 | AS79: 105.06 | AT79: 92.81 | AU79: 97.65 | AV79: 87.45 | AW79: 97.04 | AX79: 98.69 | AY79: 104.26 | AZ79: 89.79 | BA79: 87.52 | BB79: 82.79 | BC79: 72.77 | BD79: 83.48 | BE79: 77.17 | BF79: 75.73 | BG79: 78.15
A80: France | B80: FRA | C80: Crop production index (2004-2006 = 100) | D80: AG.PRD.CROP.XD | F80: 63.92 | G80: 81.74 | H80: 73.19 | I80: 74.54 | J80: 80.02 | K80: 72.3 | L80: 78.01 | M80: 81.32 | N80: 74.4 | O80: 83.4 | P80: 81.09 | Q80: 78.46 | R80: 92.14 | S80: 87.04 | T80: 78.26 | U80: 77.28 | V80: 73.76 | W80: 84.04 | X80: 92.32 | Y80: 90.45 | Z80: 83.79 | AA80: 95.44 | AB80: 86.78 | AC80: 97.23 | AD80: 96.32 | AE80: 93.17 | AF80: 97.67 | AG80: 95.28 | AH80: 95.74 | AI80: 96.77 | AJ80: 91.84 | AK80: 102.05 | AL80: 92.49 | AM80: 91.45 | AN80: 93.41 | AO80: 101.67 | AP80: 101.99 | AQ80: 103.1 | AR80: 105.27 | AS80: 103.16 | AT80: 95.79 | AU80: 104.12 | AV80: 89.81 | AW80: 106.13 | AX80: 99.18 | AY80: 94.69 | AZ80: 92.2 | BA80: 96.46 | BB80: 101.33 | BC80: 95.82 | BD80: 98.9 | BE80: 95.07 | BF80: 95.03 | BG80: 103.96
A81: Faroe Islands | B81: FRO | C81: Crop production index (2004-2006 = 100) | D81: AG.PRD.CROP.XD | F81: 120.59 | G81: 114.62 | H81: 128.85 | I81: 106.15 | J81: 99.21 | K81: 112.05 | L81: 99.14 | M81: 102.96 | N81: 85.18 | O81: 113.58 | P81: 90.32 | Q81: 81.64 | R81: 73.45 | S81: 73.94 | T81: 69.84 | U81: 94.07 | V81: 90.25 | W81: 90.25 | X81: 90.25 | Y81: 90.25 | Z81: 90.25 | AA81: 90.25 | AB81: 92.33 | AC81: 93.72 | AD81: 97.19 | AE81: 97.19 | AF81: 97.19 | AG81: 97.19 | AH81: 97.19 | AI81: 100.66 | AJ81: 102.76 | AK81: 105.6 | AL81: 104.67 | AM81: 104.96 | AN81: 105.03 | AO81: 104.92 | AP81: 104.64 | AQ81: 104.24 | AR81: 103.74 | AS81: 103.17 | AT81: 102.54 | AU81: 101.7 | AV81: 101.05 | AW81: 100.48 | AX81: 99.97 | AY81: 99.55 | AZ81: 97.19 | BA81: 99.28 | BB81: 99.5 | BC81: 98.19 | BD81: 101.32 | BE81: 104.14 | BF81: 111.08 | BG81: 111.18
A82: Micronesia, Fed. Sts. | B82: FSM | C82: Crop production index (2004-2006 = 100) | D82: AG.PRD.CROP.XD | AJ82: 0.08 | AK82: 0.08 | AL82: 0.08 | AM82: 0.09 | AN82: 91.25 | AO82: 91.69 | AP82: 91.79 | AQ82: 91.83 | AR82: 91.52 | AS82: 91.56 | AT82: 91.59 | AU82: 91.61 | AV82: 91.62 | AW82: 95.55 | AX82: 99.01 | AY82: 105.44 | AZ82: 106.56 | BA82: 105.12 | BB82: 104.81 | BC82: 79.44 | BD82: 79.02 | BE82: 77.33 | BF82: 83.98 | BG82: 98.44
A83: Gabon | B83: GAB | C83: Crop production index (2004-2006 = 100) | D83: AG.PRD.CROP.XD | F83: 34.35 | G83: 34.68 | H83: 33.75 | I83: 33.22 | J83: 33.41 | K83: 33.9 | L83: 34.8 | M83: 36.75 | N83: 36.54 | O83: 38.23 | P83: 39.69 | Q83: 40.66 | R83: 41.91 | S83: 42.78 | T83: 44.06 | U83: 45.58 | V83: 50.88 | W83: 55.22 | X83: 58.85 | Y83: 62.48 | Z83: 60.38 | AA83: 62.42 | AB83: 64.73 | AC83: 66.07 | AD83: 66.64 | AE83: 70.34 | AF83: 71.75 | AG83: 76.09 | AH83: 76.95 | AI83: 76.36 | AJ83: 86.1 | AK83: 82.7 | AL83: 80.11 | AM83: 82.2 | AN83: 83.58 | AO83: 88.48 | AP83: 91.07 | AQ83: 95.14 | AR83: 93.14 | AS83: 98.28 | AT83: 96.2 | AU83: 98.42 | AV83: 98.97 | AW83: 97.93 | AX83: 99.81 | AY83: 102.26 | AZ83: 105.31 | BA83: 110.52 | BB83: 109.63 | BC83: 112.81 | BD83: 118.37 | BE83: 116.98 | BF83: 121.32 | BG83: 123.63
A84: United Kingdom | B84: GBR | C84: Crop production index (2004-2006 = 100) | D84: AG.PRD.CROP.XD | F84: 56.07 | G84: 63.58 | H84: 63.98 | I84: 69.03 | J84: 71.28 | K84: 66.82 | L84: 71.92 | M84: 70.53 | N84: 70.4 | O84: 74.57 | P84: 78.37 | Q84: 74.71 | R84: 78.38 | S84: 79.95 | T84: 64.61 | U84: 62.51 | V84: 78.86 | W84: 82.87 | X84: 81.7 | Y84: 88.04 | Z84: 84.59 | AA84: 97.09 | AB84: 90.15 | AC84: 111.17 | AD84: 98.43 | AE84: 103.39 | AF84: 99.25 | AG84: 100.82 | AH84: 102.86 | AI84: 104.88 | AJ84: 105.12 | AK84: 110.4 | AL84: 103.81 | AM84: 98.95 | AN84: 98.05 | AO84: 109.37 | AP84: 108.01 | AQ84: 104.26 | AR84: 107.06 | AS84: 105.48 | AT84: 92.93 | AU84: 104.81 | AV84: 99.22 | AW84: 101.34 | AX84: 101.04 | AY84: 97.62 | AZ84: 92.58 | BA84: 106.78 | BB84: 102.66 | BC84: 101.65 | BD84: 106.16 | BE84: 91.46 | BF84: 96.46 | BG84: 113.54
A85: Georgia | B85: GEO | C85: Crop production index (2004-2006 = 100) | D85: AG.PRD.CROP.XD | AK85: 138.66 | AL85: 134.79 | AM85: 134.92 | AN85: 150.96 | AO85: 138.51 | AP85: 141.45 | AQ85: 124.2 | AR85: 138.75 | AS85: 100.55 | AT85: 104.84 | AU85: 91.72 | AV85: 121.2 | AW85: 99.07 | AX85: 132.02 | AY85: 68.91 | AZ85: 92.75 | BA85: 75.18 | BB85: 73.65 | BC85: 60.45 | BD85: 79.27 | BE85: 73.17 | BF85: 100.05 | BG85: 96.13
A86: Ghana | B86: GHA | C86: Crop production index (2004-2006 = 100) | D86: AG.PRD.CROP.XD | F86: 27.29 | G86: 27.64 | H86: 28.15 | I86: 32.01 | J86: 28.57 | K86: 28.95 | L86: 31.62 | M86: 30.38 | N86: 32.91 | O86: 34.28 | P86: 35.72 | Q86: 34.61 | R86: 34.94 | S86: 39.81 | T86: 36.76 | U86: 32.04 | V86: 27.8 | W86: 27.19 | X86: 28.37 | Y86: 28.31 | Z86: 27.57 | AA86: 25.21 | AB86: 25.15 | AC86: 33.26 | AD86: 32.72 | AE86: 35.99 | AF86: 36.76 | AG86: 37.85 | AH86: 42.33 | AI86: 34.1 | AJ86: 53.17 | AK86: 52.39 | AL86: 56.82 | AM86: 53.49 | AN86: 62.34 | AO86: 67.76 | AP86: 66.29 | AQ86: 72.72 | AR86: 77.42 | AS86: 77.77 | AT86: 81.1 | AU86: 90.19 | AV86: 93.63 | AW86: 97.44 | AX86: 99.72 | AY86: 102.83 | AZ86: 100.04 | BA86: 112.15 | BB86: 121.73 | BC86: 124.44 | BD86: 131.89 | BE86: 139.51 | BF86: 144.06 | BG86: 148.66
A87: Gibraltar | B87: GIB | C87: Crop production index (2004-2006 = 100) | D87: AG.PRD.CROP.XD
A88: Guinea | B88: GIN | C88: Crop production index (2004-2006 = 100) | D88: AG.PRD.CROP.XD | F88: 35.72 | G88: 36.18 | H88: 33.86 | I88: 35.45 | J88: 34.67 | K88: 37.66 | L88: 39.52 | M88: 40.62 | N88: 40.23 | O88: 41.79 | P88: 43.25 | Q88: 41.18 | R88: 41.56 | S88: 41.88 | T88: 42.69 | U88: 44.53 | V88: 44.96 | W88: 45.13 | X88: 46.55 | Y88: 47 | Z88: 47.29 | AA88: 47.85 | AB88: 48.22 | AC88: 50.74 | AD88: 51.76 | AE88: 52.18 | AF88: 52.75 | AG88: 54.15 | AH88: 57.58 | AI88: 60.69 | AJ88: 64.33 | AK88: 68.05 | AL88: 69.07 | AM88: 72.98 | AN88: 73.05 | AO88: 74.01 | AP88: 75.96 | AQ88: 78.84 | AR88: 81.62 | AS88: 86.52 | AT88: 85.2 | AU88: 89.2 | AV88: 93.27 | AW88: 97.02 | AX88: 100.56 | AY88: 102.42 | AZ88: 106.5 | BA88: 111.3 | BB88: 110.74 | BC88: 118.06 | BD88: 124.04 | BE88: 126.84 | BF88: 131.53 | BG88: 131.52
A89: Gambia, The | B89: GMB | C89: Crop production index (2004-2006 = 100) | D89: AG.PRD.CROP.XD | F89: 69.32 | G89: 70.45 | H89: 69.98 | I89: 72.6 | J89: 80.12 | K89: 86.72 | L89: 77.24 | M89: 85.26 | N89: 79.49 | O89: 81.35 | P89: 87.17 | Q89: 75.6 | R89: 90.23 | S89: 82.12 | T89: 79.33 | U89: 77.73 | V89: 58.31 | W89: 78.55 | X89: 46.01 | Y89: 48.5 | Z89: 74.73 | AA89: 93.19 | AB89: 70.42 | AC89: 71.51 | AD89: 61.82 | AE89: 74.73 | AF89: 76.66 | AG89: 70.27 | AH89: 83.89 | AI89: 57.38 | AJ89: 65.93 | AK89: 50.63 | AL89: 60.2 | AM89: 62.67 | AN89: 59.97 | AO89: 47.16 | AP89: 61.08 | AQ89: 59.24 | AR89: 91.1 | AS89: 101.93 | AT89: 112.56 | AU89: 64.52 | AV89: 85.18 | AW89: 109.6 | AX89: 91.82 | AY89: 98.58 | AZ89: 65.12 | BA89: 101.13 | BB89: 124.5 | BC89: 144.95 | BD89: 85.17 | BE89: 107.78 | BF89: 96.69 | BG89: 85.2
A90: Guinea-Bissau | B90: GNB | C90: Crop production index (2004-2006 = 100) | D90: AG.PRD.CROP.XD | F90: 40.98 | G90: 41.22 | H90: 39.74 | I90: 38.51 | J90: 34.85 | K90: 32.72 | L90: 32 | M90: 32.26 | N90: 30.38 | O90: 31.11 | P90: 27.69 | Q90: 29.89 | R90: 28.59 | S90: 29.69 | T90: 34.65 | U90: 39.56 | V90: 36.31 | W90: 33.85 | X90: 35.37 | Y90: 36.42 | Z90: 40.47 | AA90: 46.3 | AB90: 41.05 | AC90: 50.86 | AD90: 50.46 | AE90: 55.11 | AF90: 54.33 | AG90: 52.71 | AH90: 58.63 | AI90: 61.31 | AJ90: 58.03 | AK90: 61.51 | AL90: 62.36 | AM90: 63.08 | AN90: 66.54 | AO90: 68.65 | AP90: 74.39 | AQ90: 76.91 | AR90: 81.95 | AS90: 86.96 | AT90: 90.63 | AU90: 90.92 | AV90: 90 | AW90: 94.62 | AX90: 100.76 | AY90: 104.62 | AZ90: 104.9 | BA90: 121.21 | BB90: 124.42 | BC90: 130.7 | BD90: 126.73 | BE90: 134.53 | BF90: 141.89 | BG90: 141.29
A91: Equatorial Guinea | B91: GNQ | C91: Crop production index (2004-2006 = 100) | D91: AG.PRD.CROP.XD | F91: 112.58 | G91: 129.74 | H91: 130.92 | I91: 141.47 | J91: 138.2 | K91: 144.77 | L91: 138.95 | M91: 148.01 | N91: 122.4 | O91: 140.5 | P91: 106.58 | Q91: 73.85 | R91: 77.31 | S91: 78.43 | T91: 66.5 | U91: 57.06 | V91: 55.8 | W91: 57.52 | X91: 59.13 | Y91: 64.8 | Z91: 72.01 | AA91: 65.88 | AB91: 66.89 | AC91: 70.68 | AD91: 69.45 | AE91: 71.03 | AF91: 76.94 | AG91: 76.76 | AH91: 72.65 | AI91: 93.3 | AJ91: 89.36 | AK91: 85.65 | AL91: 82.51 | AM91: 83 | AN91: 84.92 | AO91: 87.25 | AP91: 88.67 | AQ91: 86.44 | AR91: 88.82 | AS91: 93.58 | AT91: 93.99 | AU91: 91.92 | AV91: 95.75 | AW91: 97.39 | AX91: 100.55 | AY91: 102.06 | AZ91: 106.3 | BA91: 107.64 | BB91: 106.27 | BC91: 109.73 | BD91: 111.27 | BE91: 113.86 | BF91: 115.08 | BG91: 116.79
A92: Greece | B92: GRC | C92: Crop production index (2004-2006 = 100) | D92: AG.PRD.CROP.XD | F92: 53.45 | G92: 42.83 | H92: 49.5 | I92: 47.92 | J92: 51.85 | K92: 53.83 | L92: 55.15 | M92: 53.69 | N92: 54.54 | O92: 60.06 | P92: 58.48 | Q92: 61.9 | R92: 62.96 | S92: 68.97 | T92: 74.08 | U92: 67.73 | V92: 67.78 | W92: 74.2 | X92: 69.79 | Y92: 82 | Z92: 85.83 | AA92: 86.24 | AB92: 82.93 | AC92: 87.09 | AD92: 92.56 | AE92: 85.86 | AF92: 82.92 | AG92: 90.47 | AH92: 96.21 | AI92: 79.6 | AJ92: 99.21 | AK92: 99.44 | AL92: 97.94 | AM92: 104.89 | AN92: 105.36 | AO92: 104.02 | AP92: 99.52 | AQ92: 98.5 | AR92: 108.92 | AS92: 109.79 | AT92: 108.17 | AU92: 103.45 | AV92: 91.15 | AW92: 100.88 | AX92: 103.67 | AY92: 95.44 | AZ92: 89.41 | BA92: 90.71 | BB92: 89.3 | BC92: 79.42 | BD92: 84.48 | BE92: 95.54 | BF92: 84.47 | BG92: 84.73
A93: Grenada | B93: GRD | C93: Crop production index (2004-2006 = 100) | D93: AG.PRD.CROP.XD | F93: 131.93 | G93: 140.87 | H93: 150.5 | I93: 141.68 | J93: 178.24 | K93: 177.31 | L93: 195.91 | M93: 201.16 | N93: 199.03 | O93: 191.72 | P93: 173.41 | Q93: 164.36 | R93: 155.43 | S93: 148.39 | T93: 152.32 | U93: 177.78 | V93: 173.57 | W93: 179.78 | X93: 189.02 | Y93: 172.23 | Z93: 185.45 | AA93: 163.64 | AB93: 153.06 | AC93: 170.58 | AD93: 154.08 | AE93: 163.74 | AF93: 183.94 | AG93: 160.64 | AH93: 156.21 | AI93: 159.81 | AJ93: 155.66 | AK93: 151.44 | AL93: 159.85 | AM93: 165.31 | AN93: 152.22 | AO93: 147.88 | AP93: 142.01 | AQ93: 139.74 | AR93: 145.61 | AS93: 145.14 | AT93: 132.16 | AU93: 151.11 | AV93: 133.04 | AW93: 139.23 | AX93: 74.29 | AY93: 86.49 | AZ93: 90.9 | BA93: 90.52 | BB93: 91.33 | BC93: 93.11 | BD93: 96.77 | BE93: 97.02 | BF93: 98.16 | BG93: 99.59
A94: Greenland | B94: GRL | C94: Crop production index (2004-2006 = 100) | D94: AG.PRD.CROP.XD
A95: Guatemala | B95: GTM | C95: Crop production index (2004-2006 = 100) | D95: AG.PRD.CROP.XD | F95: 18.76 | G95: 20.89 | H95: 23.05 | I95: 24.64 | J95: 25.64 | K95: 26.34 | L95: 25.07 | M95: 28.73 | N95: 29.54 | O95: 30 | P95: 29.43 | Q95: 32.89 | R95: 35.73 | S95: 38.94 | T95: 38.55 | U95: 41.05 | V95: 44.44 | W95: 45.35 | X95: 44.35 | Y95: 46.5 | Z95: 46.91 | AA95: 46.8 | AB95: 42.92 | AC95: 44.1 | AD95: 45.91 | AE95: 47.71 | AF95: 47.37 | AG95: 48.97 | AH95: 53.31 | AI95: 57.79 | AJ95: 59.55 | AK95: 61.98 | AL95: 63.34 | AM95: 64.86 | AN95: 71.38 | AO95: 75.96 | AP95: 77.85 | AQ95: 82.53 | AR95: 82.8 | AS95: 84.77 | AT95: 85.01 | AU95: 86.54 | AV95: 88.25 | AW95: 92.67 | AX95: 98.55 | AY95: 108.78 | AZ95: 124.53 | BA95: 128.31 | BB95: 135 | BC95: 138.21 | BD95: 140.56 | BE95: 152.63 | BF95: 162.79 | BG95: 169.57
A96: Guam | B96: GUM | C96: Crop production index (2004-2006 = 100) | D96: AG.PRD.CROP.XD | F96: 25.69 | G96: 27.53 | H96: 27.6 | I96: 27.26 | J96: 30.58 | K96: 30.83 | L96: 36.07 | M96: 38.48 | N96: 42.84 | O96: 38.63 | P96: 40.37 | Q96: 42.51 | R96: 44.04 | S96: 45.1 | T96: 49.69 | U96: 43.53 | V96: 51.15 | W96: 59.29 | X96: 59.4 | Y96: 54.13 | Z96: 60.69 | AA96: 61 | AB96: 63.45 | AC96: 64.22 | AD96: 66.72 | AE96: 68.42 | AF96: 69.5 | AG96: 71.88 | AH96: 71.82 | AI96: 74.1 | AJ96: 74.59 | AK96: 76.78 | AL96: 78.3 | AM96: 83.2 | AN96: 87.36 | AO96: 92.93 | AP96: 93.34 | AQ96: 93.77 | AR96: 94.38 | AS96: 95.23 | AT96: 95.33 | AU96: 97.07 | AV96: 96.75 | AW96: 99.17 | AX96: 99.25 | AY96: 101.58 | AZ96: 103.72 | BA96: 104.9 | BB96: 90.95 | BC96: 94.57 | BD96: 95.61 | BE96: 85.83 | BF96: 84.67 | BG96: 85.26
A97: Guyana | B97: GUY | C97: Crop production index (2004-2006 = 100) | D97: AG.PRD.CROP.XD | F97: 71.72 | G97: 73.48 | H97: 64.74 | I97: 73.77 | J97: 73.24 | K97: 75.52 | L97: 74.65 | M97: 67.58 | N97: 77.09 | O97: 73.51 | P97: 78.64 | Q97: 68.5 | R97: 65.71 | S97: 82.69 | T97: 79.26 | U97: 72.35 | V97: 81.49 | W97: 88.36 | X97: 77.32 | Y97: 79.93 | Z97: 84.17 | AA97: 84.19 | AB97: 74.32 | AC97: 77.48 | AD97: 75.18 | AE97: 78.56 | AF97: 71.64 | AG97: 67.8 | AH97: 64.2 | AI97: 58.68 | AJ97: 70.64 | AK97: 77.24 | AL97: 83.44 | AM97: 90.9 | AN97: 107.34 | AO97: 108.44 | AP97: 112.37 | AQ97: 101.77 | AR97: 111.47 | AS97: 101.5 | AT97: 107.18 | AU97: 105.34 | AV97: 110.82 | AW97: 108.68 | AX97: 93.03 | AY97: 98.29 | AZ97: 97.31 | BA97: 97.14 | BB97: 104.59 | BC97: 106.84 | BD97: 113.39 | BE97: 110.44 | BF97: 129.14 | BG97: 148.26
A98: High income | B98: HIC | C98: Crop production index (2004-2006 = 100) | D98: AG.PRD.CROP.XD | F98: 53.928504 | G98: 56.367786 | H98: 59.100851 | I98: 58.395898 | J98: 59.998676 | K98: 60.916285 | L98: 63.439137 | M98: 65.415599 | N98: 64.078948 | O98: 64.263379 | P98: 67.035263 | Q98: 66.912676 | R98: 71.975659 | S98: 69.299325 | T98: 71.714419 | U98: 70.964831 | V98: 73.571024 | W98: 77.43989 | X98: 81.907318 | Y98: 76.798255 | Z98: 81.417075 | AA98: 84.665711 | AB98: 74.25668 | AC98: 84.88853 | AD98: 86.568676 | AE98: 84.496585 | AF98: 84.837948 | AG98: 78.453437 | AH98: 85.459242 | AI98: 87.378647 | AJ98: 85.54626 | AK98: 90.120212 | AL98: 84.572 | AM98: 90.641449 | AN98: 85.980343 | AO98: 94.199804 | AP98: 95.661683 | AQ98: 95.217961 | AR98: 97.554353 | AS98: 98.874645 | AT98: 96.238643 | AU98: 92.379869 | AV98: 93.787371 | AW98: 104.02037 | AX98: 100.11073 | AY98: 95.868898 | AZ98: 97.991923 | BA98: 100.94067 | BB98: 103.5112 | BC98: 100.79069 | BD98: 101.67941 | BE98: 99.677187 | BF98: 106.09797
A99: Hong Kong SAR, China | B99: HKG | C99: Crop production index (2004-2006 = 100) | D99: AG.PRD.CROP.XD | F99: 286.37 | G99: 263.11 | H99: 224.61 | I99: 187.09 | J99: 217.66 | K99: 346.18 | L99: 397.37 | M99: 344.63 | N99: 371.74 | O99: 392.01 | P99: 410.81 | Q99: 384.54 | R99: 374.49 | S99: 375.14 | T99: 357.06 | U99: 369.37 | V99: 383.83 | W99: 345.85 | X99: 368.53 | Y99: 383.36 | Z99: 369.33 | AA99: 348.27 | AB99: 342.33 | AC99: 322.3 | AD99: 293.04 | AE99: 307.88 | AF99: 299.9 | AG99: 302.18 | AH99: 297.98 | AI99: 241.99 | AJ99: 234.41 | AK99: 201.3 | AL99: 190.02 | AM99: 198.01 | AN99: 190.79 | AO99: 166.97 | AP99: 162.07 | AQ99: 146.29 | AR99: 132.48 | AS99: 114.43 | AT99: 99.24 | AU99: 97.01 | AV99: 97.2 | AW99: 98.75 | AX99: 99.22 | AY99: 102.03 | AZ99: 102.6 | BA99: 101.43 | BB99: 100.25 | BC99: 99.7 | BD99: 100.02 | BE99: 106.61 | BF99: 104.84 | BG99: 102.74
A100: Honduras | B100: HND | C100: Crop production index (2004-2006 = 100) | D100: AG.PRD.CROP.XD | F100: 32.42 | G100: 32.46 | H100: 32.34 | I100: 35.97 | J100: 36.76 | K100: 44.08 | L100: 50.7 | M100: 53.89 | N100: 56.09 | O100: 53.73 | P100: 57.91 | Q100: 61.52 | R100: 58.5 | S100: 53.22 | T100: 42.32 | U100: 50.16 | V100: 56.63 | W100: 61.09 | X100: 66.14 | Y100: 66.16 | Z100: 68.69 | AA100: 69.14 | AB100: 65.61 | AC100: 61.95 | AD100: 64.03 | AE100: 63.97 | AF100: 67.71 | AG100: 68.42 | AH100: 69.85 | AI100: 72.67 | AJ100: 70.65 | AK100: 71.94 | AL100: 74.87 | AM100: 73.62 | AN100: 73.73 | AO100: 82.2 | AP100: 81.6 | AQ100: 79.44 | AR100: 63.27 | AS100: 69.83 | AT100: 75.05 | AU100: 79.24 | AV100: 90.16 | AW100: 95.54 | AX100: 104.12 | AY100: 100.33 | AZ100: 107.75 | BA100: 108.5 | BB100: 109.76 | BC100: 115.88 | BD100: 121.46 | BE100: 129.92 | BF100: 127.04 | BG100: 128.84
A101: Heavily indebted poor countries (HIPC) | B101: HPC | C101: Crop production index (2004-2006 = 100) | D101: AG.PRD.CROP.XD | F101: 33.869049 | G101: 35.361155 | H101: 36.378362 | I101: 37.793567 | J101: 37.519595 | K101: 38.667187 | L101: 41.3759 | M101: 41.771985 | N101: 43.899679 | O101: 45.521315 | P101: 46.675838 | Q101: 47.015483 | R101: 47.811885 | S101: 50.593901 | T101: 51.872801 | U101: 51.65124 | V101: 51.021296 | W101: 51.817239 | X101: 50.792622 | Y101: 51.170747 | Z101: 53.51548 | AA101: 53.623276 | AB101: 54.012792 | AC101: 54.25228 | AD101: 57.195455 | AE101: 59.060352 | AF101: 58.817175 | AG101: 61.820458 | AH101: 62.449509 | AI101: 62.448962 | AJ101: 67.056982 | AK101: 66.164513 | AL101: 66.918031 | AM101: 68.045377 | AN101: 70.847023 | AO101: 76.240961 | AP101: 76.232916 | AQ101: 79.813719 | AR101: 81.684453 | AS101: 81.884562 | AT101: 86.419069 | AU101: 89.564168 | AV101: 93.399176 | AW101: 95.385847 | AX101: 100.67902 | AY101: 103.93514 | AZ101: 104.77822 | BA101: 110.34532 | BB101: 116.51127 | BC101: 123.54304 | BD101: 126.99812 | BE101: 133.95038 | BF101: 137.91924
...

Sheet Colheitas - Gráfico
A1: Country Name | B1: Country Code | C1: Indicator Name | D1: Indicator Code | E1: 1960 | F1: 1961 | G1: 1962 | H1: 1963 | I1: 1964 | J1: 1965 | K1: 1966 | L1: 1967 | M1: 1968 | N1: 1969 | O1: 1970 | P1: 1971 | Q1: 1972 | R1: 1973 | S1: 1974 | T1: 1975 | U1: 1976 | V1: 1977 | W1: 1978 | X1: 1979 | Y1: 1980 | Z1: 1981 | AA1: 1982 | AB1: 1983 | AC1: 1984 | AD1: 1985 | AE1: 1986 | AF1: 1987 | AG1: 1988 | AH1: 1989 | AI1: 1990 | AJ1: 1991 | AK1: 1992 | AL1: 1993 | AM1: 1994 | AN1: 1995 | AO1: 1996 | AP1: 1997 | AQ1: 1998 | AR1: 1999 | AS1: 2000 | AT1: 2001 | AU1: 2002 | AV1: 2003 | AW1: 2004 | AX1: 2005 | AY1: 2006 | AZ1: 2007 | BA1: 2008 | BB1: 2009 | BC1: 2010 | BD1: 2011 | BE1: 2012 | BF1: 2013 | BG1: 2014
A2: Venezuela, RB | B2: VEN | C2: Crop production index (2004-2006 = 100) | D2: AG.PRD.CROP.XD | F2: 36.34 | G2: 36.47 | H2: 38.58 | I2: 40.47 | J2: 43.49 | K2: 44.61 | L2: 46.55 | M2: 47.49 | N2: 49.1 | O2: 52.13 | P2: 51.37 | Q2: 49.48 | R2: 50.4 | S2: 52.93 | T2: 55.33 | U2: 51.17 | V2: 60.81 | W2: 59.83 | X2: 61.18 | Y2: 60.94 | Z2: 59.93 | AA2: 60.86 | AB2: 59.46 | AC2: 59.85 | AD2: 65.2 | AE2: 71.21 | AF2: 73.97 | AG2: 78.72 | AH2: 77.51 | AI2: 76.34 | AJ2: 81.48 | AK2: 79.51 | AL2: 77.57 | AM2: 82.65 | AN2: 82.39 | AO2: 85.25 | AP2: 89.64 | AQ2: 90.74 | AR2: 93.61 | AS2: 98.8 | AT2: 97.23 | AU2: 89.69 | AV2: 91.24 | AW2: 96.02 | AX2: 102.21 | AY2: 101.77 | AZ2: 104.94 | BA2: 109.66 | BB2: 102.65 | BC2: 95.25 | BD2: 103.86 | BE2: 96.96 | BF2: 103.38 | BG2: 102.59
A3: Latin America & Caribbean (excluding high income) | B3: LAC | C3: Crop production index (2004-2006 = 100) | D3: AG.PRD.CROP.XD | F3: 28.187371 | G3: 29.097868 | H3: 29.868216 | I3: 31.374733 | J3: 34.077254 | K3: 33.351504 | L3: 35.749731 | M3: 35.33086 | N3: 35.984557 | O3: 38.343816 | P3: 39.684887 | Q3: 39.559524 | R3: 40.081238 | S3: 43.455625 | T3: 43.348602 | U3: 44.050192 | V3: 47.248402 | W3: 48.267231 | X3: 49.213361 | Y3: 50.705642 | Z3: 53.745536 | AA3: 55.053373 | AB3: 53.785971 | AC3: 57.65678 | AD3: 60.767701 | AE3: 58.639249 | AF3: 62.048493 | AG3: 63.974409 | AH3: 63.949315 | AI3: 63.856862 | AJ3: 64.832361 | AK3: 66.742272 | AL3: 65.203658 | AM3: 69.555354 | AN3: 72.393203 | AO3: 72.750591 | AP3: 75.73978 | AQ3: 77.598422 | AR3: 81.549046 | AS3: 82.599325 | AT3: 87.140157 | AU3: 89.235324 | AV3: 95.935295 | AW3: 98.066178 | AX3: 99.080352 | AY3: 102.85347 | AZ3: 111.05029 | BA3: 115.06335 | BB3: 108.33052 | BC3: 119.94743 | BD3: 124.52296 | BE3: 120.83531 | BF3: 131.17783
AQ4: =100*AQ2/$AQ$2 -> 100 | AR4: =100*AR2/$AQ$2 -> 103.16288 | AS4: =100*AS2/$AQ$2 -> 108.88252 | AT4: =100*AT2/$AQ$2 -> 107.1523 | AU4: =100*AU2/$AQ$2 -> 98.842848 | AV4: =100*AV2/$AQ$2 -> 100.55102 | AW4: =100*AW2/$AQ$2 -> 105.81882 | AX4: =100*AX2/$AQ$2 -> 112.64051 | ... BG4: =100*BG2/$AQ$2 -> 113.05929
AQ5: =100*AQ3/$AQ$3 -> 100 | AR5: =100*AR3/$AQ$3 -> 105.09111 | AS5: =100*AS3/$AQ$3 -> 106.44459 | AT5: =100*AT3/$AQ$3 -> 112.2963 | AU5: =100*AU3/$AQ$3 -> 114.99631 | AV5: =100*AV3/$AQ$3 -> 123.63047 | AW5: =100*AW3/$AQ$3 -> 126.37651 | AX5: =100*AX3/$AQ$3 -> 127.68346 | ... BF5: =100*BF3/$AQ$3 -> 169.04704

Sheet Exportações combustíveis - BM
A1: Data Source | B1: World Development Indicators
A2: Last Updated Date | B2: 42949
A4: Country Name | B4: Country Code | C4: Indicator Name | D4: Indicator Code | E4: 1960 | F4: 1961 | G4: 1962 | H4: 1963 | I4: 1964 | J4: 1965 | K4: 1966 | L4: 1967 | M4: 1968 | N4: 1969 | O4: 1970 | P4: 1971 | Q4: 1972 | R4: 1973 | S4: 1974 | T4: 1975 | U4: 1976 | V4: 1977 | W4: 1978 | X4: 1979 | Y4: 1980 | Z4: 1981 | AA4: 1982 | AB4: 1983 | AC4: 1984 | AD4: 1985 | AE4: 1986 | AF4: 1987 | AG4: 1988 | AH4: 1989 | AI4: 1990 | AJ4: 1991 | AK4: 1992 | AL4: 1993 | AM4: 1994 | AN4: 1995 | AO4: 1996 | AP4: 1997 | AQ4: 1998 | AR4: 1999 | AS4: 2000 | AT4: 2001 | AU4: 2002 | AV4: 2003 | AW4: 2004 | AX4: 2005 | AY4: 2006 | AZ4: 2007 | BA4: 2008 | BB4: 2009 | BC4: 2010 | BD4: 2011 | BE4: 2012 | BF4: 2013 | BG4: 2014 | BH4: 2015 | BI4: 2016
A5: Aruba | B5: ABW | C5: Fuel exports (% of merchandise exports) | D5: TX.VAL.FUEL.ZS.UN | AG5: 0.21345421 | AH5: 0.72583708 | AI5: 0.0039468421 | AJ5: 4.464507 | BB5: 0.0093183034 | BC5: 0.10746964 | BD5: 0.0084372589 | BE5: 0.045857888 | BF5: 0.0070365533 | BG5: 0.25065688 | BH5: 0.21533707
A6: Afghanistan | B6: AFG | C6: Fuel exports (% of merchandise exports) | D6: TX.VAL.FUEL.ZS.UN | L6: 4.4095747 | M6: 12.578967 | N6: 14.866173 | O6: 16.946149 | P6: 14.553298 | Q6: 13.730915 | R6: 11.619542 | S6: 13.974245 | T6: 20.299623 | U6: 13.224223 | BH6: 3.450456
A7: Angola | B7: AGO | C7: Fuel exports (% of merchandise exports) | D7: TX.VAL.FUEL.ZS.UN | G7: 3.0407358 | N7: 7.1764477 | O7: 13.384684 | P7: 19.947138 | Q7: 26.840866 | R7: 31.394727 | S7: 51.641514 | W7: 65.739499 | X7: 71.907042 | Y7: 77.96925 | Z7: 82.123987 | AI7: 93.47768 | AJ7: 94.831536 | AZ7: 95.718216 | BB7: 96.611775 | BC7: 96.534547 | BD7: 96.556768 | BE7: 97.177924 | BF7: 96.679568 | BG7: 96.194403 | BH7: 94.994795
A8: Albania | B8: ALB | C8: Fuel exports (% of merchandise exports) | D8: TX.VAL.FUEL.ZS.UN | AO8: 2.8592178 | AP8: 0.81208223 | AQ8: 1.1692764 | AR8: 1.978162 | AS8: 1.8513688 | AT8: 1.4483597 | AU8: 2.009643 | AV8: 0.93945393 | AW8: 2.6277119 | AX8: 8.6627295 | AY8: 13.687093 | AZ8: 7.4530032 | BA8: 21.814272 | BB8: 11.602414 | BC8: 17.973227 | BD8: 21.191947 | BE8: 26.590781 | BF8: 31.003052 | BG8: 1.5675234 | BH8: 8.8066385
A9: Andorra | B9: AND | C9: Fuel exports (% of merchandise exports) | D9: TX.VAL.FUEL.ZS.UN | AN9: 0.1713172 | AO9: 0.0081006246 | AP9: 0.0061315058 | AQ9: 0.014452566 | AR9: 0.099533597 | AS9: 0.13674331 | AT9: 0.21319724 | AU9: 0.0034123445 | AV9: 0.0066107647 | AW9: 0.0019810836 | AX9: 0.0019798574 | AY9: 0.00070813055 | AZ9: 0.0060463573 | BA9: 0.0077677598 | BB9: 0.067625008 | BC9: 0.0017441148 | BD9: 0.003082301 | BE9: 0.09857008 | BF9: 0.12831574 | BG9: 0.12313798
A10: Arab World | B10: ARB | C10: Fuel exports (% of merchandise exports) | D10: TX.VAL.FUEL.ZS.UN | S10: 80.301172 | T10: 82.202939 | U10: 81.8413 | W10: 88.028712 | X10: 86.794418 | AH10: 51.83972 | AJ10: 62.083032 | AK10: 60.721107 | AL10: 61.073425 | AQ10: 76.450955 | AR10: 80.870817 | AS10: 84.701427 | AT10: 83.958635 | AU10: 81.73107 | AW10: 82.574006 | AX10: 75.649222 | AY10: 84.309318 | AZ10: 79.851908 | BA10: 79.83419 | BB10: 79.558542 | BC10: 81.868494 | BD10: 81.763295 | BE10: 71.050205 | BF10: 73.250318 | BG10: 69.970063 | BH10: 73.258673
A11: United Arab Emirates | B11: ARE | C11: Fuel exports (% of merchandise exports) | D11: TX.VAL.FUEL.ZS.UN | W11: 94.912096 | X11: 92.027002 | AB11: 21.309763 | AH11: 3.4582794 | AJ11: 7.2975111 | AK11: 10.304269 | AL11: 9.1133027 | AR11: 91.369027 | AS11: 93.847808 | AT11: 91.785175 | AX11: 57.791117 | AZ11: 65.345244 | BA11: 64.814988 | BE11: 53.52204 | BF11: 51.518063 | BG11: 42.49624
A12: Argentina | B12: ARG | C12: Fuel exports (% of merchandise exports) | D12: TX.VAL.FUEL.ZS.UN | G12: 1.0808467 | H12: 0.82261501 | I12: 0.43226886 | J12: 0.61556872 | K12: 0.87862206 | L12: 0.52525866 | M12: 0.90589516 | N12: 0.35879544 | O12: 0.42998546 | P12: 0.48801644 | Q12: 0.32242019 | R12: 0.17139838 | S12: 0.31408828 | T12: 0.49493817 | U12: 0.50302742 | V12: 0.49233839 | W12: 0.80715252 | X12: 0.62153584 | Y12: 3.4642869 | Z12: 6.7809985 | AA12: 7.1879412 | AB12: 4.2658323 | AC12: 4.0910217 | AD12: 7.3070235 | AE12: 2.2412601 | AF12: 1.3430505 | AG12: 1.5247615 | AH12: 3.3870662 | AI12: 7.8007248 | AJ12: 6.256089 | AK12: 8.7215083 | AL12: 9.4649309 | AM12: 10.480153 | AN12: 10.372512 | AO12: 12.996931 | AP12: 11.735129 | AQ12: 8.6674616 | AR12: 12.226944 | AS12: 17.738467 | AT12: 17.128506 | AU12: 17.08865 | AV12: 17.122777 | AW12: 15.993553 | AX12: 16.38292 | AY12: 15.407375 | AZ12: 10.993998 | BA12: 9.4474044 | BB12: 10.34151 | BC12: 8.1283365 | BD12: 6.1195447 | BE12: 6.3748516 | BF12: 4.7589535 | BG12: 4.7510545 | BH12: 2.6113281
A13: Armenia | B13: ARM | C13: Fuel exports (% of merchandise exports) | D13: TX.VAL.FUEL.ZS.UN | AP13: 0.74045237 | AR13: 8.712979 | AS13: 10.607854 | AT13: 8.4852391 | AU13: 3.4449014 | AV13: 2.0423032 | AW13: 3.1913393 | AX13: 2.2772005 | AY13: 2.0741164 | AZ13: 1.2027244 | BA13: 0.26061596 | BB13: 0.095418931 | BC13: 3.1228717 | BD13: 8.4327208 | BE13: 7.9251942 | BF13: 6.0727305 | BG13: 6.3397508 | BH13: 6.419701 | BI13: 4.0741661
A14: American Samoa | B14: ASM | C14: Fuel exports (% of merchandise exports) | D14: TX.VAL.FUEL.ZS.UN
A15: Antigua and Barbuda | B15: ATG | C15: Fuel exports (% of merchandise exports) | D15: TX.VAL.FUEL.ZS.UN | R15: 95.524964 | S15: 95.580537 | T15: 91.945298 | V15: 0.083817485 | W15: 0.015360385 | Z15: 0 | AR15: 0 | AS15: 0 | AX15: 0.72479417 | AZ15: 0 | BB15: 0 | BC15: 0 | BD15: 0 | BE15: 0 | BF15: 0 | BG15: 0 | BH15: 0 | BI15: 0
A16: Australia | B16: AUS | C16: Fuel exports (% of merchandise exports) | D16: TX.VAL.FUEL.ZS.UN | H16: 3.090529 | I16: 2.7926184 | J16: 3.1449233 | K16: 3.4738152 | L16: 3.7085919 | M16: 4.6435273 | N16: 4.8465935 | O16: 5.5848245 | P16: 6.4230867 | Q16: 6.3308704 | R16: 6.3154772 | S16: 8.8369195 | T16: 11.874867 | U16: 12.763158 | V16: 13.61313 | W16: 14.165918 | X16: 12.244472 | Y16: 11.139264 | Z16: 16.006403 | AA16: 18.219829 | AB16: 23.156939 | AC16: 24.357027 | AD16: 26.911089 | AE16: 22.82888 | AF16: 20.937695 | AG16: 17.330317 | AH16: 17.394747 | AI16: 21.454362 | AJ16: 23.165581 | AK16: 22.999793 | AL16: 22.172361 | AM16: 18.72538 | AN16: 19.052536 | AO16: 19.064383 | AP16: 19.694211 | AQ16: 19.655915 | AR16: 19.422127 | AS16: 21.880427 | AT16: 21.665962 | AU16: 21.652096 | AV16: 20.943194 | AW16: 21.292308 | AX16: 26.731897 | AY16: 25.486889 | AZ16: 24.422321 | BA16: 34.267175 | BB16: 31.982039 | BC16: 30.8232 | BD16: 29.883286 | BE16: 30.357443 | BF16: 27.323126 | BG16: 28.019409 | BH16: 26.864416 | BI16: 27.653921
A17: Austria | B17: AUT | C17: Fuel exports (% of merchandise exports) | D17: TX.VAL.FUEL.ZS.UN | H17: 2.3523457 | I17: 2.9968297 | J17: 3.3218689 | K17: 3.4167964 | L17: 3.1919468 | M17: 3.0029923 | N17: 2.5182735 | O17: 2.5424476 | P17: 2.0385401 | Q17: 1.9949487 | R17: 2.1662898 | S17: 2.0445563 | T17: 2.0890065 | U17: 1.8801614 | V17: 1.9416233 | W17: 1.5684016 | X17: 1.4394996 | Y17: 1.5688122 | Z17: 1.7402738 | AA17: 1.533036 | AB17: 1.4038983 | AC17: 1.4885567 | AD17: 2.0222454 | AE17: 1.2135469 | AF17: 1.7638308 | AG17: 1.2757372 | AH17: 1.25474 | AI17: 0.99283253 | AJ17: 0.91419175 | AK17: 1.0551908 | AL17: 1.1256147 | AM17: 1.3131857 | AN17: 1.0272589 | AO17: 1.2541918 | AP17: 1.2560772 | AQ17: 1.0502471 | AR17: 1.1944249 | AS17: 1.273292 | AT17: 1.8765466 | AU17: 2.275723 | AV17: 2.5623786 | AW17: 3.1736926 | AX17: 4.6364145 | AY17: 5.2789111 | AZ17: 2.6749975 | BA17: 3.3758673 | BB17: 3.4564566 | BC17: 3.2184937 | BD17: 3.3713449 | BE17: 3.6245044 | BF17: 2.6583846 | BG17: 2.3861956 | BH17: 1.9679851
A18: Azerbaijan | B18: AZE | C18: Fuel exports (% of merchandise exports) | D18: TX.VAL.FUEL.ZS.UN | AO18: 66.390217 | AP18: 61.448381 | AQ18: 68.931057 | AR18: 78.596076 | AS18: 85.080938 | AT18: 91.328229 | AU18: 88.922375 | AV18: 86.010671 | AW18: 82.215961 | AX18: 76.764611 | AY18: 84.591342 | AZ18: 81.398966 | BA18: 97.082785 | BB18: 92.856863 | BC18: 94.509496 | BD18: 94.747394 | BE18: 93.419357 | BF18: 92.985039 | BG18: 92.638413 | BH18: 87.023136
A19: Burundi | B19: BDI | C19: Fuel exports (% of merchandise exports) | D19: TX.VAL.FUEL.ZS.UN | J19: 0.0055512444 | AL19: 0.022287002 | AV19: 0.64925694 | AW19: 0.012504214 | AX19: 0.064255629 | AY19: 0 | AZ19: 5.729812 | BA19: 1.3963581 | BB19: 1.8785852 | BC19: 2.3242844 | BD19: 0.03621768 | BE19: 0.0093611219 | BF19: 0.00046785733 | BG19: 0.039931806 | BH19: 0.005387805
A20: Belgium | B20: BEL | C20: Fuel exports (% of merchandise exports) | D20: TX.VAL.FUEL.ZS.UN | G20: 3.8103278 | H20: 4.4934046 | I20: 3.929073 | J20: 3.2411714 | K20: 2.7727842 | L20: 2.7750648 | M20: 3.1194529 | N20: 3.3014418 | O20: 2.6673534 | P20: 2.6813688 | Q20: 2.9046675 | R20: 2.8518525 | S20: 3.3335545 | T20: 4.8426159 | U20: 4.7960444 | V20: 5.3727092 | W20: 4.2692226 | X20: 6.286865 | Y20: 8.3011931 | Z20: 8.9826512 | AA20: 8.5893508 | AB20: 8.3092337 | AC20: 7.8122203 | AD20: 6.4510488 | AE20: 4.8018306 | AF20: 3.6868575 | AG20: 3.5243734 | AH20: 3.3879723 | AI20: 3.4309355 | AJ20: 3.8273014 | AK20: 3.4225432 | AL20: 3.3501179 | AM20: 2.9631152 | AN20: 2.5649438 | AO20: 3.1587068 | AP20: 2.8833999 | AQ20: 2.416943 | AR20: 2.8862155 | AS20: 4.5279837 | AT20: 4.0052681 | AU20: 4.3317387 | AV20: 5.2939629 | AW20: 5.6323581 | AX20: 6.9875964 | AY20: 7.8766346 | AZ20: 7.0089006 | BA20: 9.2006237 | BB20: 7.4583833 | BC20: 8.7912048 | BD20: 10.750997 | BE20: 11.46655 | BF20: 12.907398 | BG20: 11.336677 | BH20: 8.370263 | BI20: 6.8258414
A21: Benin | B21: BEN | C21: Fuel exports (% of merchandise exports) | D21: TX.VAL.FUEL.ZS.UN | G21: 0.11796293 | H21: 0.10552453 | I21: 0.12798768 | J21: 0.13445067 | K21: 0.20881432 | L21: 0.067484708 | M21: 0.077720656 | N21: 0.081371818 | O21: 0.15245626 | P21: 0.013171839 | Q21: 0.019950042 | R21: 0.013583675 | S21: 4.864262 | X21: 2.270102 | Y21: 4.2030181 | AA21: 3.9291302 | AK21: 14.505037 | AL21: 9.0108074 | AM21: 6.7301118 | AN21: 5.4156701 | AO21: 4.3840849 | AP21: 1.7884597 | AQ21: 1.1974156 | AR21: 0.66581537 | AT21: 0.010009294 | AU21: 0.24583184 | AV21: 0 | AW21: 0 | AX21: 0 | AY21: 0.39306142 | AZ21: 3.0663829 | BA21: 0.26672585 | BB21: 0.0079791185 | BC21: 0.010728003 | BD21: 0.10556663 | BE21: 0.0051187618 | BF21: 0.0023701579 | BG21: 0.25430376 | BH21: 3.7251701
A22: Burkina Faso | B22: BFA | C22: Fuel exports (% of merchandise exports) | D22: TX.VAL.FUEL.ZS.UN | G22: 0.20504114 | H22: 0.18511853 | I22: 0.11045238 | J22: 0.0059700153 | K22: 0.089027602 | L22: 0.015953289 | M22: 0.015988703 | N22: 0.0064415473 | O22: 0.010791428 | P22: 0.023398884 | Q22: 0.024010836 | R22: 0.51561178 | S22: 0.014863748 | T22: 0.0014403674 | V22: 0.056354739 | W22: 0.13908179 | X22: 0.57574596 | Y22: 0.11497979 | Z22: 0.17072477 | AA22: 0.0042383735 | AB22: 0.0018289727 | AN22: 0.11091817 | AO22: 0.15428457 | AP22: 1.6458384 | AQ22: 1.1407385 | AR22: 1.1043421 | AS22: 3.217922 | AT22: 0.023109655 | AU22: 0.0028183704 | AV22: 0.041422676 | AW22: 0.044905843 | AX22: 0.020282251 | AZ22: 0.0045149829 | BA22: 0.031538528 | BB22: 0.022492757 | BC22: 0.052281948 | BD22: 0.018307717 | BE22: 10.42187 | BF22: 11.610778 | BG22: 11.733031 | BH22: 0.029129375
A23: Bangladesh | B23: BGD | C23: Fuel exports (% of merchandise exports) | D23: TX.VAL.FUEL.ZS.UN | V23: 1.5347761 | W23: 1.2109293 | Y23: 0.00088388538 | Z23: 0.0017549716 | AA23: 2.2368371 | AB23: 3.7151793 | AC23: 1.877381 | AD23: 2.5458909 | AE23: 1.7343436 | AF23: 0.8663757 | AG23: 1.1117946 | AH23: 1.2276267 | AI23: 1.2788327 | AJ23: 2.0622475 | AK23: 0.89324557 | AL23: 0.85524861 | AM23: 0.47596523 | AN23: 0.44981347 | AO23: 0.26792349 | AP23: 0.38292632 | AQ23: 0.2222458 | AS23: 0.22921846 | AT23: 0.15608829 | AU23: 0.30551046 | AV23: 0.32333946 | AW23: 0.46868548 | AX23: 0.57941112 | AY23: 0.76146112 | AZ23: 1.623045 | BA23: 1.4106642 | BB23: 1.7267032 | BC23: 1.8734045 | BD23: 1.1519756
A24: Bulgaria | B24: BGR | C24: Fuel exports (% of merchandise exports) | D24: TX.VAL.FUEL.ZS.UN | AO24: 6.5069626 | AP24: 7.5843313 | AQ24: 6.2331637 | AR24: 6.9899484 | AS24: 11.654837 | AT24: 8.9495864 | AU24: 5.9907764 | AV24: 5.7949277 | AW24: 7.9778007 | AX24: 10.368707 | AY24: 13.27591 | AZ24: 14.60918 | BA24: 16.067836 | BB24: 12.600843 | BC24: 13.298118 | BD24: 13.10127 | BE24: 16.210013 | BF24: 14.751788 | BG24: 11.166175 | BH24: 9.0591971 | BI24: 8.407353
A25: Bahrain | B25: BHR | C25: Fuel exports (% of merchandise exports) | D25: TX.VAL.FUEL.ZS.UN | O25: 77.872151 | P25: 81.41453 | Q25: 78.281501 | R25: 80.622534 | S25: 84.476909 | T25: 81.456153 | U25: 78.957875 | V25: 78.63228 | W25: 79.659281 | X25: 0.72774459 | Y25: 0.2905281 | Z25: 0.21328622 | AA25: 0.12975198 | AB25: 0.057021754 | AC25: 0.17561434 | AD25: 0.072613676 | AE25: 0.034291311 | AF25: 0.00424573 | AG25: 0.0037001274 | AH25: 0.0043045511 | AI25: 0.004427745 | AJ25: 0.032088902 | AK25: 0.025898214 | AL25: 0.0093335103 | AM25: 55.549088 | AN25: 53.129218 | AO25: 0.017637078 | AS25: 0.03992076 | AT25: 66.933537 | AU25: 69.366404 | AV25: 72.518165 | AW25: 75.544618 | AX25: 78.15928 | AY25: 80.590116 | AZ25: 80.83025 | BA25: 69.062591 | BB25: 68.602043 | BC25: 74.347476 | BD25: 71.843923 | BE25: 64.148803 | BF25: 59.005034 | BG25: 58.476997 | BH25: 50.350797
A26: Bahamas, The | B26: BHS | C26: Fuel exports (% of merchandise exports) | D26: TX.VAL.FUEL.ZS.UN | S26: 91.836412 | T26: 94.507779 | U26: 90.812657 | Y26: 95.436222 | Z26: 92.163419 | AA26: 88.415691 | AB26: 89.65854 | AC26: 84.329247 | AD26: 65.692292 | AE26: 49.662184 | AF26: 37.454282 | AG26: 40.258642 | AN26: 0 | AP26: 0 | AQ26: 0.00047677571 | AR26: 0 | AS26: 0.3414706 | AT26: 0 | AU26: 0.02871824 | AV26: 0 | AW26: 0 | AY26: 0 | AZ26: 0 | BA26: 0 | BB26: 0 | BC26: 0 | BD26: 0 | BE26: 0.0020205239 | BF26: 0.0020081013 | BG26: 0 | BH26: 0
A27: Bosnia and Herzegovina | B27: BIH | C27: Fuel exports (% of merchandise exports) | D27: TX.VAL.FUEL.ZS.UN | AV27: 4.4823995 | AW27: 7.7985441 | AX27: 8.7727535 | AY27: 8.0305573 | AZ27: 7.7311225 | BA27: 9.6488193 | BB27: 13.105887 | BC27: 14.962515 | BD27: 13.83246 | BE27: 8.7968161 | BF27: 11.244646 | BG27: 9.3965957 | BH27: 6.808649 | BI27: 6.6654823
A28: Belarus | B28: BLR | C28: Fuel exports (% of merchandise exports) | D28: TX.VAL.FUEL.ZS.UN | AQ28: 7.7646309 | AR28: 9.0570691 | AS28: 19.787495 | AT28: 17.601287 | AU28: 20.077005 | AV28: 21.862943 | AW28: 26.740957 | AX28: 34.629348 | AY28: 38.178072 | AZ28: 34.919309 | BA28: 36.927038 | BB28: 37.266331 | BC28: 27.549069 | BD28: 35.653785 | BE28: 37.641642 | BF28: 32.125141 | BG28: 33.167864 | BH28: 28.915944 | BI28: 20.688443
A29: Belize | B29: BLZ | C29: Fuel exports (% of merchandise exports) | D29: TX.VAL.FUEL.ZS.UN | T29: 1.5549468 | U29: 2.5611913 | V29: 2.5521334 | W29: 2.1163958 | X29: 0 | Y29: 0 | AA29: 0 | AK29: 0 | AL29: 0 | AM29: 0 | AN29: 0 | AO29: 0.00034646574 | AP29: 0 | AQ29: 0 | AR29: 45.616412 | AS29: 0 | AV29: 0 | AW29: 0 | AX29: 9.6609225e-05 | AY29: 16.547863 | AZ29: 28.208035 | BA29: 40.262314 | BB29: 27.972454 | BC29: 36.152457 | BD29: 42.851291 | BE29: 27.368778 | BF29: 21.239146 | BG29: 16.658267 | BH29: 6.8022224
A30: Bermuda | B30: BMU | C30: Fuel exports (% of merchandise exports) | D30: TX.VAL.FUEL.ZS.UN | P30: 3.6500979 | Q30: 10.385323 | R30: 13.358973 | S30: 27.880198 | T30: 34.439602 | U30: 34.466507 | V30: 41.681549 | W30: 39.782499 | X30: 55.033624 | Y30: 44.379159 | Z30: 37.830495 | AA30: 0.090702357 | AB30: 0.8553627 | AC30: 0.0010457665 | AD30: 0.002942026 | AG30: 0.063405467 | AH30: 0.0011286043 | AI30: 0.0020262143 | AJ30: 0.0055181407 | AK30: 0.070217057 | AL30: 0.0033103149 | BE30: 6.3200662 | BH30: 0.08425699
A31: Bolivia | B31: BOL | C31: Fuel exports (% of merchandise exports) | D31: TX.VAL.FUEL.ZS.UN | G31: 1.9396786 | H31: 2.2004445 | I31: 0.64244245 | J31: 0.57544426 | K31: 4.4071862 | L31: 13.756215 | M31: 14.234909 | N31: 11.699437 | O31: 4.5311321 | P31: 11.059822 | Q31: 17.297453 | R31: 18.619047 | S31: 29.826213 | T31: 29.046609 | U31: 26.294054 | V31: 18.566611 | W31: 16.670941 | X31: 13.567161 | Y31: 23.657598 | Z31: 34.172645 | AA31: 44.491724 | AB31: 51.379293 | AC31: 49.786335 | AD31: 55.658784 | AE31: 52.268037 | AF31: 44.938889 | AG31: 36.643263 | AH31: 26.171847 | AI31: 24.565235 | AJ31: 26.763399 | AK31: 16.518512 | AL31: 13.975508 | AM31: 10.64992 | AN31: 14.553796 | AO31: 13.073874 | AP31: 9.2164838 | AQ31: 7.9631443 | AR31: 5.6256383 | AS31: 12.976686 | AT31: 24.081769 | AU31: 24.974312 | AV31: 31.456569 | AW31: 38.151979 | AX31: 49.213704 | AY31: 50.352145 | AZ31: 49.176565 | BA31: 52.303579 | BB31: 40.006969 | BC31: 43.877428 | BD31: 46.724289 | BE31: 55.005124 | BF31: 57.250313 | BG31: 57.821257 | BH31: 50.395069
A32: Brazil | B32: BRA | C32: Fuel exports (% of merchandise exports) | D32: TX.VAL.FUEL.ZS.UN | G32: 0.61200556 | H32: 0.66962834 | I32: 0.18635895 | J32: 0.0004854974 | L32: 0.05040879 | M32: 0.033904542 | N32: 0.14414933 | O32: 0.58163232 | P32: 0.82702702 | Q32: 1.0021914 | R32: 1.3479846 | S32: 1.391583 | T32: 2.3153764 | U32: 2.4748016 | V32: 1.786915 | W32: 1.5512827 | X32: 1.4959726 | Y32: 1.7760169 | Z32: 5.0556551 | AA32: 7.1557092 | AB32: 5.2908851 | AC32: 6.7678846 | AD32: 6.3562577 | AE32: 3.1246749 | AF32: 3.6079373 | AG32: 2.6723323 | AH32: 2.4732525 | AI32: 2.1598739 | AJ32: 1.3652113 | AK32: 1.5971655 | AL32: 1.65268 | AM32: 1.8102053 | AN32: 0.8745096 | AO32: 0.89064055 | AP32: 0.60996862 | AQ32: 0.71994195 | AR32: 0.83668421 | AS32: 1.6433502 | AT32: 3.5826271 | AU32: 4.8834481 | AV32: 5.1931614 | AW32: 4.5677955 | AX32: 5.9833454 | AY32: 7.7084394 | AZ32: 8.289251 | BA32: 9.4594116 | BB32: 8.9996591 | BC32: 10.13635 | BD32: 10.544742 | BE32: 11.027062 | BF32: 7.4312578 | BG32: 9.2465223 | BH32: 7.2650445 | BI32: 6.3446923
A33: Barbados | B33: BRB | C33: Fuel exports (% of merchandise exports) | D33: TX.VAL.FUEL.ZS.UN | L33: 1.2012573 | M33: 1.0542358 | N33: 1.3483374 | O33: 1.2690532 | P33: 0.23748773 | Q33: 0.59874987 | R33: 0.78344105 | S33: 1.6577303 | T33: 1.2319286 | U33: 0.95845171 | V33: 0.34576253 | W33: 0.54477968 | X33: 0.1990386 | Y33: 0.17669393 | Z33: 0.1518095 | AA33: 0.24077571 | AB33: 0.34671074 | AC33: 0.33038618 | AD33: 0.0011503081 | AE33: 0.014014617 | AF33: 18.057482 | AG33: 16.570503 | AH33: 19.371495 | AI33: 27.524657 | AJ33: 28.383401 | AK33: 0.042349491 | AL33: 0.12244203 | AM33: 0.024774928 | AN33: 0.024585798 | AO33: 0.0076066701 | AP33: 0.0084119078 | AQ33: 2.9613499 | AR33: 5.7296427 | AS33: 8.6244278 | AT33: 5.1327053 | AU33: 3.7378272 | AV33: 7.4659955 | AW33: 8.8252106 | AX33: 7.8968729 | AY33: 9.4218667 | AZ33: 22.988407 | BA33: 8.5099678 | BB33: 5.1846278 | BC33: 0.021633232 | BD33: 7.378606 | BE33: 10.807561 | BF33: 9.2066636 | BG33: 9.4263754 | BH33: 5.5648394 | BI33: 3.5516382
A34: Brunei Darussalam | B34: BRN | C34: Fuel exports (% of merchandise exports) | D34: TX.VAL.FUEL.ZS.UN | G34: 98.196278 | H34: 98.64924 | I34: 98.72202 | J34: 99.015827 | K34: 99.209865 | L34: 99.458996 | M34: 99.444707 | N34: 99.251061 | O34: 99.194803 | P34: 99.106192 | Q34: 99.458311 | R34: 99.613687 | S34: 99.797851 | T34: 99.891095 | U34: 99.893211 | V34: 99.927275 | W34: 99.934032 | X34: 99.931871 | Y34: 99.969065 | Z34: 99.955117 | AA34: 99.956008 | AB34: 99.943863 | AC34: 99.943725 | AD34: 99.93343 | AE34: 99.946232 | AF34: 99.954651 | AG34: 99.758065 | AH34: 99.635138 | AI34: 99.477791 | AJ34: 99.340378 | AK34: 99.259072 | AL34: 99.70904 | AM34: 98.693736 | AP34: 91.111138 | AQ34: 88.577353 | AT34: 95.30603 | AU34: 93.225729 | AV34: 94.381161 | AW34: 91.409431 | AY34: 96.325868 | BE34: 95.748486 | BF34: 96.527596 | BG34: 92.539892 | BH34: 92.979809
A35: Bhutan | B35: BTN | C35: Fuel exports (% of merchandise exports) | D35: TX.VAL.FUEL.ZS.UN | AJ35: 28.081941 | AK35: 22.059385 | AL35: 28.071047 | AM35: 25.618393 | AQ35: 30.998355 | AR35: 41.941408 | AX35: 30.93711 | AY35: 27.185825 | AZ35: 36.51446 | BA35: 48.917514 | BB35: 42.468724 | BC35: 1.1793812 | BD35: 1.3260338 | BE35: 32.916647
A36: Botswana | B36: BWA | C36: Fuel exports (% of merchandise exports) | D36: TX.VAL.FUEL.ZS.UN | AS36: 0.081774871 | AT36: 0.065171756 | AU36: 0.017432925 | AV36: 0.041123502 | AW36: 0.035228958 | AX36: 0.085236909 | AY36: 0.13362019 | AZ36: 0.2419926 | BA36: 0.30033926 | BB36: 0.31576523 | BC36: 0.35699853 | BD36: 0.40450789 | BE36: 0.57594424 | BF36: 0.42196583 | BG36: 0.4881349 | BH36: 0.38326427
A37: Central African Republic | B37: CAF | C37: Fuel exports (% of merchandise exports) | D37: TX.VAL.FUEL.ZS.UN | G37: 2.1318226 | I37: 0.75485802 | J37: 0.82929983 | K37: 0.17000429 | L37: 0.43201528 | M37: 0.23974928 | N37: 0.3002277 | O37: 0.18919196 | P37: 0.13537891 | R37: 0.45904628 | S37: 0.0094793983 | T37: 0.0032322456 | AH37: 0.0042551636 | AL37: 0.1734325 | AM37: 0.39594606 | AN37: 0.78270869 | AO37: 0.1903058 | AP37: 0.10842671 | AQ37: 0.19683119 | AR37: 0.15382327 | AS37: 0.45483146 | AT37: 0.075531335 | AU37: 0.0095903544 | AV37: 0 | AW37: 0.1832967 | AX37: 0.39958564 | AY37: 0.013490207 | BA37: 0.024434211 | BD37: 0.55839764 | BE37: 0.046875275 | BF37: 0.093596195 | BH37: 0.011315874
A38: Canada | B38: CAN | C38: Fuel exports (% of merchandise exports) | D38: TX.VAL.FUEL.ZS.UN | G38: 8.7878159 | H38: 5.0246924 | I38: 4.9614152 | J38: 5.0887613 | K38: 4.8380132 | L38: 5.2872589 | M38: 5.1343535 | N38: 5.4069113 | O38: 6.0449439 | P38: 7.138096 | Q38: 8.5932474 | R38: 9.7809598 | S38: 15.798414 | T38: 16.51259 | U38: 13.811454 | V38: 12.522507 | W38: 10.924138 | X38: 13.209361 | Y38: 14.278292 | Z38: 13.840955 | AA38: 14.335353 | AB38: 13.759515 | AC38: 13.102942 | AD38: 14.050746 | AE38: 9.6540471 | AF38: 10.100858 | AG38: 9.1210169 | AH38: 9.3233153 | AI38: 10.043987 | AJ38: 10.927056 | AK38: 10.47553 | AL38: 10.666211 | AM38: 9.8332814 | AN38: 9.1893839 | AO38: 10.59093 | AP38: 10.282709 | AQ38: 8.3081418 | AR38: 8.5339977 | AS38: 14.165845 | AT38: 15.368919 | AU38: 12.679782 | AV38: 16.213725 | AW38: 17.874736 | AX38: 21.600427 | AY38: 21.401276 | AZ38: 22.417293 | BA38: 29.695708 | BB38: 25.040062 | BC38: 26.294848 | BD38: 28.604673 | BE38: 26.557989 | BF38: 27.326858 | BG38: 28.067212 | BH38: 21.320659 | BI38: 18.315038
A39: Central Europe and the Baltics | B39: CEB | C39: Fuel exports (% of merchandise exports) | D39: TX.VAL.FUEL.ZS.UN | AL39: 6.8984278 | AM39: 6.8632693 | AN39: 5.5672206 | AO39: 5.5956123 | AP39: 5.1297445 | AQ39: 4.2211594 | AR39: 4.1064752 | AS39: 5.0588918 | AT39: 5.026607 | AU39: 4.8931293 | AV39: 4.2692717 | AW39: 5.098762 | AX39: 5.7740761 | AY39: 5.5770335 | AZ39: 4.6575875 | BA39: 5.5845079 | BB39: 4.8958081 | BC39: 5.3156495 | BD39: 6.0520618 | BE39: 6.1832891 | BF39: 5.6088335 | BG39: 4.9998815 | BH39: 4.579334 | BI39: 3.3148707
A40: Switzerland | B40: CHE | C40: Fuel exports (% of merchandise exports) | D40: TX.VAL.FUEL.ZS.UN | G40: 0.04824169 | H40: 0.056254692 | I40: 0.10913123 | J40: 0.12880489 | K40: 0.11582313 | L40: 0.13968568 | M40: 0.15531935 | N40: 0.16587915 | O40: 0.16693498 | P40: 0.091287976 | Q40: 0.095297373 | R40: 0.15500391 | S40: 0.22018483 | T40: 0.18396388 | U40: 0.13048823 | V40: 0.13657871 | W40: 0.089618584 | X40: 0.087948707 | Y40: 0.12149606 | Z40: 0.11451606 | AA40: 0.13763632 | AB40: 0.28713159 | AC40: 0.35144529 | AD40: 0.3295861 | AE40: 0.1707482 | AF40: 0.13492452 | AG40: 0.13584172 | AH40: 0.11020203 | AI40: 0.12632602 | AJ40: 0.20602953 | AK40: 0.15757876 | AL40: 0.17887632 | AM40: 0.17752759 | AN40: 0.15116053 | AO40: 0.16572006 | AP40: 0.28570703 | AQ40: 0.25322656 | AR40: 0.27236507 | AS40: 0.40907628 | AT40: 0.37171491 | AU40: 2.0685217 | AV40: 2.0721829 | AW40: 1.9116884 | AX40: 2.1822024 | AY40: 2.5891762 | AZ40: 2.4690876 | BA40: 3.0911229 | BB40: 2.8961321 | BC40: 2.9052602 | BD40: 3.2116972 | BE40: 3.3280451 | BF40: 1.6653534 | BG40: 1.5378546 | BH40: 1.34289 | BI40: 1.0174226
A41: Channel Islands | B41: CHI | C41: Fuel exports (% of merchandise exports) | D41: TX.VAL.FUEL.ZS.UN
A42: Chile | B42: CHL | C42: Fuel exports (% of merchandise exports) | D42: TX.VAL.FUEL.ZS.UN | G42: 0.0070056978 | H42: 0.0070847871 | I42: 0.008932182 | J42: 0.0067594879 | K42: 0.0055174194 | L42: 0.13000474 | M42: 0.096766082 | N42: 0.064735434 | O42: 0.033853484 | P42: 0.097130294 | Q42: 0.32801808 | R42: 0.2077793 | S42: 0.80436327 | T42: 0.86567251 | U42: 1.5684642 | V42: 2.740669 | W42: 1.6988837 | X42: 1.2974718 | Y42: 1.2960962 | Z42: 1.8007774 | AA42: 1.9938648 | AB42: 1.5831056 | AC42: 1.2626859 | AD42: 0.47320528 | AE42: 0.061812823 | AF42: 0.14039722 | AG42: 0.1773337 | AH42: 0.31510448 | AI42: 0.52434665 | AJ42: 0.5297359 | AK42: 0.34649319 | AL42: 0.18329577 | AM42: 0.21528181 | AN42: 0.25703396 | AO42: 0.19239468 | AP42: 0.30786474 | AQ42: 0.39853133 | AR42: 0.44329185 | AS42: 1.137423 | AT42: 1.4762678 | AU42: 1.2102339 | AV42: 2.763039 | AW42: 2.1586017 | AX42: 2.6946356 | AY42: 2.3914021 | AZ42: 1.7626904 | BA42: 2.2581117 | BB42: 1.3650531 | BC42: 0.86127545 | BD42: 1.0344205 | BE42: 0.92278193 | BF42: 0.9155815 | BG42: 0.85166074 | BH42: 0.71064103 | BI42: 0.71391529
A43: China | B43: CHN | C43: Fuel exports (% of merchandise exports) | D43: TX.VAL.FUEL.ZS.UN | AC43: 23.020977 | AD43: 25.758953 | AE43: 11.64274 | AF43: 11.45505 | AG43: 8.2462121 | AH43: 8.1508298 | AI43: 8.3082083 | AJ43: 6.5079638 | AK43: 5.4771134 | AL43: 4.4537327 | AM43: 3.350939 | AN43: 3.5753454 | AO43: 3.907836 | AP43: 3.8083384 | AQ43: 2.8015652 | AR43: 2.3817046 | AS43: 3.1435096 | AT43: 3.1576042 | AU43: 2.5921423 | AV43: 2.5364234 | AW43: 2.4340156 | AX43: 2.2987766 | AY43: 1.8110003 | AZ43: 1.6861118 | BA43: 2.2054974 | BB43: 1.6981078 | BC43: 1.6886085 | BD43: 1.6934686 | BE43: 1.5016763 | BF43: 1.5213628 | BG43: 1.4587549 | BH43: 1.2236776
A44: Cote d'Ivoire | B44: CIV | C44: Fuel exports (% of merchandise exports) | D44: TX.VAL.FUEL.ZS.UN | G44: 0.0031238984 | H44: 0.076678309 | I44: 0.0031676005 | J44: 0.010113976 | K44: 0.012060123 | L44: 1.1452547 | M44: 0.90478813 | N44: 0.89138417 | O44: 0.61948022 | P44: 0.54095102 | Q44: 2.0705398 | R44: 2.2783852 | S44: 3.7308975 | T44: 5.6594831 | U44: 3.8629177 | V44: 3.8024465 | W44: 3.700541 | X44: 4.484394 | Z44: 7.5426316 | AA44: 13.025882 | AB44: 11.451279 | AD44: 9.7076624 | AN44: 9.5967775 | AO44: 16.338309 | AP44: 13.201925 | AQ44: 9.8547642 | AR44: 12.700452 | AS44: 20.518266 | AT44: 14.965896 | AU44: 11.432358 | AV44: 9.3253521 | AW44: 18.566204 | AX44: 27.809633 | AY44: 36.989249 | AZ44: 32.710099 | BA44: 37.381734 | BB44: 29.982982 | BC44: 24.086259 | BD44: 25.660289 | BE44: 30.919005 | BF44: 25.016931 | BG44: 21.45598 | BH44: 13.795719
A45: Cameroon | B45: CMR | C45: Fuel exports (% of merchandise exports) | D45: TX.VAL.FUEL.ZS.UN | G45: 0.034514558 | H45: 0.0075304213 | I45: 0.015211717 | J45: 0.055865216 | K45: 0.020136667 | L45: 0.022201972 | M45: 0.013153464 | N45: 0.032958272 | O45: 0.040597289 | P45: 0.047479996 | Q45: 0.18474054 | R45: 0.1688925 | S45: 0.21572327 | T45: 0.31888773 | U45: 0.38812229 | V45: 0.069755585 | W45: 3.263936 | X45: 23.59723 | Y45: 30.673195 | AA45: 46.963771 | AE45: 9.9046643 | AF45: 17.506824 | AH45: 18.0198 | AI45: 49.863688 | AN45: 29.164183 | AO45: 36.152579 | AP45: 33.145544 | AS45: 54.150737 | AT45: 51.902561 | AU45: 49.187109 | AV45: 48.81234 | AW45: 46.685036 | AX45: 56.865345 | AY45: 61.610781 | AZ45: 58.680622 | BA45: 1.2471168 | BB45: 0.94743067 | BC45: 49.548195 | BD45: 0.55225781 | BE45: 55.611473 | BF45: 54.654774 | BG45: 54.384769 | BH45: 44.647687
A46: Congo, Dem. Rep. | B46: COD | C46: Fuel exports (% of merchandise exports) | D46: TX.VAL.FUEL.ZS.UN | G46: 0.00055624274 | J46: 0.33018528 | O46: 0.17462516 | Q46: 2.98881 | R46: 0.17520986 | S46: 0.1564033 | T46: 0.66968044 | U46: 8.8618787 | V46: 3.5303548 | W46: 1.3161732
A47: Congo, Rep. | B47: COG | C47: Fuel exports (% of merchandise exports) | D47: TX.VAL.FUEL.ZS.UN | G47: 7.5625948 | H47: 3.4904139 | I47: 3.1794888 | J47: 2.6693289 | K47: 2.8622574 | L47: 1.4954125 | M47: 1.969123 | O47: 1.0507201 | P47: 1.2094422 | Q47: 4.9681725 | R47: 32.99529 | S47: 69.263627 | T47: 73.390434 | U47: 75.283129 | V47: 54.516433 | W47: 62.907067 | X47: 85.162846 | Y47: 89.580511 | AB47: 87.638975 | AC47: 91.753345 | AD47: 93.255041 | AE47: 89.095318 | AL47: 94.389482 | AM47: 83.377776 | AN47: 87.64077 | AZ47: 87.024618 | BA47: 84.094354 | BB47: 70.659309 | BC47: 67.720452 | BD47: 77.666166 | BE47: 78.897828 | BF47: 75.709781 | BG47: 61.868157
A48: Colombia | B48: COL | C48: Fuel exports (% of merchandise exports) | D48: TX.VAL.FUEL.ZS.UN | G48: 14.656862 | H48: 18.315412 | I48: 15.122975 | J48: 17.821105 | K48: 16.032397 | L48: 14.647263 | M48: 9.0927892 | N48: 12.773592 | O48: 10.058417 | P48: 10.181916 | Q48: 7.5645368 | R48: 5.2672466 | S48: 8.2755838 | T48: 7.2099399 | U48: 4.0707605 | V48: 3.9231992 | W48: 4.3099385 | X48: 3.9927781 | Y48: 2.8481127 | Z48: 1.5472406 | AA48: 7.4479655 | AB48: 14.65395 | AC48: 14.867173 | AD48: 16.281215 | AE48: 13.019403 | AF48: 32.524925 | AG48: 25.749717 | AH48: 32.375105 | AI48: 36.893432 | AJ48: 28.767919 | AK48: 28.471041 | AL48: 26.5032 | AM48: 21.92008 | AN48: 27.70819 | AO48: 36.354464 | AP48: 31.347538 | AQ48: 30.001042 | AR48: 39.735298 | AS48: 43.110013 | AT48: 36.334072 | AU48: 36.266402 | AV48: 38.953433 | AW48: 38.220067 | AX48: 40.439892 | AY48: 39.771023 | AZ48: 37.241412 | BA48: 47.256862 | BB48: 50.721914 | BC48: 60.403379 | BD48: 68.201344 | BE48: 69.641475 | BF48: 69.42937 | BG48: 67.528601 | BH48: 54.449427
A49: Comoros | B49: COM | C49: Fuel exports (% of merchandise exports) | D49: TX.VAL.FUEL.ZS.UN | G49: 0.31233696 | AP49: 0.097720275 | AT49: 0.0046984426 | BB49: 0.023865792 | BC49: 0.05476624 | BD49: 0.081639455 | BE49: 0.028739098 | BF49: 4.965876e-05
A50: Cabo Verde | B50: CPV | C50: Fuel exports (% of merchandise exports) | D50: TX.VAL.FUEL.ZS.UN | W50: 0 | X50: 1.318839 | AC50: 2.7667892 | AN50: 0 | AO50: 0 | AP50: 0 | AQ50: 0 | AR50: 0 | AS50: 0 | AX50: 0 | AY50: 0 | AZ50: 0 | BB50: 0 | BC50: 0 | BD50: 0.00058938219 | BE50: 0 | BF50: 0 | BG50: 0 | BH50: 0
A51: Costa Rica | B51: CRI | C51: Fuel exports (% of merchandise exports) | D51: TX.VAL.FUEL.ZS.UN | J51: 0.00098368957 | K51: 0.00043318118 | L51: 0.01701008 | M51: 0.16630685 | N51: 0.084011618 | O51: 0.41661755 | P51: 0.81766798 | Q51: 0.23085109 | R51: 0.11473259 | S51: 0.13429613 | T51: 0.066086621 | U51: 0.1257855 | V51: 0.093575946 | W51: 0.10259719 | X51: 0.087613011 | Y51: 0.60000868 | Z51: 1.2405255 | AA51: 0.91384969 | AB51: 1.742999 | AC51: 1.9068393 | AD51: 1.8087982 | AE51: 1.3537256 | AF51: 1.05951 | AG51: 0.82151381 | AH51: 1.0626155 | AI51: 1.015771 | AJ51: 0.50382704 | AK51: 0.54352643 | AL51: 0.3936569 | AM51: 0.58068779 | AN51: 0.77617056 | AO51: 0.86875259 | AP51: 0.54427884 | AQ51: 0.38964882 | AR51: 0.36666679 | AS51: 0.6179054 | AT51: 0.84765952 | AU51: 1.0189187 | AV51: 0.48768393 | AW51: 0.075155536 | AX51: 0.48971066 | AY51: 0.6161169 | AZ51: 0.58070074 | BA51: 0.84861699 | BB51: 0.57419657 | BC51: 0.58205557 | BD51: 0.34201427 | BE51: 0.056626986 | BF51: 0.048842854 | BG51: 0.043355735 | BH51: 0.055046129
A52: Caribbean small states | B52: CSS | C52: Fuel exports (% of merchandise exports) | D52: TX.VAL.FUEL.ZS.UN | O52: 69.059544 | P52: 69.170873 | Q52: 63.00067 | R52: 57.246307 | S52: 72.866788 | T52: 68.387034 | U52: 70.566876 | V52: 70.085718 | W52: 68.544777 | X52: 69.929484 | Y52: 76.697119 | Z52: 72.000827 | AA52: 72.393368 | AB52: 71.782387 | AC52: 70.72278 | AD52: 67.400221 | AE52: 59.347865 | AF52: 59.546403 | AG52: 44.737746 | AH52: 45.451558 | AI52: 50.105155 | AJ52: 49.384465 | AK52: 46.271881 | AL52: 45.790386 | AM52: 34.901071 | AN52: 32.591782 | AO52: 37.590961 | AP52: 31.441633 | AQ52: 29.218574 | AR52: 40.713421 | AS52: 41.943665 | AT52: 32.471309 | AU52: 40.113832 | AV52: 40.120058 | AW52: 39.156919 | AX52: 47.829639 | AY52: 51.204564 | AZ52: 45.18872 | BA52: 48.784922 | BB52: 53.892545 | BC52: 47.10903
A53: Cuba | B53: CUB | C53: Fuel exports (% of merchandise exports) | D53: TX.VAL.FUEL.ZS.UN | AR53: 1.2689095 | AS53: 3.1256722 | AT53: 1.4859928 | AU53: 0.40173562 | AV53: 1.5001725 | AW53: 0.50028162 | AX53: 0.8495535 | AY53: 0.0015272457
A54: Curacao | B54: CUW | C54: Fuel exports (% of merchandise exports) | D54: TX.VAL.FUEL.ZS.UN
A55: Cayman Islands | B55: CYM | C55: Fuel exports (% of merchandise exports) | D55: TX.VAL.FUEL.ZS.UN | Y55: 0.0075951618
A56: Cyprus | B56: CYP | C56: Fuel exports (% of merchandise exports) | D56: TX.VAL.FUEL.ZS.UN | Q56: 0.2858223 | S56: 0.033318915 | T56: 0.42386381 | U56: 3.8529882 | V56: 1.8463036 | W56: 2.4250257 | X56: 5.0557073 | Y56: 5.2330649 | Z56: 5.6790532 | AA56: 6.9570716 | AB56: 8.3788871 | AC56: 6.3035827 | AD56: 8.1071976 | AE56: 5.8756688 | AF56: 5.1958701 | AG56: 1.2181911 | AH56: 1.7933077 | AI56: 1.9107475 | AJ56: 1.7235499 | AK56: 2.2037731 | AL56: 2.3715487 | AM56: 2.6069525 | AN56: 1.6264244 | AO56: 2.5895577 | AP56: 1.9265994 | AQ56: 2.6050581 | AR56: 3.0209504 | AS56: 5.9190881 | AT56: 5.0905176 | AU56: 3.8925956 | AV56: 3.5915748 | AW56: 0.96968076 | AX56: 0.038646966 | AY56: 0.057510331 | AZ56: 0.0076315905 | BA56: 0.0048431632 | BB56: 0.00039748108 | BC56: 0.0024041456 | BD56: 0.013896236 | BE56: 9.9872643e-06 | BF56: 2.4147921e-05 | BG56: 0 | BH56: 11.854908 | BI56: 19.757709
A57: Czech Republic | B57: CZE | C57: Fuel exports (% of merchandise exports) | D57: TX.VAL.FUEL.ZS.UN | AL57: 5.8747876 | AM57: 5.5299192 | AN57: 4.2311932 | AO57: 4.492279 | AP57: 3.7214185 | AQ57: 2.9417296 | AR57: 2.8098712 | AS57: 2.9840234 | AT57: 2.9396002 | AU57: 3.9589841 | AV57: 2.8177498 | AW57: 2.693237 | AX57: 2.8768356 | AY57: 2.7049975 | AZ57: 2.5794281 | BA57: 2.9576095 | BB57: 3.5514725 | BC57: 3.6520372 | BD57: 3.763927 | BE57: 3.786292 | BF57: 2.9548773 | BG57: 2.6444265 | BH57: 2.9493064 | BI57: 1.8908031
A58: Germany | B58: DEU | C58: Fuel exports (% of merchandise exports) | D58: TX.VAL.FUEL.ZS.UN | G58: 5.404979 | H58: 5.3803977 | I58: 4.5661805 | J58: 4.8145817 | K58: 4.1543471 | L58: 3.034553 | M58: 4.9049459 | N58: 4.1472833 | O58: 4.4476581 | P58: 4.9148648 | Q58: 2.3967199 | R58: 2.3243258 | S58: 4.1454937 | T58: 3.7118968 | U58: 3.4472688 | V58: 3.1415318 | W58: 3.1731003 | X58: 3.3161832 | Y58: 3.7162561 | Z58: 3.9667111 | AA58: 3.6726868 | AB58: 3.3182658 | AC58: 3.2261099 | AD58: 2.7440412 | AE58: 1.5903701 | AF58: 1.3171086 | AG58: 1.2824502 | AH58: 1.2897674 | AI58: 1.3341001 | AJ58: 1.3157611 | AK58: 1.3024483 | AL58: 1.2619773 | AM58: 1.206577 | AN58: 1.0648658 | AO58: 1.3590269 | AP58: 1.2612901 | AQ58: 1.1168922 | AR58: 1.1152998 | AS58: 1.4539215 | AT58: 1.4995326 | AU58: 1.4813602 | AV58: 1.5536856 | AW58: 1.8899606 | AX58: 2.1592954 | AY58: 2.5192355 | AZ58: 2.2931066 | BA58: 2.5664713 | BB58: 2.0977415 | BC58: 1.9343669 | BD58: 2.3172491 | BE58: 2.4730594 | BF58: 2.4638158 | BG58: 2.3028798 | BH58: 2.2130657 | BI58: 1.7296537
A59: Djibouti | B59: DJI | C59: Fuel exports (% of merchandise exports) | D59: TX.VAL.FUEL.ZS.UN | AE59: 0.26543744 | AF59: 0.013685624 | AG59: 0.034243044 | AH59: 0.020932061 | AI59: 0.024832454 | AJ59: 0.030149236 | BB59: 6.4733194
A60: Dominica | B60: DMA | C60: Fuel exports (% of merchandise exports) | D60: TX.VAL.FUEL.ZS.UN | V60: 0 | W60: 0 | AB60: 0 | AE60: 0 | AF60: 0 | AG60: 0.00032105386 | AH60: 3.6711728e-05 | AI60: 0 | AJ60: 0 | AL60: 0.0002389251 | AM60: 0.00087924904 | AN60: 0.00010761083 | AP60: 3.9224746e-06 | AR60: 0 | AS60: 0 | AT60: 0 | AU60: 0 | AV60: 0 | AW60: 0 | AX60: 0 | AY60: 0 | AZ60: 0 | BA60: 0 | BB60: 0 | BC60: 0.052801916 | BE60: 0
A61: Denmark | B61: DNK | C61: Fuel exports (% of merchandise exports) | D61: TX.VAL.FUEL.ZS.UN | G61: 0.8331702 | H61: 0.62024503 | I61: 0.85893502 | J61: 1.0867841 | K61: 1.3127274 | L61: 1.3291168 | M61: 1.5107246 | N61: 1.9009823 | O61: 2.5021918 | P61: 2.2630272 | Q61: 2.0744097 | R61: 2.1607374 | S61: 3.7494425 | T61: 3.3749168 | U61: 3.7267923 | V61: 3.2003796 | W61: 2.5552143 | X61: 3.9179816 | Y61: 3.4490772 | Z61: 3.2156322 | AA61: 2.5756599 | AB61: 4.9965501 | AC61: 5.1736282 | AD61: 5.4794578 | AE61: 3.1295398 | AF61: 2.9732349 | AG61: 2.2022428 | AH61: 2.9991204 | AI61: 3.3262033 | AJ61: 3.6306691 | AK61: 3.4506637 | AL61: 2.9726709 | AM61: 2.5038017 | AN61: 2.6046763 | AO61: 4.3127663 | AP61: 3.7702017 | AQ61: 2.7689244 | AR61: 3.7799346 | AS61: 7.0161741 | AT61: 5.7337791 | AU61: 6.1889589 | AV61: 6.5626395 | AW61: 7.8566278 | AX61: 9.6548828 | AY61: 10.107469 | AZ61: 8.4522492 | BA61: 9.6002269 | BB61: 7.6535145 | BC61: 8.0922914 | BD61: 8.9407615 | BE61: 9.3836733 | BF61: 8.5917191 | BG61: 6.5418163 | BH61: 4.8202164 | BI61: 3.6063606
A62: Dominican Republic | B62: DOM | C62: Fuel exports (% of merchandise exports) | D62: TX.VAL.FUEL.ZS.UN | S62: 1.8343327e-05 | T62: 0.0026268579 | U62: 0.069147173 | V62: 0.0019764134 | W62: 0.0049167488 | X62: 0.0040934678 | Y62: 0.0013579945 | Z62: 0.005204185 | AA62: 0.0043490338 | AB62: 0.0031435786 | AE62: 0.012008488 | AF62: 0.00089037871 | AG62: 0.00018969662 | AK62: 0.0060339286 | AL62: 0.025669356 | AM62: 0.038574406 | AN62: 0.060312905 | AO62: 0.020594839 | AP62: 0.022901414 | AT62: 15.807965 | AU62: 1.9865795 | AV62: 2.613543 | AW62: 3.7733526 | AX62: 5.3280922 | AY62: 0.0093471623 | AZ62: 5.8251575 | BA62: 8.2085797 | BB62: 0.038058968 | BC62: 0.11000647 | BD62: 2.936861 | BE62: 6.4927594 | BF62: 2.3125604 | BG62: 6.7781263 | BH62: 0.48042284
A63: Algeria | B63: DZA | C63: Fuel exports (% of merchandise exports) | D63: TX.VAL.FUEL.ZS.UN | K63: 59.292765 | M63: 70.979965 | N63: 67.618006 | O63: 70.236468 | P63: 74.852037 | R63: 82.979568 | S63: 92.510282 | T63: 92.391386 | U63: 93.605673 | V63: 95.994309 | W63: 96.068502 | X63: 97.730958 | Y63: 98.445175 | Z63: 97.977478 | AA63: 97.936733 | AB63: 98.323789 | AC63: 97.529704 | AD63: 97.522456 | AE63: 97.510863 | AF63: 97.404772 | AG63: 94.821831 | AH63: 95.590071 | AI63: 96.473992 | AJ63: 96.883825 | AK63: 95.854119 | AL63: 95.24023 | AM63: 96.557416 | AN63: 94.556746 | AO63: 92.051118 | AP63: 96.319654 | AQ63: 96.216828 | AR63: 96.484432 | AS63: 97.222136 | AT63: 96.611975 | AU63: 96.105368 | AV63: 97.266846 | AW63: 97.378686 | AX63: 98.027864 | AY63: 97.908908 | AZ63: 97.788882 | BA63: 97.578776 | BB63: 97.701545 | BC63: 97.345998 | BD63: 97.196901 | BE63: 97.135491 | BF63: 96.722 | BG63: 95.764232 | BH63: 94.32586
A64: East Asia & Pacific (excluding high income) | B64: EAP | C64: Fuel exports (% of merchandise exports) | D64: TX.VAL.FUEL.ZS.UN | AC64: 24.569701 | AD64: 26.401712 | AE64: 14.536125 | AF64: 13.721222 | AG64: 11.287791 | AH64: 10.365573 | AI64: 10.962766 | AJ64: 9.0013404 | AK64: 7.6494102 | AL64: 6.4402271 | AM64: 5.1137036 | AN64: 5.163317 | AO64: 5.6150767 | AP64: 5.9128839 | AQ64: 4.5025095 | AR64: 4.7005172 | AS64: 6.0009174 | AT64: 5.8972896 | AU64: 5.2420028 | AV64: 5.4116894 | AW64: 5.6382714 | AX64: 5.9378286 | AY64: 5.6291026 | AZ64: 5.3327274 | BA64: 6.4681367 | BB64: 5.4634171 | BC64: 5.5904457 | BD64: 6.0056882 | BE64: 6.084494 | BF64: 6.1078424 | BG64: 5.6996247 | BH64: 4.3938919
A65: Early-demographic dividend | B65: EAR | C65: Fuel exports (% of merchandise exports) | D65: TX.VAL.FUEL.ZS.UN | L65: 21.026121 | M65: 34.415327 | N65: 35.074879 | O65: 22.862573 | P65: 23.373691 | Q65: 22.59893 | R65: 25.730769 | S65: 38.145455 | T65: 40.476703 | U65: 40.210039 | V65: 41.182256 | W65: 38.768754 | X65: 41.422109 | Y65: 46.643999 | Z65: 48.840099 | AA65: 50.578196 | AB65: 40.515956 | AC65: 38.902716 | AD65: 47.413195 | AE65: 28.707291 | AF65: 29.981886 | AG65: 35.026838 | AH65: 35.783191 | AI65: 36.282191 | AJ65: 36.058894 | AK65: 29.326084 | AL65: 29.04907 | AM65: 28.666407 | AN65: 27.766931 | AO65: 28.702888 | AP65: 23.985573 | AQ65: 30.233198 | AR65: 31.2739 | AS65: 32.993441 | AT65: 32.496381 | AU65: 31.669749 | AV65: 32.498366 | AW65: 33.417742 | AX65: 35.348447 | AY65: 36.182261 | AZ65: 32.554353 | BA65: 35.754464 | BB65: 33.490344 | BC65: 35.851752 | BD65: 34.387376 | BE65: 33.478835 | BF65: 32.922151 | BG65: 28.587437 | BH65: 24.072586
A66: East Asia & Pacific | B66: EAS | C66: Fuel exports (% of merchandise exports) | D66: TX.VAL.FUEL.ZS.UN | AC66: 15.897814 | AD66: 17.087229 | AE66: 10.366699 | AF66: 9.4858209 | AG66: 7.604941 | AH66: 7.1625218 | AI66: 7.856109 | AJ66: 7.0727683 | AK66: 6.1954302 | AL66: 5.5477018 | AM66: 4.4787241 | AN66: 4.1558403 | AO66: 4.6735443 | AP66: 5.0775967 | AQ66: 4.2254892 | AR66: 4.2236099 | AS66: 5.0796409 | AT66: 5.2320208 | AU66: 4.8203717 | AV66: 4.938136 | AW66: 5.2806638 | AX66: 5.9683491 | AY66: 6.1339615 | AZ66: 6.0061581 | BA66: 7.9313746 | BB66: 6.815747 | BC66: 6.8768773 | BD66: 7.7069675 | BE66: 7.8109682 | BF66: 7.5902224 | BG66: 7.2885569 | BH66: 5.9766868
A67: Europe & Central Asia (excluding high income) | B67: ECA | C67: Fuel exports (% of merchandise exports) | D67: TX.VAL.FUEL.ZS.UN | AO67: 29.294235 | AP67: 30.93239 | AQ67: 26.979441 | AR67: 29.433449 | AS67: 35.249581 | AT67: 36.209468 | AU67: 36.935342 | AV67: 38.502011 | AW67: 38.458114 | AX67: 43.099056 | AY67: 43.907063 | AZ67: 42.549702 | BA67: 46.582552 | BB67: 46.279964 | BC67: 45.77827 | BD67: 46.9851 | BE67: 48.797835 | BF67: 48.988197 | BG67: 48.114868 | BH67: 43.049757
A68: Europe & Central Asia | B68: ECS | C68: Fuel exports (% of merchandise exports) | D68: TX.VAL.FUEL.ZS.UN | G68: 6.5251008 | H68: 4.7642584 | I68: 4.2177873 | J68: 4.0352881 | K68: 3.6028469 | L68: 3.4919483 | M68: 4.0459724 | N68: 3.6975753 | O68: 3.942034 | P68: 4.2056668 | Q68: 3.4496905 | R68: 3.8346725 | S68: 5.347174 | T68: 5.2342384 | U68: 5.3897286 | V68: 5.5201581 | W68: 5.2290079 | X68: 6.6478137 | Y68: 8.0502652 | Z68: 9.1136583 | AA68: 9.3308766 | AB68: 9.3099687 | AC68: 9.4783189 | AD68: 8.8572315 | AE68: 4.849038 | AF68: 4.2846437 | AG68: 4.2584718 | AH68: 4.5652296 | AI68: 4.933459 | AJ68: 4.9999475 | AK68: 4.5834354 | AL68: 4.7230139 | AM68: 4.375643 | AN68: 4.1748247 | AO68: 7.557155 | AP68: 7.5346458 | AQ68: 6.4688371 | AR68: 7.095715 | AS68: 8.9882389 | AT68: 8.7143078 | AU68: 8.753572 | AV68: 9.0581781 | AW68: 9.4780505 | AX68: 10.843804 | AY68: 11.292161 | AZ68: 10.814845 | BA68: 12.390646 | BB68: 11.293985 | BC68: 11.806098 | BD68: 12.920443 | BE68: 13.540676 | BF68: 13.818808 | BG68: 12.952162 | BH68: 11.587412 | BI68: 5.528254
A69: Ecuador | B69: ECU | C69: Fuel exports (% of merchandise exports) | D69: TX.VAL.FUEL.ZS.UN | G69: 0.13991378 | H69: 0.13478023 | I69: 0.4000882 | J69: 1.6266998 | M69: 0.55263785 | N69: 0.40320643 | O69: 0.49218412 | P69: 1.0259084 | Q69: 18.357785 | R69: 53.157547 | S69: 62.010762 | T69: 60.377843 | U69: 58.880118 | V69: 49.666577 | W69: 46.127949 | X69: 55.993696 | Y69: 63.065373 | Z69: 61.889387 | AA69: 64.253941 | AB69: 73.876915 | AC69: 69.600491 | AD69: 62.85766 | AE69: 41.774505 | AF69: 40.43104 | AG69: 44.503523 | AH69: 48.750991 | AI69: 51.913933 | AJ69: 40.405372 | AK69: 44.027144 | AL69: 42.216843 | AM69: 34.583754 | AN69: 35.865662 | AO69: 36.480969 | AP69: 29.564256 | AQ69: 21.407017 | AR69: 32.754363 | AS69: 49.430403 | AT69: 40.048376 | AU69: 40.086312 | AV69: 41.98724 | AW69: 54.342508 | AX69: 58.392549 | AY69: 58.570293 | AZ69: 59.531638 | BA69: 61.715412 | BB69: 49.815774 | BC69: 55.278431 | BD69: 57.782464 | BE69: 57.885131 | BF69: 57.020669 | BG69: 53.469382 | BH69: 37.69529
A70: Egypt, Arab Rep. | B70: EGY | C70: Fuel exports (% of merchandise exports) | D70: TX.VAL.FUEL.ZS.UN | J70: 6.5848509 | K70: 5.8124534 | L70: 3.708829 | M70: 2.9038776 | N70: 2.9795527 | O70: 4.7750266 | P70: 0.84644478 | Q70: 6.5091628 | R70: 10.082485 | S70: 8.495524 | T70: 9.4509454 | U70: 25.047208 | V70: 24.202604 | W70: 27.740925 | X70: 41.577342 | Y70: 64.24641 | Z70: 64.554685 | AA70: 66.293507 | AB70: 62.367656 | AC70: 57.573862 | AD70: 68.142632 | AE70: 51.234784 | AF70: 35.733938 | AG70: 33.169246 | AH70: 30.467769 | AI70: 29.414665 | AJ70: 53.933256 | AK70: 43.734532 | AL70: 49.797836 | AM70: 39.033222 | AN70: 37.168059 | AO70: 47.57203 | AP70: 43.253068 | AQ70: 29.511034 | AR70: 36.912178 | AS70: 41.907203 | AT70: 40.481063 | AU70: 33.701395 | AV70: 43.803181 | AW70: 43.033991 | AX70: 51.283426 | AY70: 56.386226 | AZ70: 52.480572 | BA70: 44.418033 | BB70: 28.918841 | BC70: 29.831094 | BD70: 30.913924 | BE70: 31.540471 | BF70: 26.928337 | BG70: 23.877983 | BH70: 18.421871
A71: Euro area | B71: EMU | C71: Fuel exports (% of merchandise exports) | D71: TX.VAL.FUEL.ZS.UN | G71: 7.9026329 | H71: 5.4245825 | I71: 4.8038658 | J71: 4.7208102 | K71: 4.2939409 | L71: 4.1686415 | M71: 4.8396092 | N71: 4.4158343 | O71: 4.7307635 | P71: 5.0819465 | Q71: 4.0432171 | R71: 4.4555223 | S71: 5.9971067 | T71: 5.7206455 | U71: 5.7142305 | V71: 5.7518241 | W71: 5.2530161 | X71: 6.0829571 | Y71: 7.0795107 | Z71: 7.751458 | AA71: 7.6685191 | AB71: 7.3699249 | AC71: 7.0959772 | AD71: 6.8885837 | AE71: 4.5465421 | AF71: 3.5819817 | AG71: 2.9879816 | AH71: 3.1025227 | AI71: 3.259862 | AJ71: 3.3527407 | AK71: 3.0028094 | AL71: 3.0859278 | AM71: 2.7819619 | AN71: 2.4779673 | AO71: 2.9300374 | AP71: 2.723468 | AQ71: 2.3516434 | AR71: 2.4872328 | AS71: 3.3828841 | AT71: 2.9326866 | AU71: 2.8063229 | AV71: 3.0274075 | AW71: 3.3807869 | AX71: 4.2705271 | AY71: 4.766408 | AZ71: 4.4225372 | BA71: 5.5670283 | BB71: 4.4331606 | BC71: 5.0762074 | BD71: 6.3055351 | BE71: 6.6089853 | BF71: 7.3387396 | BG71: 6.5274182 | BH71: 3.9113012 | BI71: 3.1541175
A72: Eritrea | B72: ERI | C72: Fuel exports (% of merchandise exports) | D72: TX.VAL.FUEL.ZS.UN | AT72: 0 | AV72: 0.018165288
A73: Spain | B73: ESP | C73: Fuel exports (% of merchandise exports) | D73: TX.VAL.FUEL.ZS.UN | G73: 6.0660728 | H73: 5.8572561 | I73: 4.9780367 | J73: 3.9338957 | K73: 4.4715278 | L73: 5.8229137 | M73: 8.6452921 | N73: 6.4409682 | O73: 5.4902656 | P73: 4.2800358 | Q73: 3.6159998 | R73: 4.6899972 | S73: 6.7684507 | T73: 3.2867354 | U73: 3.7273021 | V73: 3.7040185 | W73: 2.5153081 | X73: 1.9043047 | Y73: 3.6559595 | Z73: 4.9539959 | AA73: 6.992901 | AB73: 8.795609 | AC73: 8.7058206 | AD73: 8.8361894 | AE73: 6.1729225 | AF73: 5.8679385 | AG73: 4.4539313 | AH73: 5.0028681 | AI73: 4.4455553 | AJ73: 4.1587351 | AK73: 2.8422961 | AL73: 2.6895371 | AM73: 2.0150437 | AN73: 1.6269414 | AO73: 2.4027248 | AP73: 2.4443112 | AQ73: 2.0183393 | AR73: 2.1421147 | AS73: 3.5644257 | AT73: 2.7713444 | AU73: 2.5560584 | AV73: 2.9193957 | AW73: 3.5891113 | AX73: 4.1734478 | AY73: 4.4471817 | AZ73: 4.5012271 | BA73: 6.3732412 | BB73: 4.4061052 | BC73: 4.9349897 | BD73: 7.2719118 | BE73: 7.3217572 | BF73: 6.785667 | BG73: 6.6749102 | BH73: 4.6749956 | BI73: 3.6652078
A74: Estonia | B74: EST | C74: Fuel exports (% of merchandise exports) | D74: TX.VAL.FUEL.ZS.UN | AN74: 5.7691589 | AO74: 5.8475778 | AP74: 6.0192053 | AQ74: 3.6800979 | AR74: 4.5133306 | AS74: 4.4724569 | AT74: 3.9063001 | AU74: 5.3184922 | AV74: 4.220547 | AW74: 4.5372921 | AX74: 7.2192757 | AY74: 15.522369 | AZ74: 12.320818 | BA74: 11.699219 | BB74: 16.242617 | BC74: 15.583809 | BD74: 16.641099 | BE74: 15.898757 | BF74: 9.9459594 | BG74: 10.316927 | BH74: 10.253772 | BI74: 8.0895334
A75: Ethiopia | B75: ETH | C75: Fuel exports (% of merchandise exports) | D75: TX.VAL.FUEL.ZS.UN | AL75: 3.9760853 | AN75: 2.8578122 | AP75: 0.69131065 | AT75: 0.014647872 | AU75: 0.030018215 | AV75: 0.0076219726 | AW75: 0.0046900787 | AZ75: 0.0061894471 | BA75: 0.0051488468 | BB75: 0.00085831379 | BC75: 0.0038092339 | BD75: 1.011937e-05 | BE75: 0.0019289718 | BF75: 6.6462381 | BG75: 0.025140129 | BH75: 4.4603471e-07
A76: European Union | B76: EUU | C76: Fuel exports (% of merchandise exports) | D76: TX.VAL.FUEL.ZS.UN | G76: 7.0595273 | H76: 5.0223489 | I76: 4.429911 | J76: 4.3258297 | K76: 3.8741697 | L76: 3.7653957 | M76: 4.3573268 | N76: 3.9784172 | O76: 4.2637406 | P76: 4.5529965 | Q76: 3.6733497 | R76: 4.0618311 | S76: 5.5478048 | T76: 5.2689063 | U76: 5.4008584 | V76: 5.5614491 | W76: 5.1375007 | X76: 6.2538504 | Y76: 7.3969342 | Z76: 8.4842879 | AA76: 8.5846117 | AB76: 8.5904709 | AC76: 8.7081003 | AD76: 8.0514719 | AE76: 5.1016115 | AF76: 4.4975464 | AG76: 3.5847508 | AH76: 3.7808273 | AI76: 4.039572 | AJ76: 4.0668937 | AK76: 3.6309035 | AL76: 3.7747043 | AM76: 3.4503328 | AN76: 3.0587333 | AO76: 3.4778026 | AP76: 3.199085 | AQ76: 2.6356567 | AR76: 2.8659315 | AS76: 3.9382582 | AT76: 3.5365254 | AU76: 3.4409679 | AV76: 3.5713096 | AW76: 3.9873283 | AX76: 4.859609 | AY76: 5.2647465 | AZ76: 4.9688158 | BA76: 6.2161231 | BB76: 5.0371328 | BC76: 5.7168191 | BD76: 6.7598087 | BE76: 7.1946891 | BF76: 7.6110133 | BG76: 6.784512 | BH76: 4.4057496 | BI76: 3.5301788
A77: Fragile and conflict affected situations | B77: FCS | C77: Fuel exports (% of merchandise exports) | D77: TX.VAL.FUEL.ZS.UN | H77: 65.793163 | Q77: 32.44524 | R77: 34.167272 | S77: 42.776066 | T77: 48.338366 | U77: 49.437833 | AZ77: 78.856977 | BA77: 79.950693 | BB77: 79.391393 | BC77: 77.273865
A78: Finland | B78: FIN | C78: Fuel exports (% of merchandise exports) | D78: TX.VAL.FUEL.ZS.UN | H78: 0.048050299 | I78: 0.048728027 | J78: 0.043085823 | K78: 0.091885879 | L78: 0.415921 | M78: 0.29034249 | N78: 0.58900261 | O78: 0.82220098 | P78: 0.20552863 | Q78: 0.20858188 | R78: 0.26071298 | S78: 0.85065403 | T78: 0.4169333 | U78: 1.581175 | V78: 2.1470896 | W78: 2.6031556 | X78: 2.7137916 | Y78: 4.3705821 | Z78: 4.2218774 | AA78: 4.052875 | AB78: 5.1645918 | AC78: 5.5068331 | AD78: 4.2910271 | AE78: 2.4219048 | AF78: 2.2178405 | AG78: 1.7044535 | AH78: 0.93807808 | AI78: 1.4688691 | AJ78: 3.0474705 | AK78: 3.2578466 | AL78: 2.7164586 | AM78: 2.2467886 | AN78: 1.8869179 | AO78: 3.0645945 | AP78: 2.3400323 | AQ78: 1.892635 | AR78: 2.4454925 | AS78: 3.4668717 | AT78: 3.1894389 | AU78: 3.3565279 | AV78: 4.0145833 | AW78: 4.3425281 | AX78: 4.4417985 | AY78: 5.3026225 | AZ78: 5.4737058 | BA78: 6.9987775 | BB78: 6.5817295 | BC78: 8.1975195 | BD78: 9.7223812 | BE78: 11.217306 | BF78: 12.502678 | BG78: 11.000241 | BH78: 6.8220315
A79: Fiji | B79: FJI | C79: Fuel exports (% of merchandise exports) | D79: TX.VAL.FUEL.ZS.UN | L79: 0 | M79: 0 | N79: 0 | O79: 0.0013374174 | P79: 0 | Q79: 0 | R79: 0.0035542743 | S79: 0.00068905447 | T79: 4.3788519e-05 | U79: 0.00052411912 | V79: 0.0014473102 | W79: 0.00060281119 | X79: 0 | Y79: 0 | Z79: 0.00058701467 | AA79: 4.9717231e-05 | AB79: 0.00036305108 | AC79: 9.3720597e-05 | AD79: 0.0013218707 | AE79: 0 | AF79: 0 | AG79: 0.00035836957 | AH79: 3.988457e-05 | AI79: 0.0023737618 | AJ79: 0.0033653862 | AK79: 0.0025138049 | AL79: 0.0013855969 | AM79: 0.0013400176 | AS79: 0.0002673981 | AT79: 0.006044845 | AU79: 0.00071031673 | AV79: 0.00046555708 | AW79: 0.0083886484 | AX79: 0.055656736 | AY79: 0.088135239 | AZ79: 0.075359224 | BA79: 0.048736711 | BB79: 0.1757708 | BC79: 0.098165466 | BD79: 0.14192306 | BE79: 0.045939512 | BF79: 0.029993397 | BG79: 0.0062673145 | BH79: 0.0061151311
A80: France | B80: FRA | C80: Fuel exports (% of merchandise exports) | D80: TX.VAL.FUEL.ZS.UN | G80: 3.7761529 | H80: 3.6690938 | I80: 3.4251132 | J80: 3.2406997 | K80: 3.4052676 | L80: 3.0538395 | M80: 2.5676758 | N80: 2.3295715 | O80: 2.1205004 | P80: 2.227946 | Q80: 2.2569813 | R80: 2.1400199 | S80: 2.6876703 | T80: 2.7328888 | U80: 2.9110415 | V80: 2.986865 | W80: 2.6758543 | X80: 3.563176 | Y80: 4.0456878 | Z80: 4.6658766 | AA80: 3.9636903 | AB80: 3.7975836 | AC80: 3.6448311 | AD80: 3.848527 | AE80: 2.6789321 | AF80: 2.2123287 | AG80: 2.0609968 | AH80: 2.1938487 | AI80: 2.3600257 | AJ80: 2.5463525 | AK80: 2.3442545 | AL80: 2.7070511 | AM80: 2.4528044 | AN80: 2.3949936 | AO80: 2.6010096 | AP80: 2.5273557 | AQ80: 2.1537521 | AR80: 2.2162676 | AS80: 2.8173416 | AT80: 2.5840535 | AU80: 2.4556566 | AV80: 2.6387208 | AW80: 2.8565026 | AX80: 4.0971263 | AY80: 4.2941843 | AZ80: 3.824605 | BA80: 5.0549133 | BB80: 3.5712408 | BC80: 3.658869 | BD80: 4.5740131 | BE80: 4.4532915 | BF80: 3.9324648 | BG80: 3.9038784 | BH80: 3.037859 | BI80: 2.3978086
A81: Faroe Islands | B81: FRO | C81: Fuel exports (% of merchandise exports) | D81: TX.VAL.FUEL.ZS.UN | AP81: 0.0010184805 | AQ81: 0.00023140213 | AR81: 0.00083702951 | AS81: 5.558713e-05 | AY81: 1.9513844 | AZ81: 1.7303328 | BA81: 2.1389076 | BB81: 2.8108769
A82: Micronesia, Fed. Sts. | B82: FSM | C82: Fuel exports (% of merchandise exports) | D82: TX.VAL.FUEL.ZS.UN
A83: Gabon | B83: GAB | C83: Fuel exports (% of merchandise exports) | D83: TX.VAL.FUEL.ZS.UN | G83: 17.440686 | H83: 14.512832 | I83: 14.070275 | J83: 15.339467 | K83: 15.672094 | L83: 30.227072 | M83: 34.882632 | N83: 35.304543 | O83: 42.611847 | P83: 45.170446 | T83: 82.888559 | U83: 78.769828 | V83: 81.068882 | W83: 72.501354 | X83: 78.097483 | Y83: 87.945322 | Z83: 82.532999 | AA83: 84.622582 | AB83: 79.463321 | AL83: 89.320101 | AM83: 86.600845 | AO83: 82.738636 | AP83: 77.601969 | AQ83: 83.095422 | AR83: 78.474568 | AS83: 83.325529 | AT83: 82.950393 | AU83: 83.817936 | AV83: 17.594056 | AW83: 76.183911 | AX83: 84.043341 | AY83: 85.611784 | AZ83: 83.413769 | BA83: 89.172255 | BB83: 83.134838
A84: United Kingdom | B84: GBR | C84: Fuel exports (% of merchandise exports) | D84: TX.VAL.FUEL.ZS.UN | G84: 3.8559731 | H84: 4.0356427 | I84: 3.261581 | J84: 2.8243677 | K84: 2.6610764 | L84: 2.5581554 | M84: 2.6950656 | N84: 2.4353908 | O84: 2.5656423 | P84: 2.5719923 | Q84: 2.4493012 | R84: 2.9707217 | S84: 4.6518421 | T84: 4.1181837 | U84: 4.8926822 | V84: 6.3214704 | W84: 6.2863426 | X84: 10.106683 | Y84: 13.029629 | Z84: 18.959196 | AA84: 20.287827 | AB84: 21.591252 | AC84: 21.715554 | AD84: 21.434787 | AE84: 11.873533 | AF84: 10.955263 | AG84: 7.145916 | AH84: 6.597764 | AI84: 7.6049097 | AJ84: 7.2453534 | AK84: 6.4401756 | AL84: 7.102849 | AM84: 6.7217182 | AN84: 6.2239434 | AO84: 6.750725 | AP84: 6.0586316 | AQ84: 4.1727979 | AR84: 5.5690512 | AS84: 8.3395553 | AT84: 8.0816445 | AU84: 8.1080562 | AV84: 8.1976088 | AW84: 8.7530253 | AX84: 9.3611985 | AY84: 9.5094957 | AZ84: 10.274514 | BA84: 12.879794 | BB84: 11.04379 | BC84: 12.437631 | BD84: 12.6382 | BE84: 13.935859 | BF84: 13.368327 | BG84: 11.76321 | BH84: 7.6549346 | BI84: 6.5034274
A85: Georgia | B85: GEO | C85: Fuel exports (% of merchandise exports) | D85: TX.VAL.FUEL.ZS.UN | AO85: 18.841868 | AP85: 16.828788 | AQ85: 11.181125 | AR85: 9.6374594 | AS85: 8.1283964 | AT85: 9.5027359 | AU85: 5.9456424 | AV85: 5.2899402 | AW85: 3.6306083 | AX85: 3.3683533 | AY85: 3.3268509 | AZ85: 3.9485837 | BA85: 3.1633004 | BB85: 4.9604201 | BC85: 5.5026868 | BD85: 4.4245677 | BE85: 3.1308277 | BF85: 3.4112594 | BG85: 3.8518589 | BH85: 8.4462334 | BI85: 3.709686
A86: Ghana | B86: GHA | C86: Fuel exports (% of merchandise exports) | D86: TX.VAL.FUEL.ZS.UN | G86: 0 | H86: 0.066003065 | I86: 1.009923 | J86: 1.0299413 | K86: 0.56103628 | L86: 0.68304139 | M86: 0.54616943 | N86: 0.68792894 | O86: 0.15368132 | P86: 0.80473599 | Q86: 0.80780537 | R86: 0.68261916 | S86: 1.9337446 | T86: 2.7905098 | U86: 2.1515789 | V86: 1.6084489 | W86: 0.64972437 | X86: 0.95119153 | Y86: 0.39157015 | Z86: 12.306162 | AA86: 9.7748924 | AB86: 20.845602 | AC86: 3.9024582 | AK86: 9.391507 | AO86: 4.7987522 | AP86: 4.6046985 | AQ86: 3.6469341 | AR86: 4.7958414 | AS86: 7.7302107 | AT86: 11.15586 | AV86: 0.056868835 | AX86: 3.3759377 | AY86: 0.65403408 | AZ86: 1.2921762 | BA86: 2.4154759 | BB86: 4.1831148 | BC86: 0.32351248 | BD86: 55.112447 | BE86: 52.6855 | BF86: 43.105074
A87: Gibraltar | B87: GIB | C87: Fuel exports (% of merchandise exports) | D87: TX.VAL.FUEL.ZS.UN
A88: Guinea | B88: GIN | C88: Fuel exports (% of merchandise exports) | D88: TX.VAL.FUEL.ZS.UN | AN88: 0 | AO88: 0.016994807 | AP88: 0.0063907453 | AQ88: 0.013640526 | AR88: 0.0225109 | AS88: 0.040081316 | AT88: 0.96237043 | AU88: 0.073743008 | AW88: 0.26828433 | AX88: 3.9069583e-05 | AY88: 0.3122334 | AZ88: 1.0424847 | BA88: 1.5125435 | BF88: 0.77862701 | BG88: 0.65505313 | BH88: 0.35338261
A89: Gambia, The | B89: GMB | C89: Fuel exports (% of merchandise exports) | D89: TX.VAL.FUEL.ZS.UN | I89: 0 | O89: 0 | P89: 0 | Q89: 0 | R89: 0 | S89: 0 | T89: 0 | U89: 0 | V89: 0 | W89: 0 | X89: 0 | Y89: 0 | AN89: 0.16935786 | AO89: 0.23570424 | AP89: 0.36729031 | AQ89: 0.017391233 | AR89: 0.13276387 | AS89: 0 | AT89: 0 | AU89: 0.030421739 | AV89: 0 | BA89: 0 | BB89: 0.0030903148 | BC89: 0 | BD89: 0 | BE89: 0 | BF89: 0 | BG89: 0
A90: Guinea-Bissau | B90: GNB | C90: Fuel exports (% of merchandise exports) | D90: TX.VAL.FUEL.ZS.UN | P90: 0.0026239183 | T90: 0.29829626 | AN90: 0 | AW90: 0.80989194
A91: Equatorial Guinea | B91: GNQ | C91: Fuel exports (% of merchandise exports) | D91: TX.VAL.FUEL.ZS.UN | X91: 0.15261121 | Y91: 13.699089 | Z91: 12.378675 | AA91: 15.070465 | AB91: 1.7087946
A92: Greece | B92: GRC | C92: Fuel exports (% of merchandise exports) | D92: TX.VAL.FUEL.ZS.UN | G92: 0.23593121 | H92: 0.21777495 | I92: 0.1670386 | J92: 0.043390286 | K92: 0.85328144 | L92: 0.96492807 | M92: 1.2967914 | N92: 0.9957082 | O92: 0.9973881 | P92: 0.91690299 | Q92: 1.2517658 | R92: 13.992671 | S92: 8.9963655 | T92: 11.038957 | U92: 5.8450673 | V92: 4.8368509 | W92: 9.4998004 | X92: 11.838852 | Y92: 15.550255 | Z92: 9.505953 | AA92: 10.760141 | AB92: 6.9243081 | AC92: 10.117926 | AD92: 12.044876 | AE92: 6.561491 | AF92: 6.7227958 | AG92: 5.1858344 | AH92: 5.4406297 | AI92: 7.2953907 | AJ92: 8.928173 | AK92: 5.2712182 | AL92: 7.8293724 | AM92: 10.341435 | AN92: 6.5150129 | AO92: 8.4189814 | AP92: 8.2991432 | AQ92: 6.7765699 | AR92: 9.1043025 | AS92: 14.698333 | AT92: 11.135505 | AU92: 8.4491187 | AV92: 6.878497 | AW92: 6.8831945 | AX92: 9.4132912 | AY92: 13.034539 | AZ92: 12.167206 | BA92: 21.640913 | BB92: 20.32372 | BC92: 26.081029 | BD92: 30.872892 | BE92: 39.007606 | BF92: 39.895648 | BG92: 38.501736 | BH92: 29.850376 | BI92: 27.467261
A93: Grenada | B93: GRD | C93: Fuel exports (% of merchandise exports) | D93: TX.VAL.FUEL.ZS.UN | V93: 0 | W93: 0 | X93: 0 | Y93: 0 | AC93: 0 | AD93: 0 | AE93: 0 | AF93: 0.00034899455 | AG93: 0 | AI93: 0 | AJ93: 0 | AL93: 0.00050165765 | AM93: 0.0084906801 | AN93: 0 | AO93: 0.027911009 | AP93: 0 | AQ93: 0 | AR93: 0 | AS93: 0 | AT93: 0 | AU93: 0 | AV93: 0.083980101 | AW93: 0 | AX93: 0 | AY93: 0 | AZ93: 0.28285406 | BA93: 0.033833046
A94: Greenland | B94: GRL | C94: Fuel exports (% of merchandise exports) | D94: TX.VAL.FUEL.ZS.UN | W94: 2.6260286e-05 | X94: 0.019284874 | Z94: 0.00030461684 | AA94: 6.4467852e-06 | AB94: 1.8911748e-05 | AC94: 0.00042483633 | AD94: 1.6058334 | AE94: 1.2547238 | AF94: 0.83627015 | AG94: 1.3809346 | AH94: 0.92932403 | AI94: 0.89448367 | AJ94: 0.87985072 | AK94: 1.0125282 | AL94: 1.2176062 | AN94: 0.79341504 | AO94: 1.1492953 | AP94: 1.0631081 | AQ94: 1.7507852 | AR94: 1.4072445 | AS94: 0.02708923 | AT94: 0.038249698 | AU94: 0.024955666 | AV94: 0.028172841 | AW94: 0.022681062 | AX94: 0.022165974 | AY94: 0.0077282432 | AZ94: 1.6700341e-05 | BA94: 0.0003372399 | BB94: 6.0286338e-05 | BC94: 0.00046794549 | BD94: 0.00025390534 | BE94: 0.00012353485 | BF94: 7.0514856e-05 | BG94: 3.6819036e-05 | BH94: 0.0002240818
A95: Guatemala | B95: GTM | C95: Fuel exports (% of merchandise exports) | D95: TX.VAL.FUEL.ZS.UN | J95: 0.0034748234 | K95: 0.030061544 | L95: 0.053006647 | M95: 0.037686465 | N95: 0.04181966 | O95: 0.032597637 | P95: 0.063436393 | Q95: 0.026876913 | R95: 0.033537224 | S95: 0.074059551 | T95: 0.06541885 | U95: 0.045016416 | V95: 0.018048605 | W95: 0.029002589 | X95: 0.031951044 | Y95: 1.0515821 | Z95: 1.95738 | AA95: 3.0718004 | AB95: 6.0118883 | AC95: 2.3949627 | AD95: 1.6867229 | AE95: 2.7534671 | AF95: 1.8179681 | AG95: 1.2222648 | AH95: 1.6317424 | AI95: 2.1423367 | AJ95: 2.0347281 | AK95: 1.983034 | AL95: 2.0490656 | AM95: 1.8499179 | AN95: 2.0505939 | AO95: 3.2386177 | AP95: 4.208819 | AQ95: 2.3879455 | AR95: 3.5068253 | AS95: 6.0149649 | AT95: 5.3909994 | AU95: 8.556712 | AV95: 8.22789 | AW95: 8.2869357 | AX95: 5.6692609 | AY95: 8.8059624 | AZ95: 5.0732909 | BA95: 6.9963744 | BB95: 4.0665078 | BC95: 4.5439473 | BD95: 5.1180592 | BE95: 3.9894215 | BF95: 4.6273663 | BG95: 6.5615471 | BH95: 4.1375254
A96: Guam | B96: GUM | C96: Fuel exports (% of merchandise exports) | D96: TX.VAL.FUEL.ZS.UN
A97: Guyana | B97: GUY | C97: Fuel exports (% of merchandise exports) | D97: TX.VAL.FUEL.ZS.UN | O97: 0.0051672052 | P97: 0.011280305 | Q97: 0.0060083844 | R97: 0.0022541927 | S97: 0.00021136165 | T97: 0.00040421305 | U97: 0.065796263 | V97: 0.020727104 | W97: 0.15742459 | X97: 0.025650877 | Z97: 6.2348408e-05 | AP97: 0.0057957867 | AQ97: 0.056661009 | AR97: 0.0001032391 | AS97: 1.7082926e-05 | AT97: 0.0080935499 | AU97: 1.4211973e-05 | AV97: 0.0014831583 | AW97: 0.022007848 | AX97: 0.00021545727 | AY97: 0.0005401984 | AZ97: 0.0011595577 | BA97: 0.0010021516 | BB97: 0.00027596225 | BC97: 0 | BD97: 0 | BE97: 8.7488103e-05 | BF97: 5.0131743e-06 | BG97: 0.00064570802 | BH97: 0.0021962455
A98: High income | B98: HIC | C98: Fuel exports (% of merchandise exports) | D98: TX.VAL.FUEL.ZS.UN | G98: 5.634066 | H98: 4.3896566 | I98: 3.9930367 | J98: 3.9229754 | K98: 3.7444268 | L98: 3.8565805 | M98: 6.7572668 | N98: 6.4838768 | O98: 4.9841508 | P98: 5.2551691 | Q98: 6.4552861 | R98: 5.631524 | S98: 9.9720529 | T98: 10.467284 | U98: 9.908255 | V98: 9.1947691 | W98: 11.342878 | X98: 12.140146 | Y98: 10.576389 | Z98: 11.404401 | AA98: 11.715349 | AB98: 9.6080815 | AC98: 9.3108595 | AD98: 11.00181 | AE98: 5.6339228 | AF98: 4.9909832 | AG98: 6.6944278 | AH98: 7.3181612 | AI98: 8.6677041 | AJ98: 8.7687529 | AK98: 8.3448517 | AL98: 8.3341683 | AM98: 7.7793174 | AN98: 7.3476843 | AO98: 7.856085 | AP98: 5.0384886 | AQ98: 6.9354764 | AR98: 8.9870019 | AS98: 10.281042 | AT98: 10.169105 | AU98: 8.2472072 | AV98: 8.5605473 | AW98: 9.0497377 | AX98: 10.465573 | AY98: 10.510657 | AZ98: 11.484565 | BA98: 13.397611 | BB98: 10.809986 | BC98: 11.652734 | BD98: 12.971079 | BE98: 12.907757 | BF98: 14.117839 | BG98: 13.417069 | BH98: 10.94025 | BI98: 6.12867
A99: Hong Kong SAR, China | B99: HKG | C99: Fuel exports (% of merchandise exports) | D99: TX.VAL.FUEL.ZS.UN | G99: 0.00018177334 | H99: 0.00029488732 | I99: 0.00015577655 | J99: 0.0006312493 | K99: 0.00020933147 | L99: 0.00042274521 | M99: 3.6888384e-05 | N99: 0 | O99: 0 | P99: 0 | Q99: 0 | R99: 0 | S99: 0 | T99: 0.00010759151 | U99: 0 | V99: 1.4905291e-05 | W99: 0.00019488977 | X99: 0.089897228 | Y99: 0.12987214 | Z99: 0.12339667 | AA99: 0.12833464 | AB99: 0.1532447 | AC99: 0.22644382 | AD99: 0.34136785 | AE99: 0.30070101 | AF99: 0.25713375 | AG99: 0.2393325 | AH99: 0.29834715 | AI99: 0.34529186 | AJ99: 0.55791264 | AK99: 0.89875406 | AL99: 0.8764831 | AM99: 0.38224956 | AN99: 0.32144817 | AO99: 0.16123395 | AP99: 0.42040669 | AQ99: 0.33140819 | AR99: 0.35344414 | AS99: 0.47548735 | AT99: 0.61290101 | AU99: 0.81073781 | AV99: 1.136295 | AW99: 1.2387315 | AX99: 1.5444946 | AY99: 1.6767875 | AZ99: 1.979918 | BA99: 2.7811233 | BB99: 4.4213423 | BC99: 3.2940414 | BD99: 4.0980196 | BE99: 3.2132963 | BF99: 3.0960905 | BG99: 3.2332126 | BH99: 3.9963142 | BI99: 4.2262316
A100: Honduras | B100: HND | C100: Fuel exports (% of merchandise exports) | D100: TX.VAL.FUEL.ZS.UN | H100: 1.2206407e-06 | L100: 0.021272598 | M100: 1.1715349 | N100: 2.8883207 | O100: 3.6897246 | P100: 1.6351161 | Q100: 1.7795424 | R100: 1.6749776 | S100: 5.7259846 | T100: 4.1826407 | U100: 0.28985302 | V100: 0.11943934 | W100: 3.9882424e-06 | X100: 0.040552669 | Y100: 0.47283901 | Z100: 0.33595902 | AA100: 0.088765858 | AB100: 0.59937873 | AC100: 0.6663796 | AD100: 0.85048421 | AE100: 0.055505268 | AF100: 0.21681698 | AG100: 0.40246199 | AH100: 0.3271833 | AI100: 0.85034198 | AJ100: 0.71998781 | AK100: 0.475603 | AL100: 0.010608045 | AM100: 0.021709484 | AN100: 0.021021673 | AO100: 0.1097054 | AP100: 0.28279932 | AQ100: 0.25612388 | AR100: 0.53174699 | AS100: 0.113274 | AT100: 0.18493992 | AU100: 0.066784205 | AV100: 0.2101965 | AW100: 0.10471883 | AX100: 0.62540115 | AY100: 0.35061136 | AZ100: 5.5222798 | BB100: 6.5551278 | BC100: 8.5618834 | BD100: 4.3706435 | BE100: 4.0906632 | BG100: 0.045370367
A101: Heavily indebted poor countries (HIPC) | B101: HPC | C101: Fuel exports (% of merchandise exports) | D101: TX.VAL.FUEL.ZS.UN | H101: 0.7266489 | J101: 0.70974174 | K101: 0.87082782 | L101: 1.5947914 | M101: 1.8515963 | O101: 1.0338076 | P101: 1.6030828 | Q101: 3.057633 | R101: 6.2645935 | S101: 11.801842 | T101: 12.477204 | U101: 12.393884 | V101: 9.765178 | W101: 9.6738738 | X101: 13.975544 | AN101: 15.417408 | AO101: 6.9076255 | AP101: 5.5009392 | AR101: 4.5869361 | AS101: 19.072297 | AT101: 20.100501 | AU101: 18.374815 | AV101: 18.819255 | AW101: 22.583457 | AX101: 24.669707 | AY101: 26.92219 | AZ101: 23.514992 | BA101: 32.322572 | BB101: 28.078896 | BC101: 28.580719 | BD101: 31.691524 | BE101: 28.56959 | BF101: 29.03234 | BG101: 22.132032
...

Sheet Câmbio - FMI
A1: Indicator | C1: Scale | D1: Base Year | E1: 1989 | F1: 1990 | G1: 1991 | H1: 1992 | I1: 1993 | J1: 1994 | K1: 1995 | L1: 1996 | M1: 1997 | N1: 1998 | O1: 1999 | P1: 2000 | Q1: 2001 | R1: 2002 | S1: 2003 | T1: 2004 | U1: 2005 | V1: 2006 | W1: 2007 | X1: 2008 | Y1: 2009 | Z1: 2010 | AA1: 2011 | AB1: 2012 | AC1: 2013 | AD1: 2014 | AE1: 2015 | AF1: 2016 | AG1: 42887
A2: National Currency per SDR, End of period | B2: Rate | C2: Units | E2: 0.056640296 | F2: 0.071702064 | G2: 0.088114488 | H2: 0.1093125 | I2: 0.14504794 | J2: 0.2481745 | K2: 0.4310821 | L2: 0.68518794 | M2: 0.68042678 | N2: 0.79483293 | O2: 0.88979823 | P2: 0.91177642 | Q2: 0.95888499 | R2: 1.9050954 | S2: 2.3745801 | T2: 2.9786732 | U2: 3.0686427 | V2: 3.2299468 | W2: 3.3927968 | X2: 3.3069597 | Y2: 3.3658304 | Z2: 3.9940678 | AA2: 6.5852336 | AB2: 6.592311 | AC2: 9.677668 | AD2: 9.1046118 | AE2: 8.7082045 | AF2: 13.409692 | AG2: 13.879115
A3: National Currency per SDR, Period average | B3: Rate | C3: Units | E3: 0.044466211 | F3: 0.06362038 | G3: 0.077745384 | H3: 0.096309372 | I3: 0.1268449 | J3: 0.2102572 | K3: 0.26825946 | L3: 0.60589188 | M3: 0.67236759 | N3: 0.74279725 | O3: 0.8282184 | P3: 0.89673188 | Q3: 0.92124485 | R3: 1.5032578 | S3: 2.2506685 | T3: 2.8010177 | U3: 3.0872429 | V3: 3.1587586 | W3: 3.2863025 | X3: 3.39248 | Y3: 3.3107732 | Z3: 3.9394753 | AA3: 6.7714492 | AB3: 6.5698679 | AC3: 9.1905782 | AD3: 9.5459659 | AE3: 8.7923145 | AF3: 12.867378 | AG3: 13.800983
A4: National Currency per U.S. Dollar, end of period | B4: Rate | C4: Units | E4: 0.0431 | F4: 0.0504 | G4: 0.0616 | H4: 0.0795 | I4: 0.1056 | J4: 0.17 | K4: 0.29 | L4: 0.4765 | M4: 0.5043 | N4: 0.5645 | O4: 0.6483 | P4: 0.6998 | Q4: 0.763 | R4: 1.4013 | S4: 1.598 | T4: 1.918 | U4: 2.147 | V4: 2.147 | W4: 2.147 | X4: 2.147 | Y4: 2.147 | Z4: 2.5935 | AA4: 4.2893 | AB4: 4.2893 | AC4: 6.2842 | AD4: 6.2842 | AE4: 6.2842 | AF4: 9.975 | AG4: 9.975 | AI4: =AE4/N4-1 -> 10.132329
A5: National Currency per US Dollar, Period Average | B5: Rate | C5: Units | E5: 0.034691667 | F5: 0.046891667 | G5: 0.056825 | H5: 0.068383333 | I5: 0.090841667 | J5: 0.14685833 | K5: 0.17684167 | L5: 0.41735 | M5: 0.48863333 | N5: 0.54756667 | O5: 0.605725 | P5: 0.67996667 | Q5: 0.72365833 | R5: 1.16095 | S5: 1.6069583 | T5: 1.8913333 | U5: 2.08975 | V5: 2.147 | W5: 2.147 | X5: 2.147 | Y5: 2.147 | Z5: 2.5820603 | AA5: 4.2893 | AB5: 4.2893 | AC5: 6.0479618 | AD5: 6.2842 | AE5: 6.2842 | AF5: 9.2573444 | AG5: 9.975
A6: Nominal Effective Exchange Rate, Trade Partners by Consumer Price Index | B6: Index | C6: Units | E6: 4262.2794 | F6: 3047.7468 | G6: 2730.279 | H6: 2455.7977 | I6: 2164.1709 | J6: 1558.5299 | K6: 1253.5156 | L6: 564.45717 | M6: 486.94578 | N6: 462.13293 | O6: 442.63334 | P6: 415.48726 | Q6: 408.0051 | R6: 273.48423 | S6: 184.45142 | T6: 151.15255 | U6: 132.24559 | V6: 126.84305 | W6: 121.26682 | X6: 117.85907 | Y6: 123.56966 | Z6: 100 | AA6: 58.563 | AB6: 60.306627 | AC6: 43.906889 | AD6: 42.924306 | AE6: 48.524415 | AF6: 35.282773 | AG6: 31.467234
A7: Real Effective Exchange Rate, based on Consumer Price Index | B7: Index | C7: Units | E7: 39.17291 | F7: 34.566893 | G7: 37.044269 | H7: 38.603667 | I7: 40.610759 | J7: 39.262898 | K7: 48.616154 | L7: 40.313486 | M7: 51.488754 | N7: 63.392175 | O7: 72.344506 | P7: 75.428571 | Q7: 80.364353 | R7: 63.502709 | S7: 55.022311 | T7: 53.162585 | U7: 52.155387 | V7: 55.21811 | W7: 60.586071 | X7: 74.126078 | Y7: 98.054817 | Z7: ... | AA7: ... | AB7: ... | AC7: ... | AD7: ... | AE7: ... | AF7: ... | AG7: ...

Sheet Câmbios múltiplos - BCV
I1: A partir de 20/8/2014
G2: DIPRO (b) | I2: SICAD (c) | J2: Convenio Cambiario N° 33 (d) | L2: SICAD II
E3: (a) Cotización Reuters DIV/US$ | G3: Bs./DIV (b) | L3: Bs./DIV
C4: Moneda/País | E4: Compra (BID) | F4: Venta (ASK) | G4: Compra (BID) | H4: Venta (ASK) | I4: Compra (BID)/Venta (ASK) | J4: Compra (BID) | K4: Venta (ASK) | L4: Compra (BID) | M4: Venta (ASK)
A5: 41275 | C5: USD | D5: E.U.A. | E5: 1 | F5: 1 | G5: 4.2893 | H5: 4.3
A6: 41306 | C6: USD | D6: E.U.A. | E6: 1 | F6: 1 | G6: 6.2842 | H6: 6.3
A7: 41334 | C7: USD | D7: E.U.A. | E7: 1 | F7: 1 | G7: 6.2842 | H7: 6.3
A8: 41365 | C8: USD | D8: E.U.A. | E8: 1 | F8: 1 | G8: 6.2842 | H8: 6.3
A9: 41395 | C9: USD | D9: E.U.A. | E9: 1 | F9: 1 | G9: 6.2842 | H9: 6.3
A10: 41426 | C10: USD | D10: E.U.A. | E10: 1 | F10: 1 | G10: 6.2842 | H10: 6.3
A11: 41456 | C11: USD | D11: E.U.A. | E11: 1 | F11: 1 | G11: 6.2842 | H11: 6.3
A12: 41487 | C12: USD | D12: E.U.A. | E12: 1 | F12: 1 | G12: 6.2842 | H12: 6.3
A13: 41518 | C13: USD | D13: E.U.A. | E13: 1 | F13: 1 | G13: 6.2842 | H13: 6.3
A14: 41548 | C14: USD | D14: E.U.A. | E14: 1 | F14: 1 | G14: 6.2842 | H14: 6.3
A15: 41579 | C15: USD | D15: E.U.A. | E15: 1 | F15: 1 | G15: 6.2842 | H15: 6.3
A16: 41609 | C16: USD | D16: E.U.A. | E16: 1 | F16: 1 | G16: 6.2842 | H16: 6.3
... A23: 41821 | C23: USD | D23: E.U.A. | E23: 1 | F23: 1 | G23: 6.2842 | H23: 6.3
A24: 41852 | C24: USD | D24: E.U.A. | E24: 1 | F24: 1 | G24: 6.2842 | H24: 6.3 | I24: 11.5 | J24: 49.8469 | K24: 49.9719
A25: 41883 | C25: USD | D25: E.U.A. | E25: 1 | F25: 1 | G25: 6.2842 | H25: 6.3 | I25: 12 | J25: 49.8607 | K25: 49.9857 | O25: =K25/K24-1 -> 0.0002761552
A26: 41913 | C26: USD | D26: E.U.A. | E26: 1 | F26: 1 | G26: 6.2842 | H26: 6.3 | I26: 12 | J26: 49.8436 | K26: 49.9686 | O26: =K26/K25-1 -> -0.00034209784
A27: 41944 | C27: USD | D27: E.U.A. | E27: 1 | F27: 1 | G27: 6.2842 | H27: 6.3 | I27: 12 | J27: 49.859 | K27: 49.984 | O27: =K27/K26-1 -> 0.00030819355
A28: 41974 | C28: USD | D28: E.U.A. | E28: 1 | F28: 1 | G28: 6.2842 | H28: 6.3 | I28: 12 | J28: 49.8633 | K28: 49.9883 | O28: =K28/K27-1 -> 8.6027529e-05
A29: 42005 | C29: USD | D29: E.U.A. | E29: 1 | F29: 1 | G29: 6.2842 | H29: 6.3 | I29: 12 | J29: 51.9698 | K29: 52.1001 | O29: =K29/K28-1 -> 0.042245886
A30: 42036 | C30: USD | D30: E.U.A. | E30: 1 | F30: 1 | G30: 6.2842 | H30: 6.3 | I30: 12 | J30: 176.1813 | K30: 176.6229 | L30: 51.971 | M30: 52.1013 | O30: =K30/K29-1 -> 2.3900683
A31: 42064 | C31: USD | D31: E.U.A. | E31: 1 | F31: 1 | G31: 6.2842 | H31: 6.3 | I31: 12 | J31: 192.4713 | K31: 192.9537 | L31: 51.971 | M31: 52.1013 | O31: =K31/K30-1 -> 0.092461397
A32: 42095 | C32: USD | D32: E.U.A. | E32: 1 | F32: 1 | G32: 6.2842 | H32: 6.3 | I32: 12 | J32: 197.8199 | K32: 198.3157 | L32: 51.971 | M32: 52.1013 | O32: =K32/K31-1 -> 0.02778905
A33: 42125 | C33: USD | D33: E.U.A. | E33: 1 | F33: 1 | G33: 6.2842 | H33: 6.3 | I33: 12 | J33: 198.5151 | K33: 199.0127 | L33: 51.971 | M33: 52.1013 | O33: =K33/K32-1 -> 0.0035145982
A34: 42156 | C34: USD | D34: E.U.A. | E34: 1 | F34: 1 | G34: 6.2842 | H34: 6.3 | I34: 12.8 | J34: 196.8047 | K34: 197.298 | L34: 51.971 | M34: 52.1013 | O34: =K34/K33-1 -> -0.008616033
A35: 42186 | C35: USD | D35: E.U.A. | E35: 1 | F35: 1 | G35: 6.2842 | H35: 6.3 | I35: 12.8 | J35: 197.293 | K35: 197.7875 | L35: 51.971 | M35: 52.1013 | O35: =K35/K34-1 -> 0.0024810186
A36: 42217 | C36: USD | D36: E.U.A. | E36: 1 | F36: 1 | G36: 6.2842 | H36: 6.3 | I36: 12.8 | J36: 199.1581 | K36: 199.6573 | L36: 51.971 | M36: 52.1013 | O36: =K36/K35-1 -> 0.0094535802
A37: 42248 | C37: USD | D37: E.U.A. | E37: 1 | F37: 1 | G37: 6.2842 | H37: 6.3 | I37: 13.5 | J37: 198.9218 | K37: 199.4204 | L37: 51.971 | M37: 52.1013 | O37: =K37/K36-1 -> -0.0011865331
A38: 42278 | C38: USD | D38: E.U.A. | E38: 1 | F38: 1 | G38: 6.2842 | H38: 6.3 | I38: 13.5 | J38: 199.0278 | K38: 199.5267 | L38: 51.971 | M38: 52.1013 | O38: =K38/K37-1 -> 0.00053304476
A39: 42309 | C39: USD | D39: E.U.A. | E39: 1 | F39: 1 | G39: 6.2842 | H39: 6.3 | I39: 13.5 | J39: 199.0405 | K39: 199.5394 | L39: 51.971 | M39: 52.1013 | O39: =K39/K38-1 -> 6.3650629e-05
A40: 42339 | C40: USD | D40: E.U.A. | E40: 1 | F40: 1 | G40: 6.2842 | H40: 6.3 | I40: 13.5 | J40: 198.2018 | K40: 198.6986 | L40: 51.971 | M40: 52.1013 | O40: =K40/K39-1 -> -0.0042137042
A41: 42370 | C41: USD | D41: E.U.A. | E41: 1 | F41: 1 | G41: 6.2842 | H41: 6.3 | I41: 13.5 | J41: 199.0107 | K41: 199.5095 | L41: 51.971 | M41: 52.1013 | O41: =K41/K40-1 -> 0.0040810554
A42: 42401 | C42: USD | D42: E.U.A. | E42: 1 | F42: 1 | G42: 6.2842 | H42: 6.3 | I42: 13.5 | J42: 204.8746 | K42: 205.3881 | L42: 51.971 | M42: 52.1013 | O42: =K42/K41-1 -> 0.029465264
A43: 42430 | C43: USD | D43: E.U.A. | E43: 1 | F43: 1 | G43: 9.975 | H43: 10 | I43: 13.5 | J43: 272.23 | K43: 272.9123 | O43: =K43/K42-1 -> 0.32876394
A44: 42461 | C44: USD | D44: E.U.A. | E44: 1 | F44: 1 | G44: 9.975 | H44: 10 | I44: 13.5 | J44: 377.4328 | K44: 378.3788 | O44: =K44/K43-1 -> 0.38644832
A45: 42491 | C45: USD | D45: E.U.A. | E45: 1 | F45: 1 | G45: 9.975 | H45: 10 | I45: 13.5 | J45: 529.688 | K45: 531.0156 | O45: =K45/K44-1 -> 0.40339681
A46: 42522 | C46: USD | D46: E.U.A. | E46: 1 | F46: 1 | G46: 9.975 | H46: 10 | I46: 13.5 | J46: 626.7725 | K46: 628.3434 | O46: =K46/K45-1 -> 0.18328614
A47: 42552 | C47: USD | D47: E.U.A. | E47: 1 | F47: 1 | G47: 9.975 | H47: 10 | I47: 13.5 | J47: 643.481 | K47: 645.0938 | O47: =K47/K46-1 -> 0.026658034
A48: 42583 | C48: USD | D48: E.U.A. | E48: 1 | F48: 1 | G48: 9.975 | H48: 10 | I48: 13.5 | J48: 643.7656 | K48: 645.3791 | O48: =K48/K47-1 -> 0.00044226126
A49: 42614 | C49: USD | D49: E.U.A. | E49: 1 | F49: 1 | G49: 9.975 | H49: 10 | I49: 13.5 | J49: 657.238 | K49: 658.8853 | O49: =K49/K48-1 -> 0.020927545
A50: 42644 | C50: USD | D50: E.U.A. | E50: 1 | F50: 1 | G50: 9.975 | H50: 10 | I50: 13.5 | J50: 657.4473 | K50: 659.0951 | O50: =K50/K49-1 -> 0.00031841657
A51: 42675 | C51: USD | D51: E.U.A. | E51: 1 | F51: 1 | G51: 9.975 | H51: 10 | I51: 13.5 | J51: 662.2094 | K51: 663.8691 | O51: =K51/K50-1 -> 0.0072432643
A52: 42705 | C52: USD | D52: E.U.A. | E52: 1 | F52: 1 | G52: 9.975 | H52: 10 | I52: 13.5 | J52: 672.0772 | K52: 673.7617 | O52: =K52/K51-1 -> 0.014901432
A53: 42736 | C53: USD | D53: E.U.A. | E53: 1 | F53: 1 | G53: 9.975 | H53: 10 | I53: 13.5 | J53: 688.1378 | K53: 689.8625 | O53: =K53/K52-1 -> 0.023896876
A54: 42767 | C54: USD | D54: E.U.A. | E54: 1 | F54: 1 | G54: 9.975 | H54: 10 | I54: 13.5 | J54: 698.1663 | K54: 699.9161 | O54: =K54/K53-1 -> 0.014573339
... A59: 42917 | C59: USD | D59: E.U.A. | E59: 1 | F59: 1 | G59: 9.975 | H59: 10 | I59: 13.5 | J59: 2862.825 | K59: 2870 | O59: =K59/K58-1 -> 0.087121212
A60: 42972 | C60: USD | D60: E.U.A. | E60: 1 | F60: 1 | G60: 9.975 | H60: 10 | I60: 13.5 | J60: 3241.875 | K60: 3250 | O60: =K60/K59-1 -> 0.13240418 | P60: =K60/K56-1 -> 3.5300025

Sheet CPI - BM
A1: Data Source | B1: World Development Indicators
A2: Last Updated Date | B2: 42949
A4: Country Name | B4: Country Code | C4: Indicator Name | D4: Indicator Code | E4: 1960 | F4: 1961 | G4: 1962 | H4: 1963 | I4: 1964 | J4: 1965 | K4: 1966 | L4: 1967 | M4: 1968 | N4: 1969 | O4: 1970 | P4: 1971 | Q4: 1972 | R4: 1973 | S4: 1974 | T4: 1975 | U4: 1976 | V4: 1977 | W4: 1978 | X4: 1979 | Y4: 1980 | Z4: 1981 | AA4: 1982 | AB4: 1983 | AC4: 1984 | AD4: 1985 | AE4: 1986 | AF4: 1987 | AG4: 1988 | AH4: 1989 | AI4: 1990 | AJ4: 1991 | AK4: 1992 | AL4: 1993 | AM4: 1994 | AN4: 1995 | AO4: 1996 | AP4: 1997 | AQ4: 1998 | AR4: 1999 | AS4: 2000 | AT4: 2001 | AU4: 2002 | AV4: 2003 | AW4: 2004 | AX4: 2005 | AY4: 2006 | AZ4: 2007 | BA4: 2008 | BB4: 2009 | BC4: 2010 | BD4: 2011 | BE4: 2012 | BF4: 2013 | BG4: 2014 | BH4: 2015 | BI4: 2016 | BJ4: 2017*
A5: Aruba | B5: ABW | C5: Inflation, consumer prices (annual %) | D5: FP.CPI.TOTL.ZG | AD5: 4.0322581 | AE5: 1.0739664 | AF5: 3.6430455 | AG5: 3.1218685 | AH5: 3.991628 | AI5: 5.8366878 | AJ5: 5.5555556 | AK5: 3.8733754 | AL5: 5.21556 | AM5: 6.3110797 | AN5: 3.3613911 | AO5: 3.225288 | AP5: 2.9999481 | AQ5: 1.8694885 | AR5: 2.280372 | AS5: 4.0440213 | AT5: 2.8836043 | AU5: 3.315775 | AV5: 3.6573766 | AW5: 2.5299381 | AX5: 3.3956252 | AY5: 3.6087115 | AZ5: 5.3912026 | BA5: 8.9577322 | BB5: -2.1363716 | BC5: 2.077739 | BD5: 4.3745958 | BE5: 0.57175553 | BF5: -2.3722633 | BG5: 0.42099817 | BH5: 0.47648501 | BI5: -0.89302002
A6: Afghanistan | B6: AFG | C6: Inflation, consumer prices (annual %) | D6: FP.CPI.TOTL.ZG | AX6: 12.686269 | AY6: 7.2548956 | AZ6: 8.4828893 | BA6: 30.554941 | BB6: -8.2830784 | BC6: 0.89253694 | BD6: 10.20166 | BE6: 7.2182578 | BF6: 7.6543166 | BG6: 4.604334 | BH6: -1.5338466 | BI6: 2.1694522
A7: Angola | B7: AGO | C7: Inflation, consumer prices (annual %) | D7: FP.CPI.TOTL.ZG | AJ7: 83.608333 | AK7: 299.0605 | AL7: 1379.4143 | AM7: 948.81119 | AN7: 2671.7921 | AO7: 4145.1076 | AP7: 219.17672 | AQ7: 107.28482 | AR7: 248.1959 | AS7: 324.99687 | AT7: 152.56102 | AU7: 108.89744 | AV7: 98.223718 | AW7: 43.541947 | AX7: 22.963744 | AY7: 13.303253 | AZ7: 12.248676 | BA7: 12.473713 | BB7: 13.731451 | BC7: 14.470541 | BD7: 13.467015 | BE7: 10.293494 | BF7: 8.7760909 | BG7: 7.2795615 | BH7: 10.279327 | BI7: 34.736159
A8: Albania | B8: ALB | C8: Inflation, consumer prices (annual %) | D8: FP.CPI.TOTL.ZG | AK8: 226.00542 | AL8: 85.004751 | AM8: 22.565053 | AN8: 7.7932185 | AO8: 12.725478 | AP8: 33.180274 | AQ8: 20.642859 | AR8: 0.38943765 | AS8: 0.050018136 | AT8: 3.1075883 | AU8: 7.7705258 | AV8: 0.48400261 | AW8: 2.2800192 | AX8: 2.366582 | AY8: 2.3707283 | AZ8: 2.9326825 | BA8: 3.3592424 | BB8: 2.2805022 | BC8: 3.5522674 | BD8: 3.4503472 | BE8: 2.0315959 | BF8: 1.9376175 | BG8: 1.631778 | BH8: 1.910017 | BI8: 1.2827988
A9: Andorra | B9: AND | C9: Inflation, consumer prices (annual %) | D9: FP.CPI.TOTL.ZG
A10: Arab World | B10: ARB | C10: Inflation, consumer prices (annual %) | D10: FP.CPI.TOTL.ZG | R10: 8.2666667 | S10: 15.528282 | T10: 9.6696955 | U10: 10.317416 | V10: 11.989283 | W10: 9.7160327 | Y10: 9.6260566 | Z10: 10.758503 | AA10: 8.3312558 | AB10: 5.4936655 | AC10: 8.116398 | AD10: 7.2543618 | AE10: 6.7988584 | AF10: 4.2224167 | AG10: 5.911545 | AH10: 7.740886 | AI10: 8.4514624 | AJ10: 9 | AK10: 9.3597516 | AL10: 9.3703442 | AM10: 5.1125989 | AN10: 6.5437907 | AO10: 4.6813062 | AP10: 3.5502959 | AQ10: 3.1253658 | AR10: 2.6486225 | AS10: 1.8129461 | AT10: 1.8777689 | AU10: 1.6256479 | AV10: 2.4885788 | AW10: 3.7970402 | AX10: 3.2993259 | AY10: 3.9869603 | AZ10: 5.1764003 | BA10: 11.270665 | BB10: 3.5248138 | BC10: 3.9898415 | BD10: 4.8292498 | BE10: 4.7281207 | BF10: 3.2795846 | BG10: 2.8915663 | BH10: 1.8597915
A11: United Arab Emirates | B11: ARE | C11: Inflation, consumer prices (annual %) | D11: FP.CPI.TOTL.ZG
A12: Argentina | B12: ARG | C12: Inflation, consumer prices (annual %) | D12: FP.CPI.TOTL.ZG | E12: 27.297993 | F12: 13.394343 | G12: 28.319883 | H12: 23.899371 | I12: 22.196585 | J12: 28.625378 | K12: 31.914269 | L12: 29.200979 | M12: 16.210164 | N12: 7.5748592 | O12: 13.586882 | P12: 34.7325 | Q12: 58.445885 | R12: 61.249077 | S12: 23.47489 | T12: 182.92683 | U12: 443.96552 | V12: 176.00181 | W12: 175.51472 | X12: 159.50712 | Y12: 100.76437 | Z12: 104.47604 | AA12: 164.77681 | AB12: 343.81068 | AC12: 626.71859 | AD12: 672.18065 | AE12: 90.096605 | AF12: 131.32702 | AG12: 342.95511 | AH12: 3079.8097 | AI12: 2313.9647 | AJ12: 171.6717 | AK12: 24.899949 | AL12: 10.611494 | AM12: 4.1773472 | AN12: 3.3761168 | AO12: 0.1556959 | AP12: 0.52725826 | AQ12: 0.92033647 | AR12: -1.1668955 | AS12: -0.93593941 | AT12: -1.0666355 | AU12: 25.868498 | AV12: 13.442849 | AW12: 4.4157179 | AX12: 9.6393995 | AY12: 10.901125 | AZ12: 8.831413 | BA12: 8.5840138 | BB12: 6.2827743 | BC12: 10.780115 | BD12: 9.4656863 | BE12: 10.030259 | BF12: 10.619433
A13: Armenia | B13: ARM | C13: Inflation, consumer prices (annual %) | D13: FP.CPI.TOTL.ZG | AM13: 3373.4741 | AN13: 175.95133 | AO13: 18.681186 | AP13: 13.960764 | AQ13: 8.6724863 | AR13: 0.64824576 | AS13: -0.79088377 | AT13: 3.1459046 | AU13: 1.0600493 | AV13: 4.7215534 | AW13: 6.9612614 | AX13: 0.64234327 | AY13: 2.8923566 | AZ13: 4.4073609 | BA13: 8.9499534 | BB13: 3.4067668 | BC13: 8.1815755 | BD13: 7.6512336 | BE13: 2.5554709 | BF13: 5.7937879 | BG13: 2.9809881 | BH13: 3.726586 | BI13: -1.273044
A14: American Samoa | B14: ASM | C14: Inflation, consumer prices (annual %) | D14: FP.CPI.TOTL.ZG
A15: Antigua and Barbuda | B15: ATG | C15: Inflation, consumer prices (annual %) | D15: FP.CPI.TOTL.ZG | AR15: 1.1212879 | AS15: 0.7717798 | AT15: 1.4027966 | AU15: 2.407658 | AV15: 1.9935306 | AW15: 2.0300776 | AX15: 2.098752 | AY15: 1.7877854 | AZ15: 1.4160526 | BA15: 5.3338064 | BB15: -0.55016 | BC15: 3.3700254 | BD15: 3.4567497 | BE15: 3.3768804 | BF15: 1.0594978 | BG15: 1.0894416 | BH15: 0.96899346
A16: Australia | B16: AUS | C16: Inflation, consumer prices (annual %) | D16: FP.CPI.TOTL.ZG | E16: 3.7925926 | F16: 2.5121325 | G16: -0.27847396 | H16: 0.53057805 | I16: 2.3611111 | J16: 3.9620081 | K16: 2.9757244 | L16: 3.1939163 | M16: 2.6529108 | N16: 2.9193587 | O16: 3.9060684 | P16: 6.0639964 | Q16: 5.8649789 | R16: 9.4659227 | S16: 15.11014 | T16: 15.07196 | U16: 13.523914 | V16: 12.300242 | W16: 7.923674 | X16: 9.090001 | Y16: 10.126582 | Z16: 9.691745 | AA16: 11.145511 | AB16: 10.113563 | AC16: 3.9501849 | AD16: 6.739049 | AE16: 9.0845317 | AF16: 8.488746 | AG16: 7.2317724 | AH16: 7.5594251 | AI16: 7.2722601 | AJ16: 3.2226799 | AK16: 0.98591549 | AL16: 1.8131102 | AM16: 1.8949772 | AN16: 4.6381358 | AO16: 2.6124197 | AP16: 0.25041736 | AQ16: 0.85345545 | AR16: 1.4654283 | AS16: 4.4751831 | AT16: 4.3808411 | AU16: 3.0031711 | AV16: 2.7707352 | AW16: 2.3436123 | AX16: 2.6687328 | AY16: 3.5384873 | AZ16: 2.3323615 | BA16: 4.3526432 | BB16: 1.8201122 | BC16: 2.8452257 | BD16: 3.3038502 | BE16: 1.7627802 | BF16: 2.4498886 | BG16: 2.4879227 | BH16: 1.5083667 | BI16: 1.2769909
A17: Austria | B17: AUT | C17: Inflation, consumer prices (annual %) | D17: FP.CPI.TOTL.ZG | E17: 1.9457499 | F17: 3.5422564 | G17: 4.3817855 | H17: 2.7087698 | I17: 3.8685706 | J17: 4.9309111 | K17: 2.2058824 | L17: 3.975 | M17: 2.7731025 | N17: 3.0804024 | O17: 4.3728249 | P17: 4.7042621 | Q17: 6.362063 | R17: 7.5240823 | S17: 9.5217918 | T17: 8.4452551 | U17: 7.3186892 | V17: 5.475 | W17: 3.5790472 | X17: 3.7070938 | Y17: 6.3253898 | Z17: 6.8068622 | AA17: 5.4404145 | AB17: 3.3353808 | AC17: 5.6648636 | AD17: 3.189694 | AE17: 1.7009213 | AF17: 1.4 | AG17: 1.9312952 | AH17: 2.5638958 | AI17: 3.2623221 | AJ17: 3.3343484 | AK17: 4.0297628 | AL17: 3.6258055 | AM17: 2.9590651 | AN17: 2.2500996 | AO17: 1.8435573 | AP17: 1.3083213 | AQ17: 0.92127485 | AR17: 0.56240939 | AS17: 2.3951855 | AT17: 2.6634407 | AU17: 1.802102 | AV17: 1.3555411 | AW17: 2.0612282 | AX17: 2.3047659 | AY17: 1.4496185 | AZ17: 2.1685991 | BA17: 3.2159207 | BB17: 0.50631251 | BC17: 1.813535 | BD17: 3.2669389 | BE17: 2.4856751 | BF17: 2.0001575 | BG17: 1.6058056 | BH17: 0.896567 | BI17: 0.85826097
A18: Azerbaijan | B18: AZE | C18: Inflation, consumer prices (annual %) | D18: FP.CPI.TOTL.ZG | AK18: -10.630098 | AL18: 1128 | AM18: 1662.2159 | AN18: 411.75964 | AO18: 19.794803 | AP18: 3.6743481 | AQ18: -0.77269789 | AR18: -8.52517 | AS18: 1.805003 | AT18: 1.5471959 | AU18: 2.7711647 | AV18: 2.2338649 | AW18: 6.7089304 | AX18: 9.6795073 | AY18: 8.3740632 | AZ18: 16.595367 | BA18: 20.791579 | BB18: 1.4010561 | BC18: 5.6679231 | BD18: 7.8504506 | BE18: 1.0141098 | BF18: 2.3814437 | BG18: 1.3850289 | BH18: 4.1719657 | BI18: 4.1799935
A19: Burundi | B19: BDI | C19: Inflation, consumer prices (annual %) | D19: FP.CPI.TOTL.ZG | K19: 4.4368601 | L19: -1.0893246 | M19: 6.0572687 | N19: 4.0238837 | O19: -0.19965061 | P19: 3.8509627 | Q19: 3.8285577 | R19: 6.0064935 | S19: 15.722307 | T19: 15.709875 | U19: 6.8565516 | V19: 6.834514 | W19: 23.895621 | X19: 36.540757 | Y19: 2.4985195 | Z19: 12.167394 | AA19: 5.8680964 | AB19: 8.1512314 | AC19: 14.31687 | AD19: 3.8042868 | AE19: 1.6756757 | AF19: 7.1132376 | AG19: 4.4867977 | AH19: 11.6616 | AI19: 7.0021696 | AJ19: 8.9969387 | AK19: 1.8233333 | AL19: 9.6793466 | AM19: 14.852815 | AN19: 19.263254 | AO19: 26.436782 | AP19: 31.11159 | AQ19: 12.500411 | AR19: 3.3854243 | AS19: 24.317681 | AT19: 9.2429718 | AU19: -1.3709745 | AV19: 10.76167 | AW19: 7.8516882 | AX19: 13.523678 | AY19: 2.809015 | AZ19: 8.3420324 | BA19: 24.107355 | BB19: 10.981469 | BC19: 6.401249 | BD19: 9.7350192 | BE19: 18.012816 | BF19: 7.9506743 | BG19: 4.37984 | BH19: 5.5542042 | BI19: 5.5384852
A20: Belgium | B20: BEL | C20: Inflation, consumer prices (annual %) | D20: FP.CPI.TOTL.ZG | E20: 0.30994647 | F20: 0.98314607 | G20: 1.4047288 | H20: 2.1533397 | I20: 4.1756176 | J20: 4.0598015 | K20: 4.1738915 | L20: 2.9128522 | M20: 2.7033272 | N20: 3.7457818 | O20: 3.9141277 | P20: 4.3405676 | Q20: 5.4475 | R20: 6.9552779 | S20: 12.677888 | T20: 12.768204 | U20: 9.1586998 | V20: 7.1108484 | W20: 4.4705946 | X20: 4.4690843 | Y20: 6.6509752 | Z20: 7.6282745 | AA20: 8.7258507 | AB20: 7.66337 | AC20: 6.3475174 | AD20: 4.8676764 | AE20: 1.2955014 | AF20: 1.5544829 | AG20: 1.1620509 | AH20: 3.1054502 | AI20: 3.452823 | AJ20: 3.208552 | AK20: 2.4299136 | AL20: 2.753963 | AM20: 2.3777986 | AN20: 1.4668139 | AO20: 2.0589193 | AP20: 1.6274593 | AQ20: 0.95444259 | AR20: 1.1184211 | AS20: 2.5446396 | AT20: 2.4744448 | AU20: 1.6419006 | AV20: 1.5928165 | AW20: 2.0919387 | AX20: 2.7843035 | AY20: 1.7909407 | AZ20: 1.8220636 | BA20: 4.4894442 | BB20: -0.049480455 | BC20: 2.1892189 | BD20: 3.5310582 | BE20: 2.8387231 | BF20: 1.1122346 | BG20: 0.34 | BH20: 0.55810245 | BI20: 1.9772052
A21: Benin | B21: BEN | C21: Inflation, consumer prices (annual %) | D21: FP.CPI.TOTL.ZG | AL21: 0.44059921 | AM21: 38.530866 | AN21: 14.462548 | AO21: 4.9142397 | AP21: 3.4662959 | AQ21: 5.7533146 | AR21: 0.32672289 | AS21: 4.1654044 | AT21: 3.9842955 | AU21: 2.4891624 | AV21: 1.4872425 | AW21: 0.87389083 | AX21: 5.3645209 | AY21: 3.782177 | AZ21: 1.2980681 | BA21: 7.9472988 | BB21: 2.15683 | BC21: 2.3073568 | BD21: 2.7128005 | BE21: 6.7531235 | BF21: 0.97185185 | BG21: -1.0857445 | BH21: 0.32039872 | BI21: -0.93003312
A22: Burkina Faso | B22: BFA | C22: Inflation, consumer prices (annual %) | D22: FP.CPI.TOTL.ZG | E22: 7.788162 | F22: 18.562139 | G22: 1.6759096 | H22: 5.5742028 | I22: 1.8451232 | J22: -0.73025252 | K22: 2.364106 | L22: -4.3337539 | M22: -0.28671369 | N22: 9.6555294 | O22: 1.7726033 | P22: 2.0612182 | Q22: -2.9233566 | R22: 7.6038904 | S22: 8.7196095 | T22: 18.756947 | U22: -8.4007188 | V22: 29.986104 | W22: 8.2691401 | X22: 14.993466 | Y22: 12.202636 | Z22: 7.5557056 | AA22: 12.059765 | AB22: 8.1537628 | AC22: 4.8469577 | AD22: 6.9060578 | AE22: -2.6117429 | AF22: -2.6817842 | AG22: 4.255616 | AH22: -0.48179872 | AI22: -0.50430339 | AJ22: 2.1626005 | AK22: -1.9911358 | AL22: 0.55345572 | AM22: 25.177876 | AN22: 7.458845 | AO22: 6.0978044 | AP22: 2.3186906 | AQ22: 5.0843334 | AR22: -1.0726136 | AS22: -0.30421217 | AT22: 5.0074329 | AU22: 2.1756948 | AV22: 2.0345657 | AW22: -0.4002287 | AX22: 6.4150402 | AY22: 2.3331086 | AZ22: -0.23062731 | BA22: 10.659798 | BB22: 2.6081767 | BC22: -0.76423073 | BD22: 2.7597672 | BE22: 3.8181524 | BF22: 0.53373851 | BG22: -0.25808952 | BH22: 0.95499332
A23: Bangladesh | B23: BGD | C23: Inflation, consumer prices (annual %) | D23: FP.CPI.TOTL.ZG | AF23: 9.8746961 | AG23: 7.412766 | AH23: 6.0454798 | AI23: 6.1267185 | AJ23: 6.3573641 | AK23: 3.6340769 | AL23: 3.0148186 | AM23: 5.3137401 | AN23: 10.297812 | AO23: 2.377129 | AP23: 5.3056011 | AQ23: 8.402238 | AR23: 6.1066959 | AS23: 2.2082562 | AT23: 2.0071737 | AU23: 3.3325649 | AV23: 5.6687077 | AW23: 7.5875364 | AX23: 7.0466182 | AY23: 6.7652612 | AZ23: 9.106985 | BA23: 8.9019449 | BB23: 5.4234724 | BC23: 8.1266764 | BD23: 10.704805 | BE23: 6.2181824 | BF23: 7.5299728 | BG23: 6.9911653 | BH23: 6.1942802 | BI23: 5.5135257
A24: Bulgaria | B24: BGR | C24: Inflation, consumer prices (annual %) | D24: FP.CPI.TOTL.ZG | AE24: 2.7 | AF24: 2.7263875 | AG24: 2.3696682 | AH24: 6.3888889 | AI24: 23.8 | AJ24: 338.44911 | AK24: 91.297933 | AL24: 72.878791 | AM24: 96.057338 | AN24: 62.054834 | AO24: 121.6075 | AP24: 1058.3739 | AQ24: 18.67226 | AR24: 2.5730091 | AS24: 10.31626 | AT24: 7.3609505 | AU24: 5.8101305 | AV24: 2.157107 | AW24: 6.3461331 | AX24: 5.0388435 | AY24: 7.2616133 | AZ24: 8.4024868 | BA24: 12.348772 | BB24: 2.7531725 | BC24: 2.4389906 | BD24: 4.2199035 | BE24: 2.9545683 | BF24: 0.89009354 | BG24: -1.4181227 | BH24: -0.10487233 | BI24: -0.79852306
A25: Bahrain | B25: BHR | C25: Inflation, consumer prices (annual %) | D25: FP.CPI.TOTL.ZG | K25: 2.1344717 | L25: 4.2580982 | M25: 3.257329 | N25: -0.19412764 | O25: 1.6289813 | P25: 5.7894737 | Q25: 5.0881954 | R25: 14.331827 | S25: 24.392998 | T25: 16.159782 | U25: 22.495767 | V25: 17.731121 | W25: 15.785538 | X25: 2.205992 | Y25: 3.8695251 | Z25: 11.344597 | AA25: 8.8857131 | AB25: 2.9723992 | AC25: 0.32239925 | AD25: -2.6359693 | AE25: -2.2960932 | AF25: -1.7450018 | AG25: 0.30343597 | AH25: 1.4858973 | AI25: 0.92933544 | AJ25: 0.76441974 | AK25: -0.17241379 | AL25: 2.5388601 | AM25: 0.8169109 | AN25: 2.7040348 | AO25: -0.45222738 | AP25: 2.4315513 | AQ25: -0.36653386 | AR25: -1.287588 | AS25: -0.70485295 | AT25: -1.2075718 | AU25: -0.49554014 | AV25: 1.5936255 | AW25: 2.3529412 | AX25: 2.5862069 | AY25: 2.0074697 | AZ25: 3.2566667 | BA25: 3.5260032 | BB25: 2.7955128 | BC25: 1.9618847 | BD25: -0.36444775 | BE25: 2.7545536 | BF25: 3.3054849 | BG25: 2.6511955 | BH25: 1.8359937
A26: Bahamas, The | B26: BHS | C26: Inflation, consumer prices (annual %) | D26: FP.CPI.TOTL.ZG | L26: 5.4377565 | M26: 4.5410315 | N26: 8.9357741 | O26: 6.1520934 | P26: 4.6149718 | Q26: 6.8308113 | R26: 5.4817542 | S26: 13.071846 | T26: 10.359635 | U26: 4.2558366 | V26: 3.1898764 | W26: 6.1090704 | X26: 9.0913933 | Y26: 12.097837 | Z26: 11.114498 | AA26: 6.012621 | AB26: 4 | AC26: 3.9663462 | AD26: 4.6050096 | AE26: 5.4337815 | AF26: 5.756464 | AG26: 4.4024118 | AH26: 5.3876582 | AI26: 4.6693191 | AJ26: 7.1146812 | AK26: 5.7381989 | AL26: 2.7228977 | AM26: 1.3993342 | AN26: 2.066995 | AO26: 1.3791374 | AP26: 0.54415038 | AQ26: 1.3366134 | AR26: 1.2542483 | AS26: 1.6063294 | AT26: 2.0449898 | AU26: 2.1735779 | AV26: 3.0250453 | AW26: 0.98191404 | AX26: 1.5916062 | AY26: 2.3898263 | AZ26: 2.4925779 | BA26: 4.48956 | BB26: 2.0627347 | BC26: 1.3440274 | BD26: 3.1987814 | BE26: 1.9845981 | BF26: 0.3468781 | BG26: 1.5044644 | BH26: 1.8708077 | BI26: -0.34637693
A27: Bosnia and Herzegovina | B27: BIH | C27: Inflation, consumer prices (annual %) | D27: FP.CPI.TOTL.ZG
A28: Belarus | B28: BLR | C28: Inflation, consumer prices (annual %) | D28: FP.CPI.TOTL.ZG | AL28: 1190.233 | AM28: 2221.0168 | AN28: 709.34604 | AO28: 52.712077 | AP28: 63.937366 | AQ28: 72.869717 | AR28: 293.67875 | AS28: 168.62024 | AT28: 61.134933 | AU28: 42.537548 | AV28: 28.39784 | AW28: 18.108242 | AX28: 10.338879 | AY28: 7.0330293 | AZ28: 8.4215004 | BA28: 14.837876 | BB28: 12.945656 | BC28: 7.735748 | BD28: 53.228698 | BE28: 59.219736 | BF28: 18.312261 | BG28: 18.119554 | BH28: 13.53449 | BI28: 11.836581
A29: Belize | B29: BLZ | C29: Inflation, consumer prices (annual %) | D29: FP.CPI.TOTL.ZG | Z29: 11.22449 | AA29: 6.8390325 | AB29: 4.9960968 | AC29: 3.3828996 | AD29: 6.2371661 | AE29: 0.79977149 | AF29: 2.0119014 | AG29: 3.1388889 | AH29: 2.1276596 | AI29: 3.0590717 | AJ29: 0.7619515 | AK29: 2.3967007 | AL29: 1.4725969 | AM29: 2.569343 | AN29: 2.8896158 | AO29: 5.965021 | AP29: 1.1490376 | AQ29: 2.1952625 | AR29: 2.6213952 | AS29: 3.0674397 | AT29: 3.6514179 | AU29: 4.2402666 | AV29: 2.3180827 | AW29: 6.394431 | AX29: -1.1043104 | AY29: -7.1137677 | AZ29: 2.3180827 | BA29: 6.394431 | BB29: -1.1043104 | BC29: 0.91797738 | BD29: 1.6020562 | BE29: 1.3006067 | BF29: 0.50974777 | BG29: 1.2013996 | BH29: -0.88528155
A30: Bermuda | B30: BMU | C30: Inflation, consumer prices (annual %) | D30: FP.CPI.TOTL.ZG
A31: Bolivia | B31: BOL | C31: Inflation, consumer prices (annual %) | D31: FP.CPI.TOTL.ZG | E31: 11.533153 | F31: 7.5614931 | G31: 5.8793314 | H31: -0.70635721 | I31: 10.181818 | J31: 2.860286 | K31: 6.9518717 | L31: 11.2 | M31: 5.4706235 | N31: 2.2097485 | O31: 3.9555092 | P31: 3.6746143 | Q31: 6.511544 | R31: 31.486029 | S31: 62.836076 | T31: 7.976746 | U31: 4.4940116 | V31: 8.1072555 | W31: 10.355672 | X31: 19.719717 | Y31: 47.24165 | Z31: 32.133601 | AA31: 123.53572 | AB31: 275.58628 | AC31: 1281.3499 | AD31: 11749.64 | AE31: 276.33597 | AF31: 14.578698 | AG31: 16.002091 | AH31: 15.173468 | AI31: 17.118775 | AJ31: 21.44707 | AK31: 12.060324 | AL31: 8.527877 | AM31: 7.8740442 | AN31: 10.193207 | AO31: 12.425487 | AP31: 4.7084444 | AQ31: 7.673229 | AR31: 2.1595163 | AS31: 4.60823 | AT31: 1.5896538 | AU31: 0.92825885 | AV31: 3.337275 | AW31: 4.4373808 | AX31: 5.3932311 | AY31: 4.2855493 | AZ31: 8.7062472 | BA31: 14.000408 | BB31: 3.3493698 | BC31: 2.501767 | BD31: 9.8126898 | BE31: 4.5863747 | BF31: 5.7155801 | BG31: 5.7835637 | BH31: 4.0609637 | BI31: 3.6252394
A32: Brazil | B32: BRA | C32: Inflation, consumer prices (annual %) | D32: FP.CPI.TOTL.ZG | Z32: 101.72482 | AA32: 100.5435 | AB32: 135.0276 | AC32: 192.12177 | AD32: 225.99156 | AE32: 147.14217 | AF32: 228.33513 | AG32: 629.11473 | AH32: 1430.7232 | AI32: 2947.7329 | AJ32: 432.7846 | AK32: 951.64846 | AL32: 1927.9835 | AM32: 2075.8872 | AN32: 66.007876 | AO32: 15.757436 | AP32: 6.9253169 | AQ32: 3.1985919 | AR32: 4.8579662 | AS32: 7.0447025 | AT32: 6.8378308 | AU32: 8.4502207 | AV32: 14.715326 | AW32: 6.5991248 | AX32: 6.8673496 | AY32: 4.1836805 | AZ32: 3.6370279 | BA32: 5.6630985 | BB32: 4.8864084 | BC32: 5.0383169 | BD32: 6.6361987 | BE32: 5.4019647 | BF32: 6.2018996 | BG32: 6.3320923 | BH32: 9.0276013 | BI32: 8.7394785
A33: Barbados | B33: BRB | C33: Inflation, consumer prices (annual %) | D33: FP.CPI.TOTL.ZG | L33: 3.6348752 | M33: 7.4887432 | N33: 5.8352319 | O33: 7.2842164 | P33: 7.4692557 | Q33: 11.876656 | R33: 16.855082 | S33: 38.922928 | T33: 20.294469 | U33: 4.9867681 | V33: 8.3523697 | W33: 9.4823826 | X33: 13.169836 | Y33: 14.43052 | Z33: 14.567563 | AA33: 10.332466 | AB33: 5.2302988 | AC33: 4.6857973 | AD33: 3.9151053 | AE33: 1.3300685 | AF33: 3.3117311 | AG33: 4.8588592 | AH33: 6.1901141 | AI33: 3.0745727 | AJ33: 6.2575266 | AK33: 6.093893 | AL33: 1.1134393 | AM33: 0.077204388 | AN33: 1.8788628 | AO33: 2.3861522 | AP33: 7.7105388 | AQ33: -1.2688866 | AR33: 1.5600624 | AS33: 2.435813 | AT33: 2.5778349 | AU33: 0.12524946 | AV33: 1.6194332 | AW33: 1.3944223 | AX33: 6.0821873 | AY33: 7.3076626 | AZ33: 4.0342298 | BA33: 8.1081081 | BB33: 3.6438619 | BC33: 5.8242185 | BD33: 9.4322024 | BE33: 4.5333475 | BF33: 1.8040055 | BG33: 1.8871702 | BH33: -1.0612165
A34: Brunei Darussalam | B34: BRN | C34: Inflation, consumer prices (annual %) | D34: FP.CPI.TOTL.ZG | Z34: 9.1370558 | AA34: 6.3565891 | AB34: 1.1661808 | AC34: 3.0739673 | AD34: 2.3532153 | AE34: 1.7812429 | AF34: 1.2468549 | AG34: 1.1928429 | AH34: 1.3043004 | AI34: 2.1386629 | AJ34: 1.6 | AK34: 1.2795276 | AL34: 4.2517007 | AM34: 2.4625184 | AN34: 5.9666414 | AO34: 1.9961365 | AP34: 1.71156 | AQ34: -0.44137931 | AR34: -0.4156276 | AS34: 1.5581525 | AT34: 0.59589041 | AU34: -2.3149724 | AV34: 0.3 | AW34: 0.81422399 | AX34: 1.2444371 | AY34: 0.15988808 | AZ34: 0.96777412 | BA34: 2.0849802 | BB34: 1.0357177 | BC34: 0.35686913 | BD34: 2.0159344 | BE34: 0.46410286 | BF34: 0.38326309 | BG34: -0.19442629 | BH34: -0.42392567 | BI34: -0.73232302
A35: Bhutan | B35: BTN | C35: Inflation, consumer prices (annual %) | D35: FP.CPI.TOTL.ZG | Z35: 9.9331423 | AA35: 9.9044309 | AB35: 18.023715 | AC35: 7.0328198 | AD35: 1.8773467 | AE35: 9.95086 | AF35: 6.3687151 | AG35: 10.084034 | AH35: 8.778626 | AI35: 10 | AJ35: 12.280702 | AK35: 15.980114 | AL35: 11.206369 | AM35: 6.9933921 | AN35: 9.4956253 | AO35: 8.7896592 | AP35: 6.5132858 | AQ35: 10.577021 | AR35: 6.7773294 | AS35: 4.0109937 | AT35: 3.4104046 | AU35: 2.4834305 | AV35: 1.5661524 | AW35: -18.10863 | AX35: 5.3115131 | AY35: 5.0004544 | AZ35: 5.1561114 | BA35: 8.3271605 | BB35: 4.3611222 | BC35: 7.0363832 | BD35: 8.8489857 | BE35: 10.919657 | BF35: 7.0066667 | BG35: 8.2065451 | BH35: 4.5217085 | BI35: 3.2861386
A36: Botswana | B36: BWA | C36: Inflation, consumer prices (annual %) | D36: FP.CPI.TOTL.ZG | T36: 11.974755 | U36: 11.732424 | V36: 13.168724 | W36: 9.0439883 | X36: 11.736231 | Y36: 13.632425 | Z36: 16.428027 | AA36: 11.137206 | AB36: 10.477144 | AC36: 8.577469 | AD36: 8.0945758 | AE36: 10.001716 | AF36: 9.8019339 | AG36: 8.3516796 | AH36: 11.575015 | AI36: 11.396346 | AJ36: 11.765016 | AK36: 16.167612 | AL36: 14.330803 | AM36: 10.542921 | AN36: 10.512546 | AO36: 10.082858 | AP36: 8.7199313 | AQ36: 6.6613987 | AR36: 7.7492962 | AS36: 8.6014851 | AT36: 6.5590377 | AU36: 8.0327966 | AV36: 9.1899027 | AW36: 6.9457036 | AX36: 8.6102253 | AY36: 11.555219 | AZ36: 7.0809985 | BA36: 12.702188 | BB36: 8.027297 | BC36: 6.9488766 | BD36: 8.4581659 | BE36: 7.5402841 | BF36: 5.8838885 | BG36: 4.4031359 | BH36: 3.060357 | BI36: 3.7693046
A37: Central African Republic | B37: CAF | C37: Inflation, consumer prices (annual %) | D37: FP.CPI.TOTL.ZG | Z37: -0.033333333 | AA37: 13.296099 | AB37: 14.612611 | AC37: 2.5422097 | AD37: 10.42384 | AE37: 2.2451525 | AF37: -6.9868027 | AG37: -3.9644688 | AH37: 0.68905581 | AI37: -0.012330456 | AJ37: -2.7623628 | AK37: -1.0336081 | AL37: -2.9153585 | AM37: 24.571014 | AN37: 19.189404 | AO37: 3.7249411 | AP37: 1.6113135 | AQ37: -1.885201 | AR37: -1.4142022 | AS37: 3.2034009 | AT37: 3.8348606 | AU37: 2.331817 | AV37: 4.1347091 | AW37: -2.066406 | AX37: 2.8835207 | AY37: 6.6952647 | AZ37: 0.92841211 | BA37: 9.2726185 | BB37: 3.5199021 | BC37: 1.4932338 | BD37: 1.30057 | BE37: 5.7722506 | BF37: 1.5018451 | BG37: 25.282811 | BH37: 37.142215
A38: Canada | B38: CAN | C38: Inflation, consumer prices (annual %) | D38: FP.CPI.TOTL.ZG | E38: 1.3117547 | F38: 0.86598285 | G38: 1.1785635 | H38: 1.7692308 | I38: 1.792463 | J38: 2.4610162 | K38: 3.7374469 | L38: 3.5728543 | M38: 4.0855656 | N38: 4.5084244 | O38: 3.3661086 | P38: 2.8365755 | Q38: 4.775 | R38: 7.6115486 | S38: 10.864745 | T38: 10.813333 | U38: 7.5081218 | V38: 7.9910464 | W38: 8.9128407 | X38: 9.1445428 | Y38: 10.183086 | Z38: 12.462415 | AA38: 10.803355 | AB38: 5.8161538 | AC38: 4.3388235 | AD38: 3.9509291 | AE38: 4.173898 | AF38: 4.364848 | AG38: 4.0226674 | AH38: 4.9950127 | AI38: 4.7646887 | AJ38: 5.6152344 | AK38: 1.5058451 | AL38: 1.841369 | AM38: 0.18527984 | AN38: 2.1682291 | AO38: 1.5705311 | AP38: 1.6212164 | AQ38: 0.99594246 | AR38: 1.734843 | AS38: 2.71944 | AT38: 2.5251201 | AU38: 2.2583944 | AV38: 2.7585632 | AW38: 1.8572587 | AX38: 2.213552 | AY38: 2.0020254 | AZ38: 2.138384 | BA38: 2.3702707 | BB38: 0.2994668 | BC38: 1.7768715 | BD38: 2.9121351 | BE38: 1.5156782 | BF38: 0.9382919 | BG38: 1.9066359 | BH38: 1.1252414 | BI38: 1.4287595
A39: Central Europe and the Baltics | B39: CEB | C39: Inflation, consumer prices (annual %) | D39: FP.CPI.TOTL.ZG | AL39: 89.811949 | AM39: 35.925092 | AN39: 28.071696 | AO39: 19.817221 | AP39: 8.8778903 | AQ39: 8.2083333 | AR39: 4.0191388 | AS39: 8.8788037 | AT39: 5.7453305 | AU39: 3.3233107 | AV39: 2.157107 | AW39: 3.5890268 | AX39: 3.3171782 | AY39: 3.8783124 | AZ39: 4.8357794 | BA39: 6.3509863 | BB39: 2.7531725 | BC39: 1.8409653 | BD39: 4.1303007 | BE39: 3.3338003 | BF39: 1.4347266 | BG39: 0.10378991 | BH39: -0.45676665 | BI39: -0.056665722
A40: Switzerland | B40: CHE | C40: Inflation, consumer prices (annual %) | D40: FP.CPI.TOTL.ZG | E40: 1.4385172 | F40: 1.8453707 | G40: 4.3156157 | H40: 3.4397193 | I40: 3.0813136 | J40: 3.4145167 | K40: 4.776131 | L40: 4.0214775 | M40: 2.4123512 | N40: 2.4890075 | O40: 3.616027 | P40: 6.5730129 | Q40: 6.6601915 | R40: 8.755041 | S40: 9.7667464 | T40: 6.6964529 | U40: 1.7158615 | V40: 1.2852696 | W40: 1.0558144 | X40: 3.6476427 | Y40: 4.0220254 | Z40: 6.4902186 | AA40: 5.6552122 | AB40: 2.9676871 | AC40: 2.9112082 | AD40: 3.4299859 | AE40: 0.74074074 | AF40: 1.4479638 | AG40: 1.8844781 | AH40: 3.1629638 | AI40: 5.3787397 | AJ40: 5.8793919 | AK40: 4.0410764 | AL40: 3.2717967 | AM40: 0.85840708 | AN40: 1.798719 | AO40: 0.81882434 | AP40: 0.52150124 | AQ40: 0.017009696 | AR40: 0.82482993 | AS40: 1.5433921 | AT40: 0.9890204 | AU40: 0.64269925 | AV40: 0.63834928 | AW40: 0.80290308 | AX40: 1.1719717 | AY40: 1.0587776 | AZ40: 0.73263642 | BA40: 2.426637 | BB40: -0.48057991 | BC40: 0.69851011 | BD40: 0.23134621 | BE40: -0.69254462 | BF40: -0.21731966 | BG40: -0.013186044 | BH40: -1.1439151 | BI40: -0.43463256
A41: Channel Islands | B41: CHI | C41: Inflation, consumer prices (annual %) | D41: FP.CPI.TOTL.ZG
A42: Chile | B42: CHL | C42: Inflation, consumer prices (annual %) | D42: FP.CPI.TOTL.ZG | E42: 11.56389 | F42: 7.6842032 | G42: 13.905479 | H42: 44.23747 | I42: 45.980171 | J42: 28.844258 | K42: 22.870538 | L42: 18.141168 | M42: 26.630985 | N42: 30.649273 | O42: 32.511575 | P42: 20.058939 | Q42: 77.805037 | R42: 352.82798 | S42: 504.73389 | T42: 374.73535 | U42: 211.92437 | V42: 91.954141 | W42: 40.08722 | X42: 33.389211 | Y42: 35.138344 | Z42: 19.686838 | AA42: 9.9410205 | AB42: 27.257197 | AC42: 19.860208 | AD42: 30.703493 | AE42: 19.476867 | AF42: 19.880808 | AG42: 14.684359 | AH42: 17.027941 | AI42: 26.036478 | AJ42: 21.78442 | AK42: 15.425803 | AL42: 12.727761 | AM42: 11.443124 | AN42: 8.2326335 | AO42: 7.3591147 | AP42: 6.1338665 | AQ42: 5.1102441 | AR42: 3.3368829 | AS42: 3.8432735 | AT42: 3.5691011 | AU42: 2.4893983 | AV42: 2.8101773 | AW42: 1.0547393 | AX42: 3.0525739 | AY42: 3.392019 | AZ42: 4.4077979 | BA42: 8.7162685 | BB42: 0.071761556 | BC42: 1.4099648 | BD42: 3.340318 | BE42: 3.0065204 | BF42: 1.7917107 | BG42: 4.395 | BH42: 4.3488673 | BI42: 3.7866618
A43: China | B43: CHN | C43: Inflation, consumer prices (annual %) | D43: FP.CPI.TOTL.ZG | AF43: 7.2199858 | AG43: 18.736427 | AH43: 18.333044 | AI43: 3.0583107 | AJ43: 3.5435753 | AK43: 6.3403449 | AL43: 14.583266 | AM43: 24.237088 | AN43: 16.897064 | AO43: 8.3240151 | AP43: 2.8068432 | AQ43: -0.84462616 | AR43: -1.4078915 | AS43: 0.25530478 | AT43: 0.72290251 | AU43: -0.76594929 | AV43: 1.1559097 | AW43: 3.8841826 | AX43: 1.8216478 | AY43: 1.463189 | AZ43: 4.7502966 | BA43: 5.8643837 | BB43: -0.70294914 | BC43: 3.3145459 | BD43: 5.4108501 | BE43: 2.6249209 | BF43: 2.6271186 | BG43: 1.9968471 | BH43: 1.4425554 | BI43: 2.0075562
A44: Cote d'Ivoire | B44: CIV | C44: Inflation, consumer prices (annual %) | D44: FP.CPI.TOTL.ZG | F44: 11.616492 | G44: -1.3412489 | H44: 0.94346631 | I44: 0.61819252 | J44: 2.6111761 | K44: 4.191318 | L44: 2.291852 | M44: 5.3504548 | N44: 4.4502285 | O44: 8.2051905 | P44: -0.44374544 | Q44: 0.3103137 | R44: 11.102987 | S44: 17.359388 | T44: 11.444224 | U44: 12.07664 | V44: 27.421862 | W44: 13.242987 | X44: 16.342357 | Y44: 14.700981 | Z44: 8.7992108 | AA44: 7.5831259 | AB44: 5.6404284 | AC44: 4.2847611 | AD44: 1.8638033 | AE44: 9.6829547 | AF44: 6.9433063 | AG44: 6.9306862 | AH44: 1.0495182 | AI44: -0.8058797 | AJ44: 1.6833485 | AK44: 4.2313838 | AL44: 2.1647145 | AM44: 26.081572 | AN44: 14.295069 | AO44: 2.4808067 | AP44: 4.0208333 | AQ44: 4.6114476 | AR44: 0.70237581 | AS44: 2.5307752 | AT44: 4.3615291 | AU44: 3.0772649 | AV44: 3.2968075 | AW44: 1.4579884 | AX44: 3.8858304 | AY44: 2.4671915 | AZ44: 1.8920063 | BA44: 6.3085277 | BB44: 1.0195046 | BC44: 1.2264561 | BD44: 4.912434 | BE44: 1.3045112 | BF44: 2.5811704 | BG44: 0.45303046 | BH44: 1.2374433 | BI44: 0.72618759
A45: Cameroon | B45: CMR | C45: Inflation, consumer prices (annual %) | D45: FP.CPI.TOTL.ZG | N45: -1.1015912 | O45: 5.8580858 | P45: 4.0140296 | Q45: 8.0929187 | R45: 10.384749 | S45: 17.232933 | T45: 13.553329 | U45: 9.9306506 | V45: 14.698309 | W45: 12.463052 | X45: 6.5806108 | Y45: 9.5517543 | Z45: 10.7275 | AA45: 13.25702 | AB45: 16.631226 | AC45: 11.373322 | AD45: 8.5083743 | AE45: 7.770025 | AF45: 13.1405 | AG45: 1.6823326 | AH45: -1.6655259 | AI45: 1.0993813 | AJ45: 0.060051331 | AK45: -0.016055046 | AL45: -3.2065546 | AM45: 35.094462 | AN45: 9.0696907 | AO45: 3.9240637 | AP45: 4.7862388 | AQ45: 3.1707519 | AR45: 1.871745 | AS45: 1.2271901 | AT45: 4.4197725 | AU45: 2.8344226 | AV45: 0.62316356 | AW45: 0.23364738 | AX45: 2.0135395 | AY45: 5.1175782 | AZ45: 0.92140225 | BA45: 5.3378063 | BB45: 3.0436185 | BC45: 1.2753805 | BD45: 2.9396995 | BE45: 2.94251 | BF45: 1.9451453 | BG45: 1.9479483 | BH45: 2.6859828
A46: Congo, Dem. Rep. | B46: COD | C46: Inflation, consumer prices (annual %) | D46: FP.CPI.TOTL.ZG | I46: 35.421065 | J46: -2.7269803 | K46: 15.780101 | L46: 36.926525 | M46: 53.321673 | N46: 6.1761957 | O46: 8.025284 | P46: 5.7773498 | Q46: 15.804215 | R46: 15.642762 | S46: 29.469281 | T46: 28.65797 | U46: 80.385959 | V46: 68.947708 | W46: 48.769038 | X46: 101.05126 | Y46: 46.625907 | Z46: 35.408265 | AA46: 36.699698 | AB46: 76.526698 | AC46: 52.227011 | AD46: 23.820785 | AE46: 44.4 | AF46: 78.67036 | AG46: 71.091731 | AH46: 104.06523 | AI46: 81.295405 | AJ46: 2154.4368 | AK46: 4129.1699 | AL46: 1986.9048 | AM46: 23773.132 | AN46: 541.90888 | AO46: 492.44185 | AP46: 198.51671 | AQ46: 29.148807 | AR46: 284.89498 | AS46: 513.90684 | AT46: 359.93661 | AU46: 31.522583 | AV46: 12.873966 | AW46: 3.994384 | AX46: 21.316817 | AY46: 13.052695 | AZ46: 16.945101 | BA46: 17.301385 | BB46: 2.8 | BC46: 7.1 | BD46: 15.316516 | BE46: 9.7218281 | BF46: 1.6329254
A47: Congo, Rep. | B47: COG | C47: Inflation, consumer prices (annual %) | D47: FP.CPI.TOTL.ZG | AE47: 4.1581109 | AF47: 0.44356826 | AG47: 1.030422 | AH47: -1.7969888 | AI47: 2.8890537 | AJ47: -1.6783497 | AK47: -3.9354681 | AL47: 4.9236641 | AM47: 42.439675 | AN47: 9.4180074 | AO47: 10.03112 | AR47: 4.1426714 | AS47: -0.88199152 | AT47: 0.055989922 | AU47: 4.3787597 | AV47: -0.63184499 | AW47: 2.4297661 | AX47: 3.0944901 | AY47: 6.537844 | AZ47: 2.6564132 | BA47: 7.3342454 | BB47: 7.4544531 | BC47: 0.42556066 | BD47: 0.76007264 | BE47: 6.0947931 | BF47: 6.0089348 | BG47: 0.077160494 | BH47: 4.5140361
A48: Colombia | B48: COL | C48: Inflation, consumer prices (annual %) | D48: FP.CPI.TOTL.ZG | E48: 5.8140763 | F48: 8.2831905 | G48: 4.697094 | H48: 26.355436 | I48: 17.072435 | J48: 7.5906837 | K48: 16.728168 | L48: 8.3281914 | M48: 7.4475388 | N48: 6.9816631 | O48: 6.9086228 | P48: 11.509997 | Q48: 13.639919 | R48: 21.219948 | S48: 24.582212 | T48: 23.166574 | U48: 20.117425 | V48: 33.713502 | W48: 17.390994 | X48: 24.486934 | Y48: 26.53353 | Z48: 27.504237 | AA48: 24.561459 | AB48: 19.730808 | AC48: 16.155349 | AD48: 24.045699 | AE48: 18.872325 | AF48: 23.300626 | AG48: 28.108766 | AH48: 25.866257 | AI48: 29.145471 | AJ48: 30.373816 | AK48: 27.022596 | AL48: 22.438413 | AM48: 22.84786 | AN48: 20.893466 | AO48: 20.798008 | AP48: 18.468128 | AQ48: 18.676202 | AR48: 10.874744 | AS48: 9.2211334 | AT48: 7.968468 | AU48: 6.3501253 | AV48: 7.1311863 | AW48: 5.9046782 | AX48: 5.0481162 | AY48: 4.2963334 | AZ48: 5.5437539 | BA48: 6.9969908 | BB48: 4.2029331 | BC48: 2.2782202 | BD48: 3.4116161 | BE48: 3.1769344 | BF48: 2.0227749 | BG48: 2.8778103 | BH48: 5.0050307 | BI48: 7.5174528
A49: Comoros | B49: COM | C49: Inflation, consumer prices (annual %) | D49: FP.CPI.TOTL.ZG | AT49: 5.5545939 | AU49: 3.5330421 | AV49: 3.7990814 | AW49: 4.4749929 | AX49: 3.013324 | AY49: 3.3743636 | AZ49: 4.4661671 | BA49: 1.7007818 | BB49: 4.3623483 | BC49: 3.3547577 | BD49: 1.7713638 | BE49: 1.7689071 | BF49: 2.297303 | BG49: 0.5787475 | BH49: -8.1151693
A50: Cabo Verde | B50: CPV | C50: Inflation, consumer prices (annual %) | D50: FP.CPI.TOTL.ZG | AC50: 11.25 | AD50: 5.3932584 | AE50: 10.8742 | AF50: 3.8461538 | AG50: 4.0740741 | AH50: 4.5551601 | AI50: 10.653506 | AJ50: 9.5509074 | AK50: 3.1166643 | AL50: 5.7883959 | AM50: 3.4520583 | AN50: 8.351525 | AO50: 5.9636196 | AP50: 8.5560626 | AQ50: 4.3942351 | AR50: 4.3564337 | AS50: -2.4774567 | AT50: 3.3499647 | AU50: 1.8845341 | AV50: 1.1881704 | AW50: -1.8908217 | AX50: 0.41889161 | AY50: 5.3690769 | AZ50: 4.410997 | BA50: 6.7827681 | BB50: 0.98322279 | BC50: 2.0786647 | BD50: 4.4738834 | BE50: 2.543294 | BF50: 1.5121538 | BG50: -0.24363079 | BH50: 0.13257972
A51: Costa Rica | B51: CRI | C51: Inflation, consumer prices (annual %) | D51: FP.CPI.TOTL.ZG | E51: 0.79020582 | F51: 2.4307939 | G51: 2.6778597 | H51: 2.9316185 | I51: 3.3240332 | J51: -0.665 | K51: 0.18288284 | L51: 1.2083403 | M51: 4.0938914 | N51: 2.6293408 | O51: 4.6522975 | P51: 3.0830484 | Q51: 4.6011257 | R51: 15.214034 | S51: 30.073629 | T51: 17.369202 | U51: 3.4858333 | V51: 4.1744844 | W51: 6.0146714 | X51: 9.1835098 | Y51: 18.12639 | Z51: 37.057201 | AA51: 90.122713 | AB51: 32.620562 | AC51: 11.950661 | AD51: 15.051759 | AE51: 11.836751 | AF51: 16.846653 | AG51: 20.826323 | AH51: 16.509954 | AI51: 19.04418 | AJ51: 28.709321 | AK51: 21.788254 | AL51: 9.7814464 | AM51: 13.534245 | AN51: 23.189237 | AO51: 17.522495 | AP51: 13.23147 | AQ51: 11.666093 | AR51: 10.045884 | AS51: 10.992524 | AT51: 11.226976 | AU51: 9.1648158 | AV51: 9.4475648 | AW51: 12.315031 | AX51: 13.797975 | AY51: 11.470531 | AZ51: 9.3573314 | BA51: 13.423356 | BB51: 7.8438258 | BC51: 5.6602307 | BD51: 4.8830125 | BE51: 4.5040677 | BF51: 5.2242859 | BG51: 4.5153127 | BH51: 0.79668498 | BI51: -0.0041863775
A52: Caribbean small states | B52: CSS | C52: Inflation, consumer prices (annual %) | D52: FP.CPI.TOTL.ZG | L52: 3.2071791 | M52: 5.369919 | N52: 5.8352319 | O52: 7.2842164 | P52: 4.6149718 | Q52: 6.8308113 | R52: 13.440601 | S52: 27.158189 | T52: 17.177604 | U52: 9.9315957 | V52: 9.7311328 | W52: 9.4823826 | X52: 14.782239 | Y52: 17.470304 | Z52: 12.739718 | AA52: 6.8390325 | AB52: 4.9960968 | AC52: 3.6887445 | AD52: 3.9151053 | AE52: 2.1902583 | AF52: 4.0245804 | AG52: 4 | AH52: 5.3876582 | AI52: 4.2675566 | AJ52: 5.5570615 | AK52: 5.4718256 | AL52: 2.7228977 | AM52: 2.569343 | AN52: 2.923208 | AO52: 2.236363 | AP52: 2.995984 | AQ52: 2.698603 | AR52: 2.6213952 | AS52: 2.435813 | AT52: 2.6274131 | AU52: 2.1735779 | AV52: 2.2354366 | AW52: 2.3941098 | AX52: 3.7334292 | AY52: 4.2560493 | AZ52: 4.0342298 | BA52: 8.0322558 | BB52: 0.42153913 | BC52: 3.2503441 | BD52: 3.4567497 | BE52: 2.5984441 | BF52: 1.1069855 | BG52: 1.2013996 | BH52: -0.78633888
A53: Cuba | B53: CUB | C53: Inflation, consumer prices (annual %) | D53: FP.CPI.TOTL.ZG
A54: Curacao | B54: CUW | C54: Inflation, consumer prices (annual %) | D54: FP.CPI.TOTL.ZG
A55: Cayman Islands | B55: CYM | C55: Inflation, consumer prices (annual %) | D55: FP.CPI.TOTL.ZG
A56: Cyprus | B56: CYP | C56: Inflation, consumer prices (annual %) | D56: FP.CPI.TOTL.ZG | E56: 0.82730093 | F56: -0.61538462 | G56: 0.10319917 | H56: 1.9587629 | I56: -0.3033367 | J56: 0.20283976 | K56: 0.50607287 | L56: 0.70493454 | M56: 3.7666667 | N56: 2.385159 | O56: 2.4001883 | P56: 4.1440061 | Q56: 4.8323036 | R56: 7.8088823 | S56: 16.176667 | T56: 4.6394858 | U56: 3.8543897 | V56: 7.3264605 | W56: 7.4362833 | X56: 9.4637083 | Y56: 13.517561 | Z56: 10.744694 | AA56: 6.4327973 | AB56: 5.0497142 | AC56: 5.9919511 | AD56: 5.0344537 | AE56: 1.2183693 | AF56: 2.7916667 | AG56: 3.4292663 | AH56: 3.7654805 | AI56: 4.5020546 | AJ56: 5.0352744 | AK56: 6.5102195 | AL56: 4.8541667 | AM56: 4.6985893 | AN56: 2.6158179 | AO56: 2.9789249 | AP56: 3.6053444 | AQ56: 2.2277073 | AR56: 1.63 | AS56: 4.1416576 | AT56: 1.9770564 | AU56: 2.8011551 | AV56: 4.1390654 | AW56: 2.2862171 | AX56: 2.558452 | AY56: 2.4958749 | AZ56: 2.3724927 | BA56: 4.6691711 | BB56: 0.37407998 | BC56: 2.3812584 | BD56: 3.2894494 | BE56: 2.389769 | BF56: -0.40005306 | BG56: -1.3549889 | BH56: -2.0969977 | BI56: -1.4291667
